Workbook

Sheet Graph Data
A1: PCO# | B1: Status | C1: Reason Code | D1: Bid Package # | E1: CO# | F1: Description | G1: Amount | H1: Change Days | K1: Adjusted Contract Sum | L1: Work Previously Completed | M1: Work Completed & Stored This Period | Q1: Pay App 1 | R1: Pay App 2 | S1: Pay App 3 | T1: Pay App 4 | U1: Pay App 5 | V1: Pay App 6 | W1: Pay App 7 | X1: Pay App 8 | Y1: Pay App 9 | Z1: Pay App 10 | AA1: Pay App 11 | AB1: Pay App 12 | AC1: Pay App 13 | AD1: Pay App 14 | AE1: Pay App 15 | AF1: Pay App 16 | AG1: Pay App 17 | AH1: Pay App 18 | AI1: Pay App 19 | AJ1: Pay App 20 | AK1: Pay App 21 | AL1: Pay App 22 | AM1: Pay App 23 | AN1: Pay App 24 | AO1: Pay App 25 | AP1: Pay App 26 | AQ1: Pay App 27 | AR1: Pay App 28 | AS1: Pay App 29 | AT1: Pay App 30 | AU1: Pay App 31 | AV1: Pay App 32 | AW1: Pay App 33 | AX1: Pay App 34 | AY1: Pay App 35 | AZ1: Pay App 36 | BA1: Pay App 37 | BB1: Pay App 38 | BC1: Pay App 39 | BD1: Pay App 40 | BE1: Pay App 41 | BF1: Pay App 42 | BG1: Pay App 43 | BH1: Pay App 44 | BI1: Pay App 45 | BJ1: Pay App 46 | BK1: Pay App 47 | BL1: Pay App 48 | BM1: Pay App 49 | BN1: Pay App 50 | BO1: Pay App 51 | BP1: Pay App 52 | BQ1: Pay App 53 | BR1: Pay App 54 | BS1: Pay App 55 | BT1: Pay App 56 | BU1: Pay App 57 | BV1: Pay App 58 | BW1: Pay App 59 | BX1: Pay App 60
A2: PCO 1 | B2: ='PCO Log'!E7 -> 0 | C2: ='PCO Log'!E4 -> 0 | D2: {=INDEX('PCO Log'!$E$5:$SJ$5, 1, ROWS('Graph Data'!$D$2:D2))} -> 0 | E2: ='PCO Log'!E8 -> 0 | F2: ='PCO Log'!E3 -> 0 | G2: ='PCO Log'!E10 -> 0 | H2: ='PCO Log'!E6 -> 0 | J2: Pay App 1 | K2: ='Pay App 1'!H33 -> 0 | L2: 0 | M2: ='Pay App 1'!H149 -> 0 | O2: ='Pay App 1'!B57 -> 00 01 00 | P2: ='Pay App 1'!C57 -> Design Fee (if design build) | Q2: =SUMIFS('PCO Log'!$E12:$SJ12,'PCO Log'!$E$9:$SJ$9,'Graph Data'!Q$1,'PCO Log'!$E$7:$SJ$7,"Approved") -> 0 | R2: =SUMIFS('PCO Log'!$E12:$SJ12,'PCO Log'!$E$9:$SJ$9,'Graph Data'!R$1,'PCO Log'!$E$7:$SJ$7,"Approved") -> 0 | S2: =SUMIFS('PCO Log'!$E12:$SJ12,'PCO Log'!$E$9:$SJ$9,'Graph Data'!S$1,'PCO Log'!$E$7:$SJ$7,"Approved") -> 0 | T2: =SUMIFS('PCO Log'!$E12:$SJ12,'PCO Log'!$E$9:$SJ$9,'Graph Data'!T$1,'PCO Log'!$E$7:$SJ$7,"Approved") -> 0 | U2: =SUMIFS('PCO Log'!$E12:$SJ12,'PCO Log'!$E$9:$SJ$9,'Graph Data'!U$1,'PCO Log'!$E$7:$SJ$7,"Approved") -> 0 | V2: =SUMIFS('PCO Log'!$E12:$SJ12,'PCO Log'!$E$9:$SJ$9,'Graph Data'!V$1,'PCO Log'!$E$7:$SJ$7,"Approved") -> 0 | W2: =SUMIFS('PCO Log'!$E12:$SJ12,'PCO Log'!$E$9:$SJ$9,'Graph Data'!W$1,'PCO Log'!$E$7:$SJ$7,"Approved") -> 0 | X2: =SUMIFS('PCO Log'!$E12:$SJ12,'PCO Log'!$E$9:$SJ$9,'Graph Data'!X$1,'PCO Log'!$E$7:$SJ$7,"Approved") -> 0 | ... BX2: =SUMIFS('PCO Log'!$E12:$SJ12,'PCO Log'!$E$9:$SJ$9,'Graph Data'!BX$1,'PCO Log'!$E$7:$SJ$7,"Approved") -> 0
A3: PCO 2 | B3: ='PCO Log'!F7 -> 0 | C3: ='PCO Log'!F4 -> 0 | D3: {=INDEX('PCO Log'!$E$5:$SJ$5, 1, ROWS('Graph Data'!$D$2:D3))} -> 0 | E3: ='PCO Log'!F8 -> 0 | F3: ='PCO Log'!F3 -> 0 | G3: ='PCO Log'!F10 -> 0 | H3: ='PCO Log'!F6 -> 0 | J3: Pay App 2 | K3: ='Pay App 2'!H33 -> 0 | L3: =IF(M3>0,'Pay App 2'!$G$149,0) -> 0 | M3: ='Pay App 2'!H149 -> 0 | O3: ='Pay App 1'!B58 -> 00 02 00 | P3: ='Pay App 1'!C58 -> Preconstruction Services | Q3: =SUMIFS('PCO Log'!$E13:$SJ13,'PCO Log'!$E$9:$SJ$9,'Graph Data'!Q$1,'PCO Log'!$E$7:$SJ$7,"Approved") -> 0 | R3: =SUMIFS('PCO Log'!$E13:$SJ13,'PCO Log'!$E$9:$SJ$9,'Graph Data'!R$1,'PCO Log'!$E$7:$SJ$7,"Approved") -> 0 | S3: =SUMIFS('PCO Log'!$E13:$SJ13,'PCO Log'!$E$9:$SJ$9,'Graph Data'!S$1,'PCO Log'!$E$7:$SJ$7,"Approved") -> 0 | T3: =SUMIFS('PCO Log'!$E13:$SJ13,'PCO Log'!$E$9:$SJ$9,'Graph Data'!T$1,'PCO Log'!$E$7:$SJ$7,"Approved") -> 0 | U3: =SUMIFS('PCO Log'!$E13:$SJ13,'PCO Log'!$E$9:$SJ$9,'Graph Data'!U$1,'PCO Log'!$E$7:$SJ$7,"Approved") -> 0 | V3: =SUMIFS('PCO Log'!$E13:$SJ13,'PCO Log'!$E$9:$SJ$9,'Graph Data'!V$1,'PCO Log'!$E$7:$SJ$7,"Approved") -> 0 | W3: =SUMIFS('PCO Log'!$E13:$SJ13,'PCO Log'!$E$9:$SJ$9,'Graph Data'!W$1,'PCO Log'!$E$7:$SJ$7,"Approved") -> 0 | X3: =SUMIFS('PCO Log'!$E13:$SJ13,'PCO Log'!$E$9:$SJ$9,'Graph Data'!X$1,'PCO Log'!$E$7:$SJ$7,"Approved") -> 0 | ... BX3: =SUMIFS('PCO Log'!$E13:$SJ13,'PCO Log'!$E$9:$SJ$9,'Graph Data'!BX$1,'PCO Log'!$E$7:$SJ$7,"Approved") -> 0
A4: PCO 3 | B4: ='PCO Log'!G7 -> 0 | C4: ='PCO Log'!G4 -> 0 | D4: {=INDEX('PCO Log'!$E$5:$SJ$5, 1, ROWS('Graph Data'!$D$2:D4))} -> 0 | E4: ='PCO Log'!G8 -> 0 | F4: ='PCO Log'!G3 -> 0 | G4: ='PCO Log'!G10 -> 0 | H4: ='PCO Log'!G6 -> 0 | J4: Pay App 3 | K4: ='Pay App 3'!H33 -> 0 | L4: =IF(M4>0,'Pay App 3'!$G$149,0) -> 0 | M4: ='Pay App 3'!H149 -> 0 | O4: ='Pay App 1'!B59 -> 01 00 00 | P4: ='Pay App 1'!C59 -> General Conditions/Requirements | Q4: =SUMIFS('PCO Log'!$E14:$SJ14,'PCO Log'!$E$9:$SJ$9,'Graph Data'!Q$1,'PCO Log'!$E$7:$SJ$7,"Approved") -> 0 | R4: =SUMIFS('PCO Log'!$E14:$SJ14,'PCO Log'!$E$9:$SJ$9,'Graph Data'!R$1,'PCO Log'!$E$7:$SJ$7,"Approved") -> 0 | S4: =SUMIFS('PCO Log'!$E14:$SJ14,'PCO Log'!$E$9:$SJ$9,'Graph Data'!S$1,'PCO Log'!$E$7:$SJ$7,"Approved") -> 0 | T4: =SUMIFS('PCO Log'!$E14:$SJ14,'PCO Log'!$E$9:$SJ$9,'Graph Data'!T$1,'PCO Log'!$E$7:$SJ$7,"Approved") -> 0 | U4: =SUMIFS('PCO Log'!$E14:$SJ14,'PCO Log'!$E$9:$SJ$9,'Graph Data'!U$1,'PCO Log'!$E$7:$SJ$7,"Approved") -> 0 | V4: =SUMIFS('PCO Log'!$E14:$SJ14,'PCO Log'!$E$9:$SJ$9,'Graph Data'!V$1,'PCO Log'!$E$7:$SJ$7,"Approved") -> 0 | W4: =SUMIFS('PCO Log'!$E14:$SJ14,'PCO Log'!$E$9:$SJ$9,'Graph Data'!W$1,'PCO Log'!$E$7:$SJ$7,"Approved") -> 0 | X4: =SUMIFS('PCO Log'!$E14:$SJ14,'PCO Log'!$E$9:$SJ$9,'Graph Data'!X$1,'PCO Log'!$E$7:$SJ$7,"Approved") -> 0 | ... BX4: =SUMIFS('PCO Log'!$E14:$SJ14,'PCO Log'!$E$9:$SJ$9,'Graph Data'!BX$1,'PCO Log'!$E$7:$SJ$7,"Approved") -> 0
A5: PCO 4 | B5: ='PCO Log'!H7 -> 0 | C5: ='PCO Log'!H4 -> 0 | D5: {=INDEX('PCO Log'!$E$5:$SJ$5, 1, ROWS('Graph Data'!$D$2:D5))} -> 0 | E5: ='PCO Log'!H8 -> 0 | F5: ='PCO Log'!H3 -> 0 | G5: ='PCO Log'!H10 -> 0 | H5: ='PCO Log'!H6 -> 0 | J5: Pay App 4 | K5: ='Pay App 4'!H33 -> 0 | L5: =IF(M5>0,'Pay App 4'!$G$149,0) -> 0 | M5: ='Pay App 4'!H149 -> 0 | O5: ='Pay App 1'!B60 -> 01 13 41 | P5: ='Pay App 1'!C60 -> Temp. Scaffolding and Platforms | Q5: =SUMIFS('PCO Log'!$E15:$SJ15,'PCO Log'!$E$9:$SJ$9,'Graph Data'!Q$1,'PCO Log'!$E$7:$SJ$7,"Approved") -> 0 | R5: =SUMIFS('PCO Log'!$E15:$SJ15,'PCO Log'!$E$9:$SJ$9,'Graph Data'!R$1,'PCO Log'!$E$7:$SJ$7,"Approved") -> 0 | S5: =SUMIFS('PCO Log'!$E15:$SJ15,'PCO Log'!$E$9:$SJ$9,'Graph Data'!S$1,'PCO Log'!$E$7:$SJ$7,"Approved") -> 0 | T5: =SUMIFS('PCO Log'!$E15:$SJ15,'PCO Log'!$E$9:$SJ$9,'Graph Data'!T$1,'PCO Log'!$E$7:$SJ$7,"Approved") -> 0 | U5: =SUMIFS('PCO Log'!$E15:$SJ15,'PCO Log'!$E$9:$SJ$9,'Graph Data'!U$1,'PCO Log'!$E$7:$SJ$7,"Approved") -> 0 | V5: =SUMIFS('PCO Log'!$E15:$SJ15,'PCO Log'!$E$9:$SJ$9,'Graph Data'!V$1,'PCO Log'!$E$7:$SJ$7,"Approved") -> 0 | W5: =SUMIFS('PCO Log'!$E15:$SJ15,'PCO Log'!$E$9:$SJ$9,'Graph Data'!W$1,'PCO Log'!$E$7:$SJ$7,"Approved") -> 0 | X5: =SUMIFS('PCO Log'!$E15:$SJ15,'PCO Log'!$E$9:$SJ$9,'Graph Data'!X$1,'PCO Log'!$E$7:$SJ$7,"Approved") -> 0 | ... BX5: =SUMIFS('PCO Log'!$E15:$SJ15,'PCO Log'!$E$9:$SJ$9,'Graph Data'!BX$1,'PCO Log'!$E$7:$SJ$7,"Approved") -> 0
A6: PCO 5 | B6: ='PCO Log'!I7 -> 0 | C6: ='PCO Log'!I4 -> 0 | D6: {=INDEX('PCO Log'!$E$5:$SJ$5, 1, ROWS('Graph Data'!$D$2:D6))} -> 0 | E6: ='PCO Log'!I8 -> 0 | F6: ='PCO Log'!I3 -> 0 | G6: ='PCO Log'!I10 -> 0 | H6: ='PCO Log'!I6 -> 0 | J6: Pay App 5 | K6: ='Pay App 5'!H33 -> 0 | L6: =IF(M6>0,'Pay App 5'!$G$149,0) -> 0 | M6: ='Pay App 5'!H149 -> 0 | O6: ='Pay App 1'!B61 -> 01 13 60 | P6: ='Pay App 1'!C61 -> SWPPP | Q6: =SUMIFS('PCO Log'!$E16:$SJ16,'PCO Log'!$E$9:$SJ$9,'Graph Data'!Q$1,'PCO Log'!$E$7:$SJ$7,"Approved") -> 0 | R6: =SUMIFS('PCO Log'!$E16:$SJ16,'PCO Log'!$E$9:$SJ$9,'Graph Data'!R$1,'PCO Log'!$E$7:$SJ$7,"Approved") -> 0 | S6: =SUMIFS('PCO Log'!$E16:$SJ16,'PCO Log'!$E$9:$SJ$9,'Graph Data'!S$1,'PCO Log'!$E$7:$SJ$7,"Approved") -> 0 | T6: =SUMIFS('PCO Log'!$E16:$SJ16,'PCO Log'!$E$9:$SJ$9,'Graph Data'!T$1,'PCO Log'!$E$7:$SJ$7,"Approved") -> 0 | U6: =SUMIFS('PCO Log'!$E16:$SJ16,'PCO Log'!$E$9:$SJ$9,'Graph Data'!U$1,'PCO Log'!$E$7:$SJ$7,"Approved") -> 0 | V6: =SUMIFS('PCO Log'!$E16:$SJ16,'PCO Log'!$E$9:$SJ$9,'Graph Data'!V$1,'PCO Log'!$E$7:$SJ$7,"Approved") -> 0 | W6: =SUMIFS('PCO Log'!$E16:$SJ16,'PCO Log'!$E$9:$SJ$9,'Graph Data'!W$1,'PCO Log'!$E$7:$SJ$7,"Approved") -> 0 | X6: =SUMIFS('PCO Log'!$E16:$SJ16,'PCO Log'!$E$9:$SJ$9,'Graph Data'!X$1,'PCO Log'!$E$7:$SJ$7,"Approved") -> 0 | ... BX6: =SUMIFS('PCO Log'!$E16:$SJ16,'PCO Log'!$E$9:$SJ$9,'Graph Data'!BX$1,'PCO Log'!$E$7:$SJ$7,"Approved") -> 0
A7: PCO 6 | B7: ='PCO Log'!J7 -> 0 | C7: ='PCO Log'!J4 -> 0 | D7: {=INDEX('PCO Log'!$E$5:$SJ$5, 1, ROWS('Graph Data'!$D$2:D7))} -> 0 | E7: ='PCO Log'!J8 -> 0 | F7: ='PCO Log'!J3 -> 0 | G7: ='PCO Log'!J10 -> 0 | H7: ='PCO Log'!J6 -> 0 | J7: Pay App 6 | K7: ='Pay App 6'!H33 -> 0 | L7: =IF(M7>0,'Pay App 6'!$G$149,0) -> 0 | M7: ='Pay App 6'!H149 -> 0 | O7: ='Pay App 1'!B62 -> 01 19 70 | P7: ='Pay App 1'!C62 -> Construction Cranes and Hoists | Q7: =SUMIFS('PCO Log'!$E17:$SJ17,'PCO Log'!$E$9:$SJ$9,'Graph Data'!Q$1,'PCO Log'!$E$7:$SJ$7,"Approved") -> 0 | R7: =SUMIFS('PCO Log'!$E17:$SJ17,'PCO Log'!$E$9:$SJ$9,'Graph Data'!R$1,'PCO Log'!$E$7:$SJ$7,"Approved") -> 0 | S7: =SUMIFS('PCO Log'!$E17:$SJ17,'PCO Log'!$E$9:$SJ$9,'Graph Data'!S$1,'PCO Log'!$E$7:$SJ$7,"Approved") -> 0 | T7: =SUMIFS('PCO Log'!$E17:$SJ17,'PCO Log'!$E$9:$SJ$9,'Graph Data'!T$1,'PCO Log'!$E$7:$SJ$7,"Approved") -> 0 | U7: =SUMIFS('PCO Log'!$E17:$SJ17,'PCO Log'!$E$9:$SJ$9,'Graph Data'!U$1,'PCO Log'!$E$7:$SJ$7,"Approved") -> 0 | V7: =SUMIFS('PCO Log'!$E17:$SJ17,'PCO Log'!$E$9:$SJ$9,'Graph Data'!V$1,'PCO Log'!$E$7:$SJ$7,"Approved") -> 0 | W7: =SUMIFS('PCO Log'!$E17:$SJ17,'PCO Log'!$E$9:$SJ$9,'Graph Data'!W$1,'PCO Log'!$E$7:$SJ$7,"Approved") -> 0 | X7: =SUMIFS('PCO Log'!$E17:$SJ17,'PCO Log'!$E$9:$SJ$9,'Graph Data'!X$1,'PCO Log'!$E$7:$SJ$7,"Approved") -> 0 | ... BX7: =SUMIFS('PCO Log'!$E17:$SJ17,'PCO Log'!$E$9:$SJ$9,'Graph Data'!BX$1,'PCO Log'!$E$7:$SJ$7,"Approved") -> 0
A8: PCO 7 | B8: ='PCO Log'!K7 -> 0 | C8: ='PCO Log'!K4 -> 0 | D8: {=INDEX('PCO Log'!$E$5:$SJ$5, 1, ROWS('Graph Data'!$D$2:D8))} -> 0 | E8: ='PCO Log'!K8 -> 0 | F8: ='PCO Log'!K3 -> 0 | G8: ='PCO Log'!K10 -> 0 | H8: ='PCO Log'!K6 -> 0 | J8: Pay App 7 | K8: ='Pay App 7'!H33 -> 0 | L8: =IF(M8>0,'Pay App 7'!$G$149,0) -> 0 | M8: ='Pay App 7'!H149 -> 0 | O8: ='Pay App 1'!B63 -> 01 31 00 | P8: ='Pay App 1'!C63 -> Contractor's Supervision | Q8: =SUMIFS('PCO Log'!$E18:$SJ18,'PCO Log'!$E$9:$SJ$9,'Graph Data'!Q$1,'PCO Log'!$E$7:$SJ$7,"Approved") -> 0 | R8: =SUMIFS('PCO Log'!$E18:$SJ18,'PCO Log'!$E$9:$SJ$9,'Graph Data'!R$1,'PCO Log'!$E$7:$SJ$7,"Approved") -> 0 | S8: =SUMIFS('PCO Log'!$E18:$SJ18,'PCO Log'!$E$9:$SJ$9,'Graph Data'!S$1,'PCO Log'!$E$7:$SJ$7,"Approved") -> 0 | T8: =SUMIFS('PCO Log'!$E18:$SJ18,'PCO Log'!$E$9:$SJ$9,'Graph Data'!T$1,'PCO Log'!$E$7:$SJ$7,"Approved") -> 0 | U8: =SUMIFS('PCO Log'!$E18:$SJ18,'PCO Log'!$E$9:$SJ$9,'Graph Data'!U$1,'PCO Log'!$E$7:$SJ$7,"Approved") -> 0 | V8: =SUMIFS('PCO Log'!$E18:$SJ18,'PCO Log'!$E$9:$SJ$9,'Graph Data'!V$1,'PCO Log'!$E$7:$SJ$7,"Approved") -> 0 | W8: =SUMIFS('PCO Log'!$E18:$SJ18,'PCO Log'!$E$9:$SJ$9,'Graph Data'!W$1,'PCO Log'!$E$7:$SJ$7,"Approved") -> 0 | X8: =SUMIFS('PCO Log'!$E18:$SJ18,'PCO Log'!$E$9:$SJ$9,'Graph Data'!X$1,'PCO Log'!$E$7:$SJ$7,"Approved") -> 0 | ... BX8: =SUMIFS('PCO Log'!$E18:$SJ18,'PCO Log'!$E$9:$SJ$9,'Graph Data'!BX$1,'PCO Log'!$E$7:$SJ$7,"Approved") -> 0
A9: PCO 8 | B9: ='PCO Log'!L7 -> 0 | C9: ='PCO Log'!L4 -> 0 | D9: {=INDEX('PCO Log'!$E$5:$SJ$5, 1, ROWS('Graph Data'!$D$2:D9))} -> 0 | E9: ='PCO Log'!L8 -> 0 | F9: ='PCO Log'!L3 -> 0 | G9: ='PCO Log'!L10 -> 0 | H9: ='PCO Log'!L6 -> 0 | J9: Pay App 8 | K9: ='Pay App 8'!H33 -> 0 | L9: =IF(M9>0,'Pay App 8'!$G$149,0) -> 0 | M9: ='Pay App 8'!H149 -> 0 | O9: ='Pay App 1'!B64 -> 01 32 00 | P9: ='Pay App 1'!C64 -> General Liability Insurance | Q9: =SUMIFS('PCO Log'!$E19:$SJ19,'PCO Log'!$E$9:$SJ$9,'Graph Data'!Q$1,'PCO Log'!$E$7:$SJ$7,"Approved") -> 0 | R9: =SUMIFS('PCO Log'!$E19:$SJ19,'PCO Log'!$E$9:$SJ$9,'Graph Data'!R$1,'PCO Log'!$E$7:$SJ$7,"Approved") -> 0 | S9: =SUMIFS('PCO Log'!$E19:$SJ19,'PCO Log'!$E$9:$SJ$9,'Graph Data'!S$1,'PCO Log'!$E$7:$SJ$7,"Approved") -> 0 | T9: =SUMIFS('PCO Log'!$E19:$SJ19,'PCO Log'!$E$9:$SJ$9,'Graph Data'!T$1,'PCO Log'!$E$7:$SJ$7,"Approved") -> 0 | U9: =SUMIFS('PCO Log'!$E19:$SJ19,'PCO Log'!$E$9:$SJ$9,'Graph Data'!U$1,'PCO Log'!$E$7:$SJ$7,"Approved") -> 0 | V9: =SUMIFS('PCO Log'!$E19:$SJ19,'PCO Log'!$E$9:$SJ$9,'Graph Data'!V$1,'PCO Log'!$E$7:$SJ$7,"Approved") -> 0 | W9: =SUMIFS('PCO Log'!$E19:$SJ19,'PCO Log'!$E$9:$SJ$9,'Graph Data'!W$1,'PCO Log'!$E$7:$SJ$7,"Approved") -> 0 | X9: =SUMIFS('PCO Log'!$E19:$SJ19,'PCO Log'!$E$9:$SJ$9,'Graph Data'!X$1,'PCO Log'!$E$7:$SJ$7,"Approved") -> 0 | ... BX9: =SUMIFS('PCO Log'!$E19:$SJ19,'PCO Log'!$E$9:$SJ$9,'Graph Data'!BX$1,'PCO Log'!$E$7:$SJ$7,"Approved") -> 0
A10: PCO 9 | B10: ='PCO Log'!M7 -> 0 | C10: ='PCO Log'!M4 -> 0 | D10: {=INDEX('PCO Log'!$E$5:$SJ$5, 1, ROWS('Graph Data'!$D$2:D10))} -> 0 | E10: ='PCO Log'!M8 -> 0 | F10: ='PCO Log'!M3 -> 0 | G10: ='PCO Log'!M10 -> 0 | H10: ='PCO Log'!M6 -> 0 | J10: Pay App 9 | K10: ='Pay App 9'!H33 -> 0 | L10: =IF(M10>0,'Pay App 9'!$G$149,0) -> 0 | M10: ='Pay App 9'!H149 -> 0 | O10: ='Pay App 1'!B65 -> 01 33 00 | P10: ='Pay App 1'!C65 -> Performance & Payment Bond | Q10: =SUMIFS('PCO Log'!$E20:$SJ20,'PCO Log'!$E$9:$SJ$9,'Graph Data'!Q$1,'PCO Log'!$E$7:$SJ$7,"Approved") -> 0 | R10: =SUMIFS('PCO Log'!$E20:$SJ20,'PCO Log'!$E$9:$SJ$9,'Graph Data'!R$1,'PCO Log'!$E$7:$SJ$7,"Approved") -> 0 | S10: =SUMIFS('PCO Log'!$E20:$SJ20,'PCO Log'!$E$9:$SJ$9,'Graph Data'!S$1,'PCO Log'!$E$7:$SJ$7,"Approved") -> 0 | T10: =SUMIFS('PCO Log'!$E20:$SJ20,'PCO Log'!$E$9:$SJ$9,'Graph Data'!T$1,'PCO Log'!$E$7:$SJ$7,"Approved") -> 0 | U10: =SUMIFS('PCO Log'!$E20:$SJ20,'PCO Log'!$E$9:$SJ$9,'Graph Data'!U$1,'PCO Log'!$E$7:$SJ$7,"Approved") -> 0 | V10: =SUMIFS('PCO Log'!$E20:$SJ20,'PCO Log'!$E$9:$SJ$9,'Graph Data'!V$1,'PCO Log'!$E$7:$SJ$7,"Approved") -> 0 | W10: =SUMIFS('PCO Log'!$E20:$SJ20,'PCO Log'!$E$9:$SJ$9,'Graph Data'!W$1,'PCO Log'!$E$7:$SJ$7,"Approved") -> 0 | X10: =SUMIFS('PCO Log'!$E20:$SJ20,'PCO Log'!$E$9:$SJ$9,'Graph Data'!X$1,'PCO Log'!$E$7:$SJ$7,"Approved") -> 0 | ... BX10: =SUMIFS('PCO Log'!$E20:$SJ20,'PCO Log'!$E$9:$SJ$9,'Graph Data'!BX$1,'PCO Log'!$E$7:$SJ$7,"Approved") -> 0
A11: PCO 10 | B11: ='PCO Log'!N7 -> 0 | C11: ='PCO Log'!N4 -> 0 | D11: {=INDEX('PCO Log'!$E$5:$SJ$5, 1, ROWS('Graph Data'!$D$2:D11))} -> 0 | E11: ='PCO Log'!N8 -> 0 | F11: ='PCO Log'!N3 -> 0 | G11: ='PCO Log'!N10 -> 0 | H11: ='PCO Log'!N6 -> 0 | J11: Pay App 10 | K11: ='Pay App 10'!H33 -> 0 | L11: =IF(M11>0,'Pay App 10'!$G$149,0) -> 0 | M11: ='Pay App 10'!H149 -> 0 | O11: ='Pay App 1'!B66 -> 01 34 00 | P11: ='Pay App 1'!C66 -> Subcontractor Default Insurance | Q11: =SUMIFS('PCO Log'!$E21:$SJ21,'PCO Log'!$E$9:$SJ$9,'Graph Data'!Q$1,'PCO Log'!$E$7:$SJ$7,"Approved") -> 0 | R11: =SUMIFS('PCO Log'!$E21:$SJ21,'PCO Log'!$E$9:$SJ$9,'Graph Data'!R$1,'PCO Log'!$E$7:$SJ$7,"Approved") -> 0 | S11: =SUMIFS('PCO Log'!$E21:$SJ21,'PCO Log'!$E$9:$SJ$9,'Graph Data'!S$1,'PCO Log'!$E$7:$SJ$7,"Approved") -> 0 | T11: =SUMIFS('PCO Log'!$E21:$SJ21,'PCO Log'!$E$9:$SJ$9,'Graph Data'!T$1,'PCO Log'!$E$7:$SJ$7,"Approved") -> 0 | U11: =SUMIFS('PCO Log'!$E21:$SJ21,'PCO Log'!$E$9:$SJ$9,'Graph Data'!U$1,'PCO Log'!$E$7:$SJ$7,"Approved") -> 0 | V11: =SUMIFS('PCO Log'!$E21:$SJ21,'PCO Log'!$E$9:$SJ$9,'Graph Data'!V$1,'PCO Log'!$E$7:$SJ$7,"Approved") -> 0 | W11: =SUMIFS('PCO Log'!$E21:$SJ21,'PCO Log'!$E$9:$SJ$9,'Graph Data'!W$1,'PCO Log'!$E$7:$SJ$7,"Approved") -> 0 | X11: =SUMIFS('PCO Log'!$E21:$SJ21,'PCO Log'!$E$9:$SJ$9,'Graph Data'!X$1,'PCO Log'!$E$7:$SJ$7,"Approved") -> 0 | ... BX11: =SUMIFS('PCO Log'!$E21:$SJ21,'PCO Log'!$E$9:$SJ$9,'Graph Data'!BX$1,'PCO Log'!$E$7:$SJ$7,"Approved") -> 0
A12: PCO 11 | B12: ='PCO Log'!O7 -> 0 | C12: ='PCO Log'!O4 -> 0 | D12: {=INDEX('PCO Log'!$E$5:$SJ$5, 1, ROWS('Graph Data'!$D$2:D12))} -> 0 | E12: ='PCO Log'!O8 -> 0 | F12: ='PCO Log'!O3 -> 0 | G12: ='PCO Log'!O10 -> 0 | H12: ='PCO Log'!O6 -> 0 | J12: Pay App 11 | K12: ='Pay App 11'!H33 -> 0 | L12: =IF(M12>0,'Pay App 11'!$G$149,0) -> 0 | M12: ='Pay App 11'!H149 -> 0 | O12: ='Pay App 1'!B67 -> 01 35 00 | P12: ='Pay App 1'!C67 -> Construction Management Fee | Q12: =SUMIFS('PCO Log'!$E22:$SJ22,'PCO Log'!$E$9:$SJ$9,'Graph Data'!Q$1,'PCO Log'!$E$7:$SJ$7,"Approved") -> 0 | R12: =SUMIFS('PCO Log'!$E22:$SJ22,'PCO Log'!$E$9:$SJ$9,'Graph Data'!R$1,'PCO Log'!$E$7:$SJ$7,"Approved") -> 0 | S12: =SUMIFS('PCO Log'!$E22:$SJ22,'PCO Log'!$E$9:$SJ$9,'Graph Data'!S$1,'PCO Log'!$E$7:$SJ$7,"Approved") -> 0 | T12: =SUMIFS('PCO Log'!$E22:$SJ22,'PCO Log'!$E$9:$SJ$9,'Graph Data'!T$1,'PCO Log'!$E$7:$SJ$7,"Approved") -> 0 | U12: =SUMIFS('PCO Log'!$E22:$SJ22,'PCO Log'!$E$9:$SJ$9,'Graph Data'!U$1,'PCO Log'!$E$7:$SJ$7,"Approved") -> 0 | V12: =SUMIFS('PCO Log'!$E22:$SJ22,'PCO Log'!$E$9:$SJ$9,'Graph Data'!V$1,'PCO Log'!$E$7:$SJ$7,"Approved") -> 0 | W12: =SUMIFS('PCO Log'!$E22:$SJ22,'PCO Log'!$E$9:$SJ$9,'Graph Data'!W$1,'PCO Log'!$E$7:$SJ$7,"Approved") -> 0 | X12: =SUMIFS('PCO Log'!$E22:$SJ22,'PCO Log'!$E$9:$SJ$9,'Graph Data'!X$1,'PCO Log'!$E$7:$SJ$7,"Approved") -> 0 | ... BX12: =SUMIFS('PCO Log'!$E22:$SJ22,'PCO Log'!$E$9:$SJ$9,'Graph Data'!BX$1,'PCO Log'!$E$7:$SJ$7,"Approved") -> 0
A13: PCO 12 | B13: ='PCO Log'!P7 -> 0 | C13: ='PCO Log'!P4 -> 0 | D13: {=INDEX('PCO Log'!$E$5:$SJ$5, 1, ROWS('Graph Data'!$D$2:D13))} -> 0 | E13: ='PCO Log'!P8 -> 0 | F13: ='PCO Log'!P3 -> 0 | G13: ='PCO Log'!P10 -> 0 | H13: ='PCO Log'!P6 -> 0 | J13: Pay App 12 | K13: ='Pay App 12'!H33 -> 0 | L13: =IF(M13>0,'Pay App 12'!$G$149,0) -> 0 | M13: ='Pay App 12'!H149 -> 0 | O13: ='Pay App 1'!B68 -> 01 36 00 | P13: ='Pay App 1'!C68 -> Contingency | Q13: =SUMIFS('PCO Log'!$E23:$SJ23,'PCO Log'!$E$9:$SJ$9,'Graph Data'!Q$1,'PCO Log'!$E$7:$SJ$7,"Approved") -> 0 | R13: =SUMIFS('PCO Log'!$E23:$SJ23,'PCO Log'!$E$9:$SJ$9,'Graph Data'!R$1,'PCO Log'!$E$7:$SJ$7,"Approved") -> 0 | S13: =SUMIFS('PCO Log'!$E23:$SJ23,'PCO Log'!$E$9:$SJ$9,'Graph Data'!S$1,'PCO Log'!$E$7:$SJ$7,"Approved") -> 0 | T13: =SUMIFS('PCO Log'!$E23:$SJ23,'PCO Log'!$E$9:$SJ$9,'Graph Data'!T$1,'PCO Log'!$E$7:$SJ$7,"Approved") -> 0 | U13: =SUMIFS('PCO Log'!$E23:$SJ23,'PCO Log'!$E$9:$SJ$9,'Graph Data'!U$1,'PCO Log'!$E$7:$SJ$7,"Approved") -> 0 | V13: =SUMIFS('PCO Log'!$E23:$SJ23,'PCO Log'!$E$9:$SJ$9,'Graph Data'!V$1,'PCO Log'!$E$7:$SJ$7,"Approved") -> 0 | W13: =SUMIFS('PCO Log'!$E23:$SJ23,'PCO Log'!$E$9:$SJ$9,'Graph Data'!W$1,'PCO Log'!$E$7:$SJ$7,"Approved") -> 0 | X13: =SUMIFS('PCO Log'!$E23:$SJ23,'PCO Log'!$E$9:$SJ$9,'Graph Data'!X$1,'PCO Log'!$E$7:$SJ$7,"Approved") -> 0 | ... BX13: =SUMIFS('PCO Log'!$E23:$SJ23,'PCO Log'!$E$9:$SJ$9,'Graph Data'!BX$1,'PCO Log'!$E$7:$SJ$7,"Approved") -> 0
A14: PCO 13 | B14: ='PCO Log'!Q7 -> 0 | C14: ='PCO Log'!Q4 -> 0 | D14: {=INDEX('PCO Log'!$E$5:$SJ$5, 1, ROWS('Graph Data'!$D$2:D14))} -> 0 | E14: ='PCO Log'!Q8 -> 0 | F14: ='PCO Log'!Q3 -> 0 | G14: ='PCO Log'!Q10 -> 0 | H14: ='PCO Log'!Q6 -> 0 | J14: Pay App 13 | K14: ='Pay App 13'!H33 -> 0 | L14: =IF(M14>0,'Pay App 13'!$G$149,0) -> 0 | M14: ='Pay App 13'!H149 -> 0 | O14: ='Pay App 1'!B69 -> 01 37 00 | P14: ='Pay App 1'!C69 -> Weather Allowance (All Trades) | Q14: =SUMIFS('PCO Log'!$E24:$SJ24,'PCO Log'!$E$9:$SJ$9,'Graph Data'!Q$1,'PCO Log'!$E$7:$SJ$7,"Approved") -> 0 | R14: =SUMIFS('PCO Log'!$E24:$SJ24,'PCO Log'!$E$9:$SJ$9,'Graph Data'!R$1,'PCO Log'!$E$7:$SJ$7,"Approved") -> 0 | S14: =SUMIFS('PCO Log'!$E24:$SJ24,'PCO Log'!$E$9:$SJ$9,'Graph Data'!S$1,'PCO Log'!$E$7:$SJ$7,"Approved") -> 0 | T14: =SUMIFS('PCO Log'!$E24:$SJ24,'PCO Log'!$E$9:$SJ$9,'Graph Data'!T$1,'PCO Log'!$E$7:$SJ$7,"Approved") -> 0 | U14: =SUMIFS('PCO Log'!$E24:$SJ24,'PCO Log'!$E$9:$SJ$9,'Graph Data'!U$1,'PCO Log'!$E$7:$SJ$7,"Approved") -> 0 | V14: =SUMIFS('PCO Log'!$E24:$SJ24,'PCO Log'!$E$9:$SJ$9,'Graph Data'!V$1,'PCO Log'!$E$7:$SJ$7,"Approved") -> 0 | W14: =SUMIFS('PCO Log'!$E24:$SJ24,'PCO Log'!$E$9:$SJ$9,'Graph Data'!W$1,'PCO Log'!$E$7:$SJ$7,"Approved") -> 0 | X14: =SUMIFS('PCO Log'!$E24:$SJ24,'PCO Log'!$E$9:$SJ$9,'Graph Data'!X$1,'PCO Log'!$E$7:$SJ$7,"Approved") -> 0 | ... BX14: =SUMIFS('PCO Log'!$E24:$SJ24,'PCO Log'!$E$9:$SJ$9,'Graph Data'!BX$1,'PCO Log'!$E$7:$SJ$7,"Approved") -> 0
A15: PCO 14 | B15: ='PCO Log'!R7 -> 0 | C15: ='PCO Log'!R4 -> 0 | D15: {=INDEX('PCO Log'!$E$5:$SJ$5, 1, ROWS('Graph Data'!$D$2:D15))} -> 0 | E15: ='PCO Log'!R8 -> 0 | F15: ='PCO Log'!R3 -> 0 | G15: ='PCO Log'!R10 -> 0 | H15: ='PCO Log'!R6 -> 0 | J15: Pay App 14 | K15: ='Pay App 14'!H33 -> 0 | L15: =IF(M15>0,'Pay App 14'!$G$149,0) -> 0 | M15: ='Pay App 14'!H149 -> 0 | O15: ='Pay App 1'!B70 -> 01 74 23 | P15: ='Pay App 1'!C70 -> Cleaning (Final) | Q15: =SUMIFS('PCO Log'!$E25:$SJ25,'PCO Log'!$E$9:$SJ$9,'Graph Data'!Q$1,'PCO Log'!$E$7:$SJ$7,"Approved") -> 0 | R15: =SUMIFS('PCO Log'!$E25:$SJ25,'PCO Log'!$E$9:$SJ$9,'Graph Data'!R$1,'PCO Log'!$E$7:$SJ$7,"Approved") -> 0 | S15: =SUMIFS('PCO Log'!$E25:$SJ25,'PCO Log'!$E$9:$SJ$9,'Graph Data'!S$1,'PCO Log'!$E$7:$SJ$7,"Approved") -> 0 | T15: =SUMIFS('PCO Log'!$E25:$SJ25,'PCO Log'!$E$9:$SJ$9,'Graph Data'!T$1,'PCO Log'!$E$7:$SJ$7,"Approved") -> 0 | U15: =SUMIFS('PCO Log'!$E25:$SJ25,'PCO Log'!$E$9:$SJ$9,'Graph Data'!U$1,'PCO Log'!$E$7:$SJ$7,"Approved") -> 0 | V15: =SUMIFS('PCO Log'!$E25:$SJ25,'PCO Log'!$E$9:$SJ$9,'Graph Data'!V$1,'PCO Log'!$E$7:$SJ$7,"Approved") -> 0 | W15: =SUMIFS('PCO Log'!$E25:$SJ25,'PCO Log'!$E$9:$SJ$9,'Graph Data'!W$1,'PCO Log'!$E$7:$SJ$7,"Approved") -> 0 | X15: =SUMIFS('PCO Log'!$E25:$SJ25,'PCO Log'!$E$9:$SJ$9,'Graph Data'!X$1,'PCO Log'!$E$7:$SJ$7,"Approved") -> 0 | ... BX15: =SUMIFS('PCO Log'!$E25:$SJ25,'PCO Log'!$E$9:$SJ$9,'Graph Data'!BX$1,'PCO Log'!$E$7:$SJ$7,"Approved") -> 0
A16: PCO 15 | B16: ='PCO Log'!S7 -> 0 | C16: ='PCO Log'!S4 -> 0 | D16: {=INDEX('PCO Log'!$E$5:$SJ$5, 1, ROWS('Graph Data'!$D$2:D16))} -> 0 | E16: ='PCO Log'!S8 -> 0 | F16: ='PCO Log'!S3 -> 0 | G16: ='PCO Log'!S10 -> 0 | H16: ='PCO Log'!S6 -> 0 | J16: Pay App 15 | K16: ='Pay App 15'!H33 -> 0 | L16: =IF(M16>0,'Pay App 15'!$G$149,0) -> 0 | M16: ='Pay App 15'!H149 -> 0 | O16: ='Pay App 1'!B71 -> 02 21 00 | P16: ='Pay App 1'!C71 -> Survey/Engineering | Q16: =SUMIFS('PCO Log'!$E26:$SJ26,'PCO Log'!$E$9:$SJ$9,'Graph Data'!Q$1,'PCO Log'!$E$7:$SJ$7,"Approved") -> 0 | R16: =SUMIFS('PCO Log'!$E26:$SJ26,'PCO Log'!$E$9:$SJ$9,'Graph Data'!R$1,'PCO Log'!$E$7:$SJ$7,"Approved") -> 0 | S16: =SUMIFS('PCO Log'!$E26:$SJ26,'PCO Log'!$E$9:$SJ$9,'Graph Data'!S$1,'PCO Log'!$E$7:$SJ$7,"Approved") -> 0 | T16: =SUMIFS('PCO Log'!$E26:$SJ26,'PCO Log'!$E$9:$SJ$9,'Graph Data'!T$1,'PCO Log'!$E$7:$SJ$7,"Approved") -> 0 | U16: =SUMIFS('PCO Log'!$E26:$SJ26,'PCO Log'!$E$9:$SJ$9,'Graph Data'!U$1,'PCO Log'!$E$7:$SJ$7,"Approved") -> 0 | V16: =SUMIFS('PCO Log'!$E26:$SJ26,'PCO Log'!$E$9:$SJ$9,'Graph Data'!V$1,'PCO Log'!$E$7:$SJ$7,"Approved") -> 0 | W16: =SUMIFS('PCO Log'!$E26:$SJ26,'PCO Log'!$E$9:$SJ$9,'Graph Data'!W$1,'PCO Log'!$E$7:$SJ$7,"Approved") -> 0 | X16: =SUMIFS('PCO Log'!$E26:$SJ26,'PCO Log'!$E$9:$SJ$9,'Graph Data'!X$1,'PCO Log'!$E$7:$SJ$7,"Approved") -> 0 | ... BX16: =SUMIFS('PCO Log'!$E26:$SJ26,'PCO Log'!$E$9:$SJ$9,'Graph Data'!BX$1,'PCO Log'!$E$7:$SJ$7,"Approved") -> 0
A17: PCO 16 | B17: ='PCO Log'!T7 -> 0 | C17: ='PCO Log'!T4 -> 0 | D17: {=INDEX('PCO Log'!$E$5:$SJ$5, 1, ROWS('Graph Data'!$D$2:D17))} -> 0 | E17: ='PCO Log'!T8 -> 0 | F17: ='PCO Log'!T3 -> 0 | G17: ='PCO Log'!T10 -> 0 | H17: ='PCO Log'!T6 -> 0 | J17: Pay App 16 | K17: ='Pay App 16'!H33 -> 0 | L17: =IF(M17>0,'Pay App 16'!$G$149,0) -> 0 | M17: ='Pay App 16'!H149 -> 0 | O17: ='Pay App 1'!B72 -> 02 41 00 | P17: ='Pay App 1'!C72 -> Demolition | Q17: =SUMIFS('PCO Log'!$E27:$SJ27,'PCO Log'!$E$9:$SJ$9,'Graph Data'!Q$1,'PCO Log'!$E$7:$SJ$7,"Approved") -> 0 | R17: =SUMIFS('PCO Log'!$E27:$SJ27,'PCO Log'!$E$9:$SJ$9,'Graph Data'!R$1,'PCO Log'!$E$7:$SJ$7,"Approved") -> 0 | S17: =SUMIFS('PCO Log'!$E27:$SJ27,'PCO Log'!$E$9:$SJ$9,'Graph Data'!S$1,'PCO Log'!$E$7:$SJ$7,"Approved") -> 0 | T17: =SUMIFS('PCO Log'!$E27:$SJ27,'PCO Log'!$E$9:$SJ$9,'Graph Data'!T$1,'PCO Log'!$E$7:$SJ$7,"Approved") -> 0 | U17: =SUMIFS('PCO Log'!$E27:$SJ27,'PCO Log'!$E$9:$SJ$9,'Graph Data'!U$1,'PCO Log'!$E$7:$SJ$7,"Approved") -> 0 | V17: =SUMIFS('PCO Log'!$E27:$SJ27,'PCO Log'!$E$9:$SJ$9,'Graph Data'!V$1,'PCO Log'!$E$7:$SJ$7,"Approved") -> 0 | W17: =SUMIFS('PCO Log'!$E27:$SJ27,'PCO Log'!$E$9:$SJ$9,'Graph Data'!W$1,'PCO Log'!$E$7:$SJ$7,"Approved") -> 0 | X17: =SUMIFS('PCO Log'!$E27:$SJ27,'PCO Log'!$E$9:$SJ$9,'Graph Data'!X$1,'PCO Log'!$E$7:$SJ$7,"Approved") -> 0 | ... BX17: =SUMIFS('PCO Log'!$E27:$SJ27,'PCO Log'!$E$9:$SJ$9,'Graph Data'!BX$1,'PCO Log'!$E$7:$SJ$7,"Approved") -> 0
A18: PCO 17 | B18: ='PCO Log'!U7 -> 0 | C18: ='PCO Log'!U4 -> 0 | D18: {=INDEX('PCO Log'!$E$5:$SJ$5, 1, ROWS('Graph Data'!$D$2:D18))} -> 0 | E18: ='PCO Log'!U8 -> 0 | F18: ='PCO Log'!U3 -> 0 | G18: ='PCO Log'!U10 -> 0 | H18: ='PCO Log'!U6 -> 0 | J18: Pay App 17 | K18: ='Pay App 17'!H33 -> 0 | L18: =IF(M18>0,'Pay App 17'!$G$149,0) -> 0 | M18: ='Pay App 17'!H149 -> 0 | O18: ='Pay App 1'!B73 -> 02 82 00 | P18: ='Pay App 1'!C73 -> Asbestos Abatement | Q18: =SUMIFS('PCO Log'!$E28:$SJ28,'PCO Log'!$E$9:$SJ$9,'Graph Data'!Q$1,'PCO Log'!$E$7:$SJ$7,"Approved") -> 0 | R18: =SUMIFS('PCO Log'!$E28:$SJ28,'PCO Log'!$E$9:$SJ$9,'Graph Data'!R$1,'PCO Log'!$E$7:$SJ$7,"Approved") -> 0 | S18: =SUMIFS('PCO Log'!$E28:$SJ28,'PCO Log'!$E$9:$SJ$9,'Graph Data'!S$1,'PCO Log'!$E$7:$SJ$7,"Approved") -> 0 | T18: =SUMIFS('PCO Log'!$E28:$SJ28,'PCO Log'!$E$9:$SJ$9,'Graph Data'!T$1,'PCO Log'!$E$7:$SJ$7,"Approved") -> 0 | U18: =SUMIFS('PCO Log'!$E28:$SJ28,'PCO Log'!$E$9:$SJ$9,'Graph Data'!U$1,'PCO Log'!$E$7:$SJ$7,"Approved") -> 0 | V18: =SUMIFS('PCO Log'!$E28:$SJ28,'PCO Log'!$E$9:$SJ$9,'Graph Data'!V$1,'PCO Log'!$E$7:$SJ$7,"Approved") -> 0 | W18: =SUMIFS('PCO Log'!$E28:$SJ28,'PCO Log'!$E$9:$SJ$9,'Graph Data'!W$1,'PCO Log'!$E$7:$SJ$7,"Approved") -> 0 | X18: =SUMIFS('PCO Log'!$E28:$SJ28,'PCO Log'!$E$9:$SJ$9,'Graph Data'!X$1,'PCO Log'!$E$7:$SJ$7,"Approved") -> 0 | ... BX18: =SUMIFS('PCO Log'!$E28:$SJ28,'PCO Log'!$E$9:$SJ$9,'Graph Data'!BX$1,'PCO Log'!$E$7:$SJ$7,"Approved") -> 0
A19: PCO 18 | B19: ='PCO Log'!V7 -> 0 | C19: ='PCO Log'!V4 -> 0 | D19: {=INDEX('PCO Log'!$E$5:$SJ$5, 1, ROWS('Graph Data'!$D$2:D19))} -> 0 | E19: ='PCO Log'!V8 -> 0 | F19: ='PCO Log'!V3 -> 0 | G19: ='PCO Log'!V10 -> 0 | H19: ='PCO Log'!V6 -> 0 | J19: Pay App 18 | K19: ='Pay App 18'!H33 -> 0 | L19: =IF(M19>0,'Pay App 18'!$G$149,0) -> 0 | M19: ='Pay App 18'!H149 -> 0 | O19: ='Pay App 1'!B74 -> 03 00 00 | P19: ='Pay App 1'!C74 -> Building Concrete | Q19: =SUMIFS('PCO Log'!$E29:$SJ29,'PCO Log'!$E$9:$SJ$9,'Graph Data'!Q$1,'PCO Log'!$E$7:$SJ$7,"Approved") -> 0 | R19: =SUMIFS('PCO Log'!$E29:$SJ29,'PCO Log'!$E$9:$SJ$9,'Graph Data'!R$1,'PCO Log'!$E$7:$SJ$7,"Approved") -> 0 | S19: =SUMIFS('PCO Log'!$E29:$SJ29,'PCO Log'!$E$9:$SJ$9,'Graph Data'!S$1,'PCO Log'!$E$7:$SJ$7,"Approved") -> 0 | T19: =SUMIFS('PCO Log'!$E29:$SJ29,'PCO Log'!$E$9:$SJ$9,'Graph Data'!T$1,'PCO Log'!$E$7:$SJ$7,"Approved") -> 0 | U19: =SUMIFS('PCO Log'!$E29:$SJ29,'PCO Log'!$E$9:$SJ$9,'Graph Data'!U$1,'PCO Log'!$E$7:$SJ$7,"Approved") -> 0 | V19: =SUMIFS('PCO Log'!$E29:$SJ29,'PCO Log'!$E$9:$SJ$9,'Graph Data'!V$1,'PCO Log'!$E$7:$SJ$7,"Approved") -> 0 | W19: =SUMIFS('PCO Log'!$E29:$SJ29,'PCO Log'!$E$9:$SJ$9,'Graph Data'!W$1,'PCO Log'!$E$7:$SJ$7,"Approved") -> 0 | X19: =SUMIFS('PCO Log'!$E29:$SJ29,'PCO Log'!$E$9:$SJ$9,'Graph Data'!X$1,'PCO Log'!$E$7:$SJ$7,"Approved") -> 0 | ... BX19: =SUMIFS('PCO Log'!$E29:$SJ29,'PCO Log'!$E$9:$SJ$9,'Graph Data'!BX$1,'PCO Log'!$E$7:$SJ$7,"Approved") -> 0
A20: PCO 19 | B20: ='PCO Log'!W7 -> 0 | C20: ='PCO Log'!W4 -> 0 | D20: {=INDEX('PCO Log'!$E$5:$SJ$5, 1, ROWS('Graph Data'!$D$2:D20))} -> 0 | E20: ='PCO Log'!W8 -> 0 | F20: ='PCO Log'!W3 -> 0 | G20: ='PCO Log'!W10 -> 0 | H20: ='PCO Log'!W6 -> 0 | J20: Pay App 19 | K20: ='Pay App 19'!H33 -> 0 | L20: =IF(M20>0,'Pay App 19'!$G$149,0) -> 0 | M20: ='Pay App 19'!H149 -> 0 | O20: ='Pay App 1'!B75 -> 03 20 00 | P20: ='Pay App 1'!C75 -> Building Concrete Reinforcing | Q20: =SUMIFS('PCO Log'!$E30:$SJ30,'PCO Log'!$E$9:$SJ$9,'Graph Data'!Q$1,'PCO Log'!$E$7:$SJ$7,"Approved") -> 0 | R20: =SUMIFS('PCO Log'!$E30:$SJ30,'PCO Log'!$E$9:$SJ$9,'Graph Data'!R$1,'PCO Log'!$E$7:$SJ$7,"Approved") -> 0 | S20: =SUMIFS('PCO Log'!$E30:$SJ30,'PCO Log'!$E$9:$SJ$9,'Graph Data'!S$1,'PCO Log'!$E$7:$SJ$7,"Approved") -> 0 | T20: =SUMIFS('PCO Log'!$E30:$SJ30,'PCO Log'!$E$9:$SJ$9,'Graph Data'!T$1,'PCO Log'!$E$7:$SJ$7,"Approved") -> 0 | U20: =SUMIFS('PCO Log'!$E30:$SJ30,'PCO Log'!$E$9:$SJ$9,'Graph Data'!U$1,'PCO Log'!$E$7:$SJ$7,"Approved") -> 0 | V20: =SUMIFS('PCO Log'!$E30:$SJ30,'PCO Log'!$E$9:$SJ$9,'Graph Data'!V$1,'PCO Log'!$E$7:$SJ$7,"Approved") -> 0 | W20: =SUMIFS('PCO Log'!$E30:$SJ30,'PCO Log'!$E$9:$SJ$9,'Graph Data'!W$1,'PCO Log'!$E$7:$SJ$7,"Approved") -> 0 | X20: =SUMIFS('PCO Log'!$E30:$SJ30,'PCO Log'!$E$9:$SJ$9,'Graph Data'!X$1,'PCO Log'!$E$7:$SJ$7,"Approved") -> 0 | ... BX20: =SUMIFS('PCO Log'!$E30:$SJ30,'PCO Log'!$E$9:$SJ$9,'Graph Data'!BX$1,'PCO Log'!$E$7:$SJ$7,"Approved") -> 0
A21: PCO 20 | B21: ='PCO Log'!X7 -> 0 | C21: ='PCO Log'!X4 -> 0 | D21: {=INDEX('PCO Log'!$E$5:$SJ$5, 1, ROWS('Graph Data'!$D$2:D21))} -> 0 | E21: ='PCO Log'!X8 -> 0 | F21: ='PCO Log'!X3 -> 0 | G21: ='PCO Log'!X10 -> 0 | H21: ='PCO Log'!X6 -> 0 | J21: Pay App 20 | K21: ='Pay App 20'!H33 -> 0 | L21: =IF(M21>0,'Pay App 20'!$G$149,0) -> 0 | M21: ='Pay App 20'!H149 -> 0 | O21: ='Pay App 1'!B76 -> 03 40 00 | P21: ='Pay App 1'!C76 -> Precast | Q21: =SUMIFS('PCO Log'!$E31:$SJ31,'PCO Log'!$E$9:$SJ$9,'Graph Data'!Q$1,'PCO Log'!$E$7:$SJ$7,"Approved") -> 0 | R21: =SUMIFS('PCO Log'!$E31:$SJ31,'PCO Log'!$E$9:$SJ$9,'Graph Data'!R$1,'PCO Log'!$E$7:$SJ$7,"Approved") -> 0 | S21: =SUMIFS('PCO Log'!$E31:$SJ31,'PCO Log'!$E$9:$SJ$9,'Graph Data'!S$1,'PCO Log'!$E$7:$SJ$7,"Approved") -> 0 | T21: =SUMIFS('PCO Log'!$E31:$SJ31,'PCO Log'!$E$9:$SJ$9,'Graph Data'!T$1,'PCO Log'!$E$7:$SJ$7,"Approved") -> 0 | U21: =SUMIFS('PCO Log'!$E31:$SJ31,'PCO Log'!$E$9:$SJ$9,'Graph Data'!U$1,'PCO Log'!$E$7:$SJ$7,"Approved") -> 0 | V21: =SUMIFS('PCO Log'!$E31:$SJ31,'PCO Log'!$E$9:$SJ$9,'Graph Data'!V$1,'PCO Log'!$E$7:$SJ$7,"Approved") -> 0 | W21: =SUMIFS('PCO Log'!$E31:$SJ31,'PCO Log'!$E$9:$SJ$9,'Graph Data'!W$1,'PCO Log'!$E$7:$SJ$7,"Approved") -> 0 | X21: =SUMIFS('PCO Log'!$E31:$SJ31,'PCO Log'!$E$9:$SJ$9,'Graph Data'!X$1,'PCO Log'!$E$7:$SJ$7,"Approved") -> 0 | ... BX21: =SUMIFS('PCO Log'!$E31:$SJ31,'PCO Log'!$E$9:$SJ$9,'Graph Data'!BX$1,'PCO Log'!$E$7:$SJ$7,"Approved") -> 0
A22: PCO 21 | B22: ='PCO Log'!Y7 -> 0 | C22: ='PCO Log'!Y4 -> 0 | D22: {=INDEX('PCO Log'!$E$5:$SJ$5, 1, ROWS('Graph Data'!$D$2:D22))} -> 0 | E22: ='PCO Log'!Y8 -> 0 | F22: ='PCO Log'!Y3 -> 0 | G22: ='PCO Log'!Y10 -> 0 | H22: ='PCO Log'!Y6 -> 0 | J22: Pay App 21 | K22: ='Pay App 21'!H33 -> 0 | L22: =IF(M22>0,'Pay App 21'!$G$149,0) -> 0 | M22: ='Pay App 21'!H149 -> 0 | O22: ='Pay App 1'!B77 -> 04 00 00 | P22: ='Pay App 1'!C77 -> Masonry | Q22: =SUMIFS('PCO Log'!$E32:$SJ32,'PCO Log'!$E$9:$SJ$9,'Graph Data'!Q$1,'PCO Log'!$E$7:$SJ$7,"Approved") -> 0 | R22: =SUMIFS('PCO Log'!$E32:$SJ32,'PCO Log'!$E$9:$SJ$9,'Graph Data'!R$1,'PCO Log'!$E$7:$SJ$7,"Approved") -> 0 | S22: =SUMIFS('PCO Log'!$E32:$SJ32,'PCO Log'!$E$9:$SJ$9,'Graph Data'!S$1,'PCO Log'!$E$7:$SJ$7,"Approved") -> 0 | T22: =SUMIFS('PCO Log'!$E32:$SJ32,'PCO Log'!$E$9:$SJ$9,'Graph Data'!T$1,'PCO Log'!$E$7:$SJ$7,"Approved") -> 0 | U22: =SUMIFS('PCO Log'!$E32:$SJ32,'PCO Log'!$E$9:$SJ$9,'Graph Data'!U$1,'PCO Log'!$E$7:$SJ$7,"Approved") -> 0 | V22: =SUMIFS('PCO Log'!$E32:$SJ32,'PCO Log'!$E$9:$SJ$9,'Graph Data'!V$1,'PCO Log'!$E$7:$SJ$7,"Approved") -> 0 | W22: =SUMIFS('PCO Log'!$E32:$SJ32,'PCO Log'!$E$9:$SJ$9,'Graph Data'!W$1,'PCO Log'!$E$7:$SJ$7,"Approved") -> 0 | X22: =SUMIFS('PCO Log'!$E32:$SJ32,'PCO Log'!$E$9:$SJ$9,'Graph Data'!X$1,'PCO Log'!$E$7:$SJ$7,"Approved") -> 0 | ... BX22: =SUMIFS('PCO Log'!$E32:$SJ32,'PCO Log'!$E$9:$SJ$9,'Graph Data'!BX$1,'PCO Log'!$E$7:$SJ$7,"Approved") -> 0
A23: PCO 22 | B23: ='PCO Log'!Z7 -> 0 | C23: ='PCO Log'!Z4 -> 0 | D23: {=INDEX('PCO Log'!$E$5:$SJ$5, 1, ROWS('Graph Data'!$D$2:D23))} -> 0 | E23: ='PCO Log'!Z8 -> 0 | F23: ='PCO Log'!Z3 -> 0 | G23: ='PCO Log'!Z10 -> 0 | H23: ='PCO Log'!Z6 -> 0 | J23: Pay App 22 | K23: ='Pay App 22'!H33 -> 0 | L23: =IF(M23>0,'Pay App 22'!$G$149,0) -> 0 | M23: ='Pay App 22'!H149 -> 0 | O23: ='Pay App 1'!B78 -> 04 05 19 | P23: ='Pay App 1'!C78 -> Masonry Reinforcing | Q23: =SUMIFS('PCO Log'!$E33:$SJ33,'PCO Log'!$E$9:$SJ$9,'Graph Data'!Q$1,'PCO Log'!$E$7:$SJ$7,"Approved") -> 0 | R23: =SUMIFS('PCO Log'!$E33:$SJ33,'PCO Log'!$E$9:$SJ$9,'Graph Data'!R$1,'PCO Log'!$E$7:$SJ$7,"Approved") -> 0 | S23: =SUMIFS('PCO Log'!$E33:$SJ33,'PCO Log'!$E$9:$SJ$9,'Graph Data'!S$1,'PCO Log'!$E$7:$SJ$7,"Approved") -> 0 | T23: =SUMIFS('PCO Log'!$E33:$SJ33,'PCO Log'!$E$9:$SJ$9,'Graph Data'!T$1,'PCO Log'!$E$7:$SJ$7,"Approved") -> 0 | U23: =SUMIFS('PCO Log'!$E33:$SJ33,'PCO Log'!$E$9:$SJ$9,'Graph Data'!U$1,'PCO Log'!$E$7:$SJ$7,"Approved") -> 0 | V23: =SUMIFS('PCO Log'!$E33:$SJ33,'PCO Log'!$E$9:$SJ$9,'Graph Data'!V$1,'PCO Log'!$E$7:$SJ$7,"Approved") -> 0 | W23: =SUMIFS('PCO Log'!$E33:$SJ33,'PCO Log'!$E$9:$SJ$9,'Graph Data'!W$1,'PCO Log'!$E$7:$SJ$7,"Approved") -> 0 | X23: =SUMIFS('PCO Log'!$E33:$SJ33,'PCO Log'!$E$9:$SJ$9,'Graph Data'!X$1,'PCO Log'!$E$7:$SJ$7,"Approved") -> 0 | ... BX23: =SUMIFS('PCO Log'!$E33:$SJ33,'PCO Log'!$E$9:$SJ$9,'Graph Data'!BX$1,'PCO Log'!$E$7:$SJ$7,"Approved") -> 0
A24: PCO 23 | B24: ='PCO Log'!AA7 -> 0 | C24: ='PCO Log'!AA4 -> 0 | D24: {=INDEX('PCO Log'!$E$5:$SJ$5, 1, ROWS('Graph Data'!$D$2:D24))} -> 0 | E24: ='PCO Log'!AA8 -> 0 | F24: ='PCO Log'!AA3 -> 0 | G24: ='PCO Log'!AA10 -> 0 | H24: ='PCO Log'!AA6 -> 0 | J24: Pay App 23 | K24: ='Pay App 23'!H33 -> 0 | L24: =IF(M24>0,'Pay App 23'!$G$149,0) -> 0 | M24: ='Pay App 23'!H149 -> 0 | O24: ='Pay App 1'!B79 -> 05 10 00 | P24: ='Pay App 1'!C79 -> Structural Steel/Misc. Steel Fab | Q24: =SUMIFS('PCO Log'!$E34:$SJ34,'PCO Log'!$E$9:$SJ$9,'Graph Data'!Q$1,'PCO Log'!$E$7:$SJ$7,"Approved") -> 0 | R24: =SUMIFS('PCO Log'!$E34:$SJ34,'PCO Log'!$E$9:$SJ$9,'Graph Data'!R$1,'PCO Log'!$E$7:$SJ$7,"Approved") -> 0 | S24: =SUMIFS('PCO Log'!$E34:$SJ34,'PCO Log'!$E$9:$SJ$9,'Graph Data'!S$1,'PCO Log'!$E$7:$SJ$7,"Approved") -> 0 | T24: =SUMIFS('PCO Log'!$E34:$SJ34,'PCO Log'!$E$9:$SJ$9,'Graph Data'!T$1,'PCO Log'!$E$7:$SJ$7,"Approved") -> 0 | U24: =SUMIFS('PCO Log'!$E34:$SJ34,'PCO Log'!$E$9:$SJ$9,'Graph Data'!U$1,'PCO Log'!$E$7:$SJ$7,"Approved") -> 0 | V24: =SUMIFS('PCO Log'!$E34:$SJ34,'PCO Log'!$E$9:$SJ$9,'Graph Data'!V$1,'PCO Log'!$E$7:$SJ$7,"Approved") -> 0 | W24: =SUMIFS('PCO Log'!$E34:$SJ34,'PCO Log'!$E$9:$SJ$9,'Graph Data'!W$1,'PCO Log'!$E$7:$SJ$7,"Approved") -> 0 | X24: =SUMIFS('PCO Log'!$E34:$SJ34,'PCO Log'!$E$9:$SJ$9,'Graph Data'!X$1,'PCO Log'!$E$7:$SJ$7,"Approved") -> 0 | ... BX24: =SUMIFS('PCO Log'!$E34:$SJ34,'PCO Log'!$E$9:$SJ$9,'Graph Data'!BX$1,'PCO Log'!$E$7:$SJ$7,"Approved") -> 0
A25: PCO 24 | B25: ='PCO Log'!AB7 -> 0 | C25: ='PCO Log'!AB4 -> 0 | D25: {=INDEX('PCO Log'!$E$5:$SJ$5, 1, ROWS('Graph Data'!$D$2:D25))} -> 0 | E25: ='PCO Log'!AB8 -> 0 | F25: ='PCO Log'!AB3 -> 0 | G25: ='PCO Log'!AB10 -> 0 | H25: ='PCO Log'!AB6 -> 0 | J25: Pay App 24 | K25: ='Pay App 24'!H33 -> 0 | L25: =IF(M25>0,'Pay App 24'!$G$149,0) -> 0 | M25: ='Pay App 24'!H149 -> 0 | O25: ='Pay App 1'!B80 -> 05 20 00 | P25: ='Pay App 1'!C80 -> Joists & Deck | Q25: =SUMIFS('PCO Log'!$E35:$SJ35,'PCO Log'!$E$9:$SJ$9,'Graph Data'!Q$1,'PCO Log'!$E$7:$SJ$7,"Approved") -> 0 | R25: =SUMIFS('PCO Log'!$E35:$SJ35,'PCO Log'!$E$9:$SJ$9,'Graph Data'!R$1,'PCO Log'!$E$7:$SJ$7,"Approved") -> 0 | S25: =SUMIFS('PCO Log'!$E35:$SJ35,'PCO Log'!$E$9:$SJ$9,'Graph Data'!S$1,'PCO Log'!$E$7:$SJ$7,"Approved") -> 0 | T25: =SUMIFS('PCO Log'!$E35:$SJ35,'PCO Log'!$E$9:$SJ$9,'Graph Data'!T$1,'PCO Log'!$E$7:$SJ$7,"Approved") -> 0 | U25: =SUMIFS('PCO Log'!$E35:$SJ35,'PCO Log'!$E$9:$SJ$9,'Graph Data'!U$1,'PCO Log'!$E$7:$SJ$7,"Approved") -> 0 | V25: =SUMIFS('PCO Log'!$E35:$SJ35,'PCO Log'!$E$9:$SJ$9,'Graph Data'!V$1,'PCO Log'!$E$7:$SJ$7,"Approved") -> 0 | W25: =SUMIFS('PCO Log'!$E35:$SJ35,'PCO Log'!$E$9:$SJ$9,'Graph Data'!W$1,'PCO Log'!$E$7:$SJ$7,"Approved") -> 0 | X25: =SUMIFS('PCO Log'!$E35:$SJ35,'PCO Log'!$E$9:$SJ$9,'Graph Data'!X$1,'PCO Log'!$E$7:$SJ$7,"Approved") -> 0 | ... BX25: =SUMIFS('PCO Log'!$E35:$SJ35,'PCO Log'!$E$9:$SJ$9,'Graph Data'!BX$1,'PCO Log'!$E$7:$SJ$7,"Approved") -> 0
A26: PCO 25 | B26: ='PCO Log'!AC7 -> 0 | C26: ='PCO Log'!AC4 -> 0 | D26: {=INDEX('PCO Log'!$E$5:$SJ$5, 1, ROWS('Graph Data'!$D$2:D26))} -> 0 | E26: ='PCO Log'!AC8 -> 0 | F26: ='PCO Log'!AC3 -> 0 | G26: ='PCO Log'!AC10 -> 0 | H26: ='PCO Log'!AC6 -> 0 | J26: Pay App 25 | K26: ='Pay App 25'!H33 -> 0 | L26: =IF(M26>0,'Pay App 25'!$G$149,0) -> 0 | M26: ='Pay App 25'!H149 -> 0 | O26: ='Pay App 1'!B81 -> 05 70 00 | P26: ='Pay App 1'!C81 -> Ornamental Metal | Q26: =SUMIFS('PCO Log'!$E36:$SJ36,'PCO Log'!$E$9:$SJ$9,'Graph Data'!Q$1,'PCO Log'!$E$7:$SJ$7,"Approved") -> 0 | R26: =SUMIFS('PCO Log'!$E36:$SJ36,'PCO Log'!$E$9:$SJ$9,'Graph Data'!R$1,'PCO Log'!$E$7:$SJ$7,"Approved") -> 0 | S26: =SUMIFS('PCO Log'!$E36:$SJ36,'PCO Log'!$E$9:$SJ$9,'Graph Data'!S$1,'PCO Log'!$E$7:$SJ$7,"Approved") -> 0 | T26: =SUMIFS('PCO Log'!$E36:$SJ36,'PCO Log'!$E$9:$SJ$9,'Graph Data'!T$1,'PCO Log'!$E$7:$SJ$7,"Approved") -> 0 | U26: =SUMIFS('PCO Log'!$E36:$SJ36,'PCO Log'!$E$9:$SJ$9,'Graph Data'!U$1,'PCO Log'!$E$7:$SJ$7,"Approved") -> 0 | V26: =SUMIFS('PCO Log'!$E36:$SJ36,'PCO Log'!$E$9:$SJ$9,'Graph Data'!V$1,'PCO Log'!$E$7:$SJ$7,"Approved") -> 0 | W26: =SUMIFS('PCO Log'!$E36:$SJ36,'PCO Log'!$E$9:$SJ$9,'Graph Data'!W$1,'PCO Log'!$E$7:$SJ$7,"Approved") -> 0 | X26: =SUMIFS('PCO Log'!$E36:$SJ36,'PCO Log'!$E$9:$SJ$9,'Graph Data'!X$1,'PCO Log'!$E$7:$SJ$7,"Approved") -> 0 | ... BX26: =SUMIFS('PCO Log'!$E36:$SJ36,'PCO Log'!$E$9:$SJ$9,'Graph Data'!BX$1,'PCO Log'!$E$7:$SJ$7,"Approved") -> 0
A27: PCO 26 | B27: ='PCO Log'!AD7 -> 0 | C27: ='PCO Log'!AD4 -> 0 | D27: {=INDEX('PCO Log'!$E$5:$SJ$5, 1, ROWS('Graph Data'!$D$2:D27))} -> 0 | E27: ='PCO Log'!AD8 -> 0 | F27: ='PCO Log'!AD3 -> 0 | G27: ='PCO Log'!AD10 -> 0 | H27: ='PCO Log'!AD6 -> 0 | J27: Pay App 26 | K27: ='Pay App 26'!H33 -> 0 | L27: =IF(M27>0,'Pay App 26'!$G$149,0) -> 0 | M27: ='Pay App 26'!H149 -> 0 | O27: ='Pay App 1'!B82 -> 06 10 00 | P27: ='Pay App 1'!C82 -> Rough Carpentry | Q27: =SUMIFS('PCO Log'!$E37:$SJ37,'PCO Log'!$E$9:$SJ$9,'Graph Data'!Q$1,'PCO Log'!$E$7:$SJ$7,"Approved") -> 0 | R27: =SUMIFS('PCO Log'!$E37:$SJ37,'PCO Log'!$E$9:$SJ$9,'Graph Data'!R$1,'PCO Log'!$E$7:$SJ$7,"Approved") -> 0 | S27: =SUMIFS('PCO Log'!$E37:$SJ37,'PCO Log'!$E$9:$SJ$9,'Graph Data'!S$1,'PCO Log'!$E$7:$SJ$7,"Approved") -> 0 | T27: =SUMIFS('PCO Log'!$E37:$SJ37,'PCO Log'!$E$9:$SJ$9,'Graph Data'!T$1,'PCO Log'!$E$7:$SJ$7,"Approved") -> 0 | U27: =SUMIFS('PCO Log'!$E37:$SJ37,'PCO Log'!$E$9:$SJ$9,'Graph Data'!U$1,'PCO Log'!$E$7:$SJ$7,"Approved") -> 0 | V27: =SUMIFS('PCO Log'!$E37:$SJ37,'PCO Log'!$E$9:$SJ$9,'Graph Data'!V$1,'PCO Log'!$E$7:$SJ$7,"Approved") -> 0 | W27: =SUMIFS('PCO Log'!$E37:$SJ37,'PCO Log'!$E$9:$SJ$9,'Graph Data'!W$1,'PCO Log'!$E$7:$SJ$7,"Approved") -> 0 | X27: =SUMIFS('PCO Log'!$E37:$SJ37,'PCO Log'!$E$9:$SJ$9,'Graph Data'!X$1,'PCO Log'!$E$7:$SJ$7,"Approved") -> 0 | ... BX27: =SUMIFS('PCO Log'!$E37:$SJ37,'PCO Log'!$E$9:$SJ$9,'Graph Data'!BX$1,'PCO Log'!$E$7:$SJ$7,"Approved") -> 0
A28: PCO 27 | B28: ='PCO Log'!AE7 -> 0 | C28: ='PCO Log'!AE4 -> 0 | D28: {=INDEX('PCO Log'!$E$5:$SJ$5, 1, ROWS('Graph Data'!$D$2:D28))} -> 0 | E28: ='PCO Log'!AE8 -> 0 | F28: ='PCO Log'!AE3 -> 0 | G28: ='PCO Log'!AE10 -> 0 | H28: ='PCO Log'!AE6 -> 0 | J28: Pay App 27 | K28: ='Pay App 27'!H33 -> 0 | L28: =IF(M28>0,'Pay App 27'!$G$149,0) -> 0 | M28: ='Pay App 27'!H149 -> 0 | O28: ='Pay App 1'!B83 -> 06 40 00 | P28: ='Pay App 1'!C83 -> Arch. Woodwork & Finish Carp. | Q28: =SUMIFS('PCO Log'!$E38:$SJ38,'PCO Log'!$E$9:$SJ$9,'Graph Data'!Q$1,'PCO Log'!$E$7:$SJ$7,"Approved") -> 0 | R28: =SUMIFS('PCO Log'!$E38:$SJ38,'PCO Log'!$E$9:$SJ$9,'Graph Data'!R$1,'PCO Log'!$E$7:$SJ$7,"Approved") -> 0 | S28: =SUMIFS('PCO Log'!$E38:$SJ38,'PCO Log'!$E$9:$SJ$9,'Graph Data'!S$1,'PCO Log'!$E$7:$SJ$7,"Approved") -> 0 | T28: =SUMIFS('PCO Log'!$E38:$SJ38,'PCO Log'!$E$9:$SJ$9,'Graph Data'!T$1,'PCO Log'!$E$7:$SJ$7,"Approved") -> 0 | U28: =SUMIFS('PCO Log'!$E38:$SJ38,'PCO Log'!$E$9:$SJ$9,'Graph Data'!U$1,'PCO Log'!$E$7:$SJ$7,"Approved") -> 0 | V28: =SUMIFS('PCO Log'!$E38:$SJ38,'PCO Log'!$E$9:$SJ$9,'Graph Data'!V$1,'PCO Log'!$E$7:$SJ$7,"Approved") -> 0 | W28: =SUMIFS('PCO Log'!$E38:$SJ38,'PCO Log'!$E$9:$SJ$9,'Graph Data'!W$1,'PCO Log'!$E$7:$SJ$7,"Approved") -> 0 | X28: =SUMIFS('PCO Log'!$E38:$SJ38,'PCO Log'!$E$9:$SJ$9,'Graph Data'!X$1,'PCO Log'!$E$7:$SJ$7,"Approved") -> 0 | ... BX28: =SUMIFS('PCO Log'!$E38:$SJ38,'PCO Log'!$E$9:$SJ$9,'Graph Data'!BX$1,'PCO Log'!$E$7:$SJ$7,"Approved") -> 0
A29: PCO 28 | B29: ='PCO Log'!AF7 -> 0 | C29: ='PCO Log'!AF4 -> 0 | D29: {=INDEX('PCO Log'!$E$5:$SJ$5, 1, ROWS('Graph Data'!$D$2:D29))} -> 0 | E29: ='PCO Log'!AF8 -> 0 | F29: ='PCO Log'!AF3 -> 0 | G29: ='PCO Log'!AF10 -> 0 | H29: ='PCO Log'!AF6 -> 0 | J29: Pay App 28 | K29: ='Pay App 28'!H33 -> 0 | L29: =IF(M29>0,'Pay App 28'!$G$149,0) -> 0 | M29: ='Pay App 28'!H149 -> 0 | O29: ='Pay App 1'!B84 -> 07 10 00 | P29: ='Pay App 1'!C84 -> Waterproofing/Water Repellents | Q29: =SUMIFS('PCO Log'!$E39:$SJ39,'PCO Log'!$E$9:$SJ$9,'Graph Data'!Q$1,'PCO Log'!$E$7:$SJ$7,"Approved") -> 0 | R29: =SUMIFS('PCO Log'!$E39:$SJ39,'PCO Log'!$E$9:$SJ$9,'Graph Data'!R$1,'PCO Log'!$E$7:$SJ$7,"Approved") -> 0 | S29: =SUMIFS('PCO Log'!$E39:$SJ39,'PCO Log'!$E$9:$SJ$9,'Graph Data'!S$1,'PCO Log'!$E$7:$SJ$7,"Approved") -> 0 | T29: =SUMIFS('PCO Log'!$E39:$SJ39,'PCO Log'!$E$9:$SJ$9,'Graph Data'!T$1,'PCO Log'!$E$7:$SJ$7,"Approved") -> 0 | U29: =SUMIFS('PCO Log'!$E39:$SJ39,'PCO Log'!$E$9:$SJ$9,'Graph Data'!U$1,'PCO Log'!$E$7:$SJ$7,"Approved") -> 0 | V29: =SUMIFS('PCO Log'!$E39:$SJ39,'PCO Log'!$E$9:$SJ$9,'Graph Data'!V$1,'PCO Log'!$E$7:$SJ$7,"Approved") -> 0 | W29: =SUMIFS('PCO Log'!$E39:$SJ39,'PCO Log'!$E$9:$SJ$9,'Graph Data'!W$1,'PCO Log'!$E$7:$SJ$7,"Approved") -> 0 | X29: =SUMIFS('PCO Log'!$E39:$SJ39,'PCO Log'!$E$9:$SJ$9,'Graph Data'!X$1,'PCO Log'!$E$7:$SJ$7,"Approved") -> 0 | ... BX29: =SUMIFS('PCO Log'!$E39:$SJ39,'PCO Log'!$E$9:$SJ$9,'Graph Data'!BX$1,'PCO Log'!$E$7:$SJ$7,"Approved") -> 0
A30: PCO 29 | B30: ='PCO Log'!AG7 -> 0 | C30: ='PCO Log'!AG4 -> 0 | D30: {=INDEX('PCO Log'!$E$5:$SJ$5, 1, ROWS('Graph Data'!$D$2:D30))} -> 0 | E30: ='PCO Log'!AG8 -> 0 | F30: ='PCO Log'!AG3 -> 0 | G30: ='PCO Log'!AG10 -> 0 | H30: ='PCO Log'!AG6 -> 0 | J30: Pay App 29 | K30: ='Pay App 29'!H33 -> 0 | L30: =IF(M30>0,'Pay App 29'!$G$149,0) -> 0 | M30: ='Pay App 29'!H149 -> 0 | O30: ='Pay App 1'!B85 -> 07 20 00 | P30: ='Pay App 1'!C85 -> Insulation | Q30: =SUMIFS('PCO Log'!$E40:$SJ40,'PCO Log'!$E$9:$SJ$9,'Graph Data'!Q$1,'PCO Log'!$E$7:$SJ$7,"Approved") -> 0 | R30: =SUMIFS('PCO Log'!$E40:$SJ40,'PCO Log'!$E$9:$SJ$9,'Graph Data'!R$1,'PCO Log'!$E$7:$SJ$7,"Approved") -> 0 | S30: =SUMIFS('PCO Log'!$E40:$SJ40,'PCO Log'!$E$9:$SJ$9,'Graph Data'!S$1,'PCO Log'!$E$7:$SJ$7,"Approved") -> 0 | T30: =SUMIFS('PCO Log'!$E40:$SJ40,'PCO Log'!$E$9:$SJ$9,'Graph Data'!T$1,'PCO Log'!$E$7:$SJ$7,"Approved") -> 0 | U30: =SUMIFS('PCO Log'!$E40:$SJ40,'PCO Log'!$E$9:$SJ$9,'Graph Data'!U$1,'PCO Log'!$E$7:$SJ$7,"Approved") -> 0 | V30: =SUMIFS('PCO Log'!$E40:$SJ40,'PCO Log'!$E$9:$SJ$9,'Graph Data'!V$1,'PCO Log'!$E$7:$SJ$7,"Approved") -> 0 | W30: =SUMIFS('PCO Log'!$E40:$SJ40,'PCO Log'!$E$9:$SJ$9,'Graph Data'!W$1,'PCO Log'!$E$7:$SJ$7,"Approved") -> 0 | X30: =SUMIFS('PCO Log'!$E40:$SJ40,'PCO Log'!$E$9:$SJ$9,'Graph Data'!X$1,'PCO Log'!$E$7:$SJ$7,"Approved") -> 0 | ... BX30: =SUMIFS('PCO Log'!$E40:$SJ40,'PCO Log'!$E$9:$SJ$9,'Graph Data'!BX$1,'PCO Log'!$E$7:$SJ$7,"Approved") -> 0
A31: PCO 30 | B31: ='PCO Log'!AH7 -> 0 | C31: ='PCO Log'!AH4 -> 0 | D31: {=INDEX('PCO Log'!$E$5:$SJ$5, 1, ROWS('Graph Data'!$D$2:D31))} -> 0 | E31: ='PCO Log'!AH8 -> 0 | F31: ='PCO Log'!AH3 -> 0 | G31: ='PCO Log'!AH10 -> 0 | H31: ='PCO Log'!AH6 -> 0 | J31: Pay App 30 | K31: ='Pay App 30'!H33 -> 0 | L31: =IF(M31>0,'Pay App 30'!$G$149,0) -> 0 | M31: ='Pay App 30'!H149 -> 0 | O31: ='Pay App 1'!B86 -> 07 24 00 | P31: ='Pay App 1'!C86 -> EIFS | Q31: =SUMIFS('PCO Log'!$E41:$SJ41,'PCO Log'!$E$9:$SJ$9,'Graph Data'!Q$1,'PCO Log'!$E$7:$SJ$7,"Approved") -> 0 | R31: =SUMIFS('PCO Log'!$E41:$SJ41,'PCO Log'!$E$9:$SJ$9,'Graph Data'!R$1,'PCO Log'!$E$7:$SJ$7,"Approved") -> 0 | S31: =SUMIFS('PCO Log'!$E41:$SJ41,'PCO Log'!$E$9:$SJ$9,'Graph Data'!S$1,'PCO Log'!$E$7:$SJ$7,"Approved") -> 0 | T31: =SUMIFS('PCO Log'!$E41:$SJ41,'PCO Log'!$E$9:$SJ$9,'Graph Data'!T$1,'PCO Log'!$E$7:$SJ$7,"Approved") -> 0 | U31: =SUMIFS('PCO Log'!$E41:$SJ41,'PCO Log'!$E$9:$SJ$9,'Graph Data'!U$1,'PCO Log'!$E$7:$SJ$7,"Approved") -> 0 | V31: =SUMIFS('PCO Log'!$E41:$SJ41,'PCO Log'!$E$9:$SJ$9,'Graph Data'!V$1,'PCO Log'!$E$7:$SJ$7,"Approved") -> 0 | W31: =SUMIFS('PCO Log'!$E41:$SJ41,'PCO Log'!$E$9:$SJ$9,'Graph Data'!W$1,'PCO Log'!$E$7:$SJ$7,"Approved") -> 0 | X31: =SUMIFS('PCO Log'!$E41:$SJ41,'PCO Log'!$E$9:$SJ$9,'Graph Data'!X$1,'PCO Log'!$E$7:$SJ$7,"Approved") -> 0 | ... BX31: =SUMIFS('PCO Log'!$E41:$SJ41,'PCO Log'!$E$9:$SJ$9,'Graph Data'!BX$1,'PCO Log'!$E$7:$SJ$7,"Approved") -> 0
A32: PCO 31 | B32: ='PCO Log'!AI7 -> 0 | C32: ='PCO Log'!AI4 -> 0 | D32: {=INDEX('PCO Log'!$E$5:$SJ$5, 1, ROWS('Graph Data'!$D$2:D32))} -> 0 | E32: ='PCO Log'!AI8 -> 0 | F32: ='PCO Log'!AI3 -> 0 | G32: ='PCO Log'!AI10 -> 0 | H32: ='PCO Log'!AI6 -> 0 | J32: Pay App 31 | K32: ='Pay App 31'!H33 -> 0 | L32: =IF(M32>0,'Pay App 31'!$G$149,0) -> 0 | M32: ='Pay App 31'!H149 -> 0 | O32: ='Pay App 1'!B87 -> 07 26 00 | P32: ='Pay App 1'!C87 -> Vapor Retarders | Q32: =SUMIFS('PCO Log'!$E42:$SJ42,'PCO Log'!$E$9:$SJ$9,'Graph Data'!Q$1,'PCO Log'!$E$7:$SJ$7,"Approved") -> 0 | R32: =SUMIFS('PCO Log'!$E42:$SJ42,'PCO Log'!$E$9:$SJ$9,'Graph Data'!R$1,'PCO Log'!$E$7:$SJ$7,"Approved") -> 0 | S32: =SUMIFS('PCO Log'!$E42:$SJ42,'PCO Log'!$E$9:$SJ$9,'Graph Data'!S$1,'PCO Log'!$E$7:$SJ$7,"Approved") -> 0 | T32: =SUMIFS('PCO Log'!$E42:$SJ42,'PCO Log'!$E$9:$SJ$9,'Graph Data'!T$1,'PCO Log'!$E$7:$SJ$7,"Approved") -> 0 | U32: =SUMIFS('PCO Log'!$E42:$SJ42,'PCO Log'!$E$9:$SJ$9,'Graph Data'!U$1,'PCO Log'!$E$7:$SJ$7,"Approved") -> 0 | V32: =SUMIFS('PCO Log'!$E42:$SJ42,'PCO Log'!$E$9:$SJ$9,'Graph Data'!V$1,'PCO Log'!$E$7:$SJ$7,"Approved") -> 0 | W32: =SUMIFS('PCO Log'!$E42:$SJ42,'PCO Log'!$E$9:$SJ$9,'Graph Data'!W$1,'PCO Log'!$E$7:$SJ$7,"Approved") -> 0 | X32: =SUMIFS('PCO Log'!$E42:$SJ42,'PCO Log'!$E$9:$SJ$9,'Graph Data'!X$1,'PCO Log'!$E$7:$SJ$7,"Approved") -> 0 | ... BX32: =SUMIFS('PCO Log'!$E42:$SJ42,'PCO Log'!$E$9:$SJ$9,'Graph Data'!BX$1,'PCO Log'!$E$7:$SJ$7,"Approved") -> 0
A33: PCO 32 | B33: ='PCO Log'!AJ7 -> 0 | C33: ='PCO Log'!AJ4 -> 0 | D33: {=INDEX('PCO Log'!$E$5:$SJ$5, 1, ROWS('Graph Data'!$D$2:D33))} -> 0 | E33: ='PCO Log'!AJ8 -> 0 | F33: ='PCO Log'!AJ3 -> 0 | G33: ='PCO Log'!AJ10 -> 0 | H33: ='PCO Log'!AJ6 -> 0 | J33: Pay App 32 | K33: ='Pay App 32'!H33 -> 0 | L33: =IF(M33>0,'Pay App 32'!$G$149,0) -> 0 | M33: ='Pay App 32'!H149 -> 0 | O33: ='Pay App 1'!B88 -> 07 41 00 | P33: ='Pay App 1'!C88 -> Roofing | Q33: =SUMIFS('PCO Log'!$E43:$SJ43,'PCO Log'!$E$9:$SJ$9,'Graph Data'!Q$1,'PCO Log'!$E$7:$SJ$7,"Approved") -> 0 | R33: =SUMIFS('PCO Log'!$E43:$SJ43,'PCO Log'!$E$9:$SJ$9,'Graph Data'!R$1,'PCO Log'!$E$7:$SJ$7,"Approved") -> 0 | S33: =SUMIFS('PCO Log'!$E43:$SJ43,'PCO Log'!$E$9:$SJ$9,'Graph Data'!S$1,'PCO Log'!$E$7:$SJ$7,"Approved") -> 0 | T33: =SUMIFS('PCO Log'!$E43:$SJ43,'PCO Log'!$E$9:$SJ$9,'Graph Data'!T$1,'PCO Log'!$E$7:$SJ$7,"Approved") -> 0 | U33: =SUMIFS('PCO Log'!$E43:$SJ43,'PCO Log'!$E$9:$SJ$9,'Graph Data'!U$1,'PCO Log'!$E$7:$SJ$7,"Approved") -> 0 | V33: =SUMIFS('PCO Log'!$E43:$SJ43,'PCO Log'!$E$9:$SJ$9,'Graph Data'!V$1,'PCO Log'!$E$7:$SJ$7,"Approved") -> 0 | W33: =SUMIFS('PCO Log'!$E43:$SJ43,'PCO Log'!$E$9:$SJ$9,'Graph Data'!W$1,'PCO Log'!$E$7:$SJ$7,"Approved") -> 0 | X33: =SUMIFS('PCO Log'!$E43:$SJ43,'PCO Log'!$E$9:$SJ$9,'Graph Data'!X$1,'PCO Log'!$E$7:$SJ$7,"Approved") -> 0 | ... BX33: =SUMIFS('PCO Log'!$E43:$SJ43,'PCO Log'!$E$9:$SJ$9,'Graph Data'!BX$1,'PCO Log'!$E$7:$SJ$7,"Approved") -> 0
A34: PCO 33 | B34: ='PCO Log'!AK7 -> 0 | C34: ='PCO Log'!AK4 -> 0 | D34: {=INDEX('PCO Log'!$E$5:$SJ$5, 1, ROWS('Graph Data'!$D$2:D34))} -> 0 | E34: ='PCO Log'!AK8 -> 0 | F34: ='PCO Log'!AK3 -> 0 | G34: ='PCO Log'!AK10 -> 0 | H34: ='PCO Log'!AK6 -> 0 | J34: Pay App 33 | K34: ='Pay App 33'!H33 -> 0 | L34: =IF(M34>0,'Pay App 33'!$G$149,0) -> 0 | M34: ='Pay App 33'!H149 -> 0 | O34: ='Pay App 1'!B89 -> 07 42 00 | P34: ='Pay App 1'!C89 -> Metal Panels | Q34: =SUMIFS('PCO Log'!$E44:$SJ44,'PCO Log'!$E$9:$SJ$9,'Graph Data'!Q$1,'PCO Log'!$E$7:$SJ$7,"Approved") -> 0 | R34: =SUMIFS('PCO Log'!$E44:$SJ44,'PCO Log'!$E$9:$SJ$9,'Graph Data'!R$1,'PCO Log'!$E$7:$SJ$7,"Approved") -> 0 | S34: =SUMIFS('PCO Log'!$E44:$SJ44,'PCO Log'!$E$9:$SJ$9,'Graph Data'!S$1,'PCO Log'!$E$7:$SJ$7,"Approved") -> 0 | T34: =SUMIFS('PCO Log'!$E44:$SJ44,'PCO Log'!$E$9:$SJ$9,'Graph Data'!T$1,'PCO Log'!$E$7:$SJ$7,"Approved") -> 0 | U34: =SUMIFS('PCO Log'!$E44:$SJ44,'PCO Log'!$E$9:$SJ$9,'Graph Data'!U$1,'PCO Log'!$E$7:$SJ$7,"Approved") -> 0 | V34: =SUMIFS('PCO Log'!$E44:$SJ44,'PCO Log'!$E$9:$SJ$9,'Graph Data'!V$1,'PCO Log'!$E$7:$SJ$7,"Approved") -> 0 | W34: =SUMIFS('PCO Log'!$E44:$SJ44,'PCO Log'!$E$9:$SJ$9,'Graph Data'!W$1,'PCO Log'!$E$7:$SJ$7,"Approved") -> 0 | X34: =SUMIFS('PCO Log'!$E44:$SJ44,'PCO Log'!$E$9:$SJ$9,'Graph Data'!X$1,'PCO Log'!$E$7:$SJ$7,"Approved") -> 0 | ... BX34: =SUMIFS('PCO Log'!$E44:$SJ44,'PCO Log'!$E$9:$SJ$9,'Graph Data'!BX$1,'PCO Log'!$E$7:$SJ$7,"Approved") -> 0
A35: PCO 34 | B35: ='PCO Log'!AL7 -> 0 | C35: ='PCO Log'!AL4 -> 0 | D35: {=INDEX('PCO Log'!$E$5:$SJ$5, 1, ROWS('Graph Data'!$D$2:D35))} -> 0 | E35: ='PCO Log'!AL8 -> 0 | F35: ='PCO Log'!AL3 -> 0 | G35: ='PCO Log'!AL10 -> 0 | H35: ='PCO Log'!AL6 -> 0 | J35: Pay App 34 | K35: ='Pay App 34'!H33 -> 0 | L35: =IF(M35>0,'Pay App 34'!$G$149,0) -> 0 | M35: ='Pay App 34'!H149 -> 0 | O35: ='Pay App 1'!B90 -> 07 60 00 | P35: ='Pay App 1'!C90 -> Sheet Metal Flashing & Trim | Q35: =SUMIFS('PCO Log'!$E45:$SJ45,'PCO Log'!$E$9:$SJ$9,'Graph Data'!Q$1,'PCO Log'!$E$7:$SJ$7,"Approved") -> 0 | R35: =SUMIFS('PCO Log'!$E45:$SJ45,'PCO Log'!$E$9:$SJ$9,'Graph Data'!R$1,'PCO Log'!$E$7:$SJ$7,"Approved") -> 0 | S35: =SUMIFS('PCO Log'!$E45:$SJ45,'PCO Log'!$E$9:$SJ$9,'Graph Data'!S$1,'PCO Log'!$E$7:$SJ$7,"Approved") -> 0 | T35: =SUMIFS('PCO Log'!$E45:$SJ45,'PCO Log'!$E$9:$SJ$9,'Graph Data'!T$1,'PCO Log'!$E$7:$SJ$7,"Approved") -> 0 | U35: =SUMIFS('PCO Log'!$E45:$SJ45,'PCO Log'!$E$9:$SJ$9,'Graph Data'!U$1,'PCO Log'!$E$7:$SJ$7,"Approved") -> 0 | V35: =SUMIFS('PCO Log'!$E45:$SJ45,'PCO Log'!$E$9:$SJ$9,'Graph Data'!V$1,'PCO Log'!$E$7:$SJ$7,"Approved") -> 0 | W35: =SUMIFS('PCO Log'!$E45:$SJ45,'PCO Log'!$E$9:$SJ$9,'Graph Data'!W$1,'PCO Log'!$E$7:$SJ$7,"Approved") -> 0 | X35: =SUMIFS('PCO Log'!$E45:$SJ45,'PCO Log'!$E$9:$SJ$9,'Graph Data'!X$1,'PCO Log'!$E$7:$SJ$7,"Approved") -> 0 | ... BX35: =SUMIFS('PCO Log'!$E45:$SJ45,'PCO Log'!$E$9:$SJ$9,'Graph Data'!BX$1,'PCO Log'!$E$7:$SJ$7,"Approved") -> 0
A36: PCO 35 | B36: ='PCO Log'!AM7 -> 0 | C36: ='PCO Log'!AM4 -> 0 | D36: {=INDEX('PCO Log'!$E$5:$SJ$5, 1, ROWS('Graph Data'!$D$2:D36))} -> 0 | E36: ='PCO Log'!AM8 -> 0 | F36: ='PCO Log'!AM3 -> 0 | G36: ='PCO Log'!AM10 -> 0 | H36: ='PCO Log'!AM6 -> 0 | J36: Pay App 35 | K36: ='Pay App 35'!H33 -> 0 | L36: =IF(M36>0,'Pay App 35'!$G$149,0) -> 0 | M36: ='Pay App 35'!H149 -> 0 | O36: ='Pay App 1'!B91 -> 07 80 00 | P36: ='Pay App 1'!C91 -> Fireproofing | Q36: =SUMIFS('PCO Log'!$E46:$SJ46,'PCO Log'!$E$9:$SJ$9,'Graph Data'!Q$1,'PCO Log'!$E$7:$SJ$7,"Approved") -> 0 | R36: =SUMIFS('PCO Log'!$E46:$SJ46,'PCO Log'!$E$9:$SJ$9,'Graph Data'!R$1,'PCO Log'!$E$7:$SJ$7,"Approved") -> 0 | S36: =SUMIFS('PCO Log'!$E46:$SJ46,'PCO Log'!$E$9:$SJ$9,'Graph Data'!S$1,'PCO Log'!$E$7:$SJ$7,"Approved") -> 0 | T36: =SUMIFS('PCO Log'!$E46:$SJ46,'PCO Log'!$E$9:$SJ$9,'Graph Data'!T$1,'PCO Log'!$E$7:$SJ$7,"Approved") -> 0 | U36: =SUMIFS('PCO Log'!$E46:$SJ46,'PCO Log'!$E$9:$SJ$9,'Graph Data'!U$1,'PCO Log'!$E$7:$SJ$7,"Approved") -> 0 | V36: =SUMIFS('PCO Log'!$E46:$SJ46,'PCO Log'!$E$9:$SJ$9,'Graph Data'!V$1,'PCO Log'!$E$7:$SJ$7,"Approved") -> 0 | W36: =SUMIFS('PCO Log'!$E46:$SJ46,'PCO Log'!$E$9:$SJ$9,'Graph Data'!W$1,'PCO Log'!$E$7:$SJ$7,"Approved") -> 0 | X36: =SUMIFS('PCO Log'!$E46:$SJ46,'PCO Log'!$E$9:$SJ$9,'Graph Data'!X$1,'PCO Log'!$E$7:$SJ$7,"Approved") -> 0 | ... BX36: =SUMIFS('PCO Log'!$E46:$SJ46,'PCO Log'!$E$9:$SJ$9,'Graph Data'!BX$1,'PCO Log'!$E$7:$SJ$7,"Approved") -> 0
A37: PCO 36 | B37: ='PCO Log'!AN7 -> 0 | C37: ='PCO Log'!AN4 -> 0 | D37: {=INDEX('PCO Log'!$E$5:$SJ$5, 1, ROWS('Graph Data'!$D$2:D37))} -> 0 | E37: ='PCO Log'!AN8 -> 0 | F37: ='PCO Log'!AN3 -> 0 | G37: ='PCO Log'!AN10 -> 0 | H37: ='PCO Log'!AN6 -> 0 | J37: Pay App 36 | K37: ='Pay App 36'!H33 -> 0 | L37: =IF(M37>0,'Pay App 36'!$G$149,0) -> 0 | M37: ='Pay App 36'!H149 -> 0 | O37: ='Pay App 1'!B92 -> 07 90 00 | P37: ='Pay App 1'!C92 -> Joint Sealants | Q37: =SUMIFS('PCO Log'!$E47:$SJ47,'PCO Log'!$E$9:$SJ$9,'Graph Data'!Q$1,'PCO Log'!$E$7:$SJ$7,"Approved") -> 0 | R37: =SUMIFS('PCO Log'!$E47:$SJ47,'PCO Log'!$E$9:$SJ$9,'Graph Data'!R$1,'PCO Log'!$E$7:$SJ$7,"Approved") -> 0 | S37: =SUMIFS('PCO Log'!$E47:$SJ47,'PCO Log'!$E$9:$SJ$9,'Graph Data'!S$1,'PCO Log'!$E$7:$SJ$7,"Approved") -> 0 | T37: =SUMIFS('PCO Log'!$E47:$SJ47,'PCO Log'!$E$9:$SJ$9,'Graph Data'!T$1,'PCO Log'!$E$7:$SJ$7,"Approved") -> 0 | U37: =SUMIFS('PCO Log'!$E47:$SJ47,'PCO Log'!$E$9:$SJ$9,'Graph Data'!U$1,'PCO Log'!$E$7:$SJ$7,"Approved") -> 0 | V37: =SUMIFS('PCO Log'!$E47:$SJ47,'PCO Log'!$E$9:$SJ$9,'Graph Data'!V$1,'PCO Log'!$E$7:$SJ$7,"Approved") -> 0 | W37: =SUMIFS('PCO Log'!$E47:$SJ47,'PCO Log'!$E$9:$SJ$9,'Graph Data'!W$1,'PCO Log'!$E$7:$SJ$7,"Approved") -> 0 | X37: =SUMIFS('PCO Log'!$E47:$SJ47,'PCO Log'!$E$9:$SJ$9,'Graph Data'!X$1,'PCO Log'!$E$7:$SJ$7,"Approved") -> 0 | ... BX37: =SUMIFS('PCO Log'!$E47:$SJ47,'PCO Log'!$E$9:$SJ$9,'Graph Data'!BX$1,'PCO Log'!$E$7:$SJ$7,"Approved") -> 0
A38: PCO 37 | B38: ='PCO Log'!AO7 -> 0 | C38: ='PCO Log'!AO4 -> 0 | D38: {=INDEX('PCO Log'!$E$5:$SJ$5, 1, ROWS('Graph Data'!$D$2:D38))} -> 0 | E38: ='PCO Log'!AO8 -> 0 | F38: ='PCO Log'!AO3 -> 0 | G38: ='PCO Log'!AO10 -> 0 | H38: ='PCO Log'!AO6 -> 0 | J38: Pay App 37 | K38: ='Pay App 37'!H33 -> 0 | L38: =IF(M38>0,'Pay App 37'!$G$149,0) -> 0 | M38: ='Pay App 37'!H149 -> 0 | O38: ='Pay App 1'!B93 -> 07 95 00 | P38: ='Pay App 1'!C93 -> Expansion Joints | Q38: =SUMIFS('PCO Log'!$E48:$SJ48,'PCO Log'!$E$9:$SJ$9,'Graph Data'!Q$1,'PCO Log'!$E$7:$SJ$7,"Approved") -> 0 | R38: =SUMIFS('PCO Log'!$E48:$SJ48,'PCO Log'!$E$9:$SJ$9,'Graph Data'!R$1,'PCO Log'!$E$7:$SJ$7,"Approved") -> 0 | S38: =SUMIFS('PCO Log'!$E48:$SJ48,'PCO Log'!$E$9:$SJ$9,'Graph Data'!S$1,'PCO Log'!$E$7:$SJ$7,"Approved") -> 0 | T38: =SUMIFS('PCO Log'!$E48:$SJ48,'PCO Log'!$E$9:$SJ$9,'Graph Data'!T$1,'PCO Log'!$E$7:$SJ$7,"Approved") -> 0 | U38: =SUMIFS('PCO Log'!$E48:$SJ48,'PCO Log'!$E$9:$SJ$9,'Graph Data'!U$1,'PCO Log'!$E$7:$SJ$7,"Approved") -> 0 | V38: =SUMIFS('PCO Log'!$E48:$SJ48,'PCO Log'!$E$9:$SJ$9,'Graph Data'!V$1,'PCO Log'!$E$7:$SJ$7,"Approved") -> 0 | W38: =SUMIFS('PCO Log'!$E48:$SJ48,'PCO Log'!$E$9:$SJ$9,'Graph Data'!W$1,'PCO Log'!$E$7:$SJ$7,"Approved") -> 0 | X38: =SUMIFS('PCO Log'!$E48:$SJ48,'PCO Log'!$E$9:$SJ$9,'Graph Data'!X$1,'PCO Log'!$E$7:$SJ$7,"Approved") -> 0 | ... BX38: =SUMIFS('PCO Log'!$E48:$SJ48,'PCO Log'!$E$9:$SJ$9,'Graph Data'!BX$1,'PCO Log'!$E$7:$SJ$7,"Approved") -> 0
A39: PCO 38 | B39: ='PCO Log'!AP7 -> 0 | C39: ='PCO Log'!AP4 -> 0 | D39: {=INDEX('PCO Log'!$E$5:$SJ$5, 1, ROWS('Graph Data'!$D$2:D39))} -> 0 | E39: ='PCO Log'!AP8 -> 0 | F39: ='PCO Log'!AP3 -> 0 | G39: ='PCO Log'!AP10 -> 0 | H39: ='PCO Log'!AP6 -> 0 | J39: Pay App 38 | K39: ='Pay App 38'!H33 -> 0 | L39: =IF(M39>0,'Pay App 38'!$G$149,0) -> 0 | M39: ='Pay App 38'!H149 -> 0 | O39: ='Pay App 1'!B94 -> 08 10 00 | P39: ='Pay App 1'!C94 -> Doors, Frames & Hardware | Q39: =SUMIFS('PCO Log'!$E49:$SJ49,'PCO Log'!$E$9:$SJ$9,'Graph Data'!Q$1,'PCO Log'!$E$7:$SJ$7,"Approved") -> 0 | R39: =SUMIFS('PCO Log'!$E49:$SJ49,'PCO Log'!$E$9:$SJ$9,'Graph Data'!R$1,'PCO Log'!$E$7:$SJ$7,"Approved") -> 0 | S39: =SUMIFS('PCO Log'!$E49:$SJ49,'PCO Log'!$E$9:$SJ$9,'Graph Data'!S$1,'PCO Log'!$E$7:$SJ$7,"Approved") -> 0 | T39: =SUMIFS('PCO Log'!$E49:$SJ49,'PCO Log'!$E$9:$SJ$9,'Graph Data'!T$1,'PCO Log'!$E$7:$SJ$7,"Approved") -> 0 | U39: =SUMIFS('PCO Log'!$E49:$SJ49,'PCO Log'!$E$9:$SJ$9,'Graph Data'!U$1,'PCO Log'!$E$7:$SJ$7,"Approved") -> 0 | V39: =SUMIFS('PCO Log'!$E49:$SJ49,'PCO Log'!$E$9:$SJ$9,'Graph Data'!V$1,'PCO Log'!$E$7:$SJ$7,"Approved") -> 0 | W39: =SUMIFS('PCO Log'!$E49:$SJ49,'PCO Log'!$E$9:$SJ$9,'Graph Data'!W$1,'PCO Log'!$E$7:$SJ$7,"Approved") -> 0 | X39: =SUMIFS('PCO Log'!$E49:$SJ49,'PCO Log'!$E$9:$SJ$9,'Graph Data'!X$1,'PCO Log'!$E$7:$SJ$7,"Approved") -> 0 | ... BX39: =SUMIFS('PCO Log'!$E49:$SJ49,'PCO Log'!$E$9:$SJ$9,'Graph Data'!BX$1,'PCO Log'!$E$7:$SJ$7,"Approved") -> 0
A40: PCO 39 | B40: ='PCO Log'!AQ7 -> 0 | C40: ='PCO Log'!AQ4 -> 0 | D40: {=INDEX('PCO Log'!$E$5:$SJ$5, 1, ROWS('Graph Data'!$D$2:D40))} -> 0 | E40: ='PCO Log'!AQ8 -> 0 | F40: ='PCO Log'!AQ3 -> 0 | G40: ='PCO Log'!AQ10 -> 0 | H40: ='PCO Log'!AQ6 -> 0 | J40: Pay App 39 | K40: ='Pay App 39'!H33 -> 0 | L40: =IF(M40>0,'Pay App 39'!$G$149,0) -> 0 | M40: ='Pay App 39'!H149 -> 0 | O40: ='Pay App 1'!B95 -> 08 30 00 | P40: ='Pay App 1'!C95 -> Specialty Doors | Q40: =SUMIFS('PCO Log'!$E50:$SJ50,'PCO Log'!$E$9:$SJ$9,'Graph Data'!Q$1,'PCO Log'!$E$7:$SJ$7,"Approved") -> 0 | R40: =SUMIFS('PCO Log'!$E50:$SJ50,'PCO Log'!$E$9:$SJ$9,'Graph Data'!R$1,'PCO Log'!$E$7:$SJ$7,"Approved") -> 0 | S40: =SUMIFS('PCO Log'!$E50:$SJ50,'PCO Log'!$E$9:$SJ$9,'Graph Data'!S$1,'PCO Log'!$E$7:$SJ$7,"Approved") -> 0 | T40: =SUMIFS('PCO Log'!$E50:$SJ50,'PCO Log'!$E$9:$SJ$9,'Graph Data'!T$1,'PCO Log'!$E$7:$SJ$7,"Approved") -> 0 | U40: =SUMIFS('PCO Log'!$E50:$SJ50,'PCO Log'!$E$9:$SJ$9,'Graph Data'!U$1,'PCO Log'!$E$7:$SJ$7,"Approved") -> 0 | V40: =SUMIFS('PCO Log'!$E50:$SJ50,'PCO Log'!$E$9:$SJ$9,'Graph Data'!V$1,'PCO Log'!$E$7:$SJ$7,"Approved") -> 0 | W40: =SUMIFS('PCO Log'!$E50:$SJ50,'PCO Log'!$E$9:$SJ$9,'Graph Data'!W$1,'PCO Log'!$E$7:$SJ$7,"Approved") -> 0 | X40: =SUMIFS('PCO Log'!$E50:$SJ50,'PCO Log'!$E$9:$SJ$9,'Graph Data'!X$1,'PCO Log'!$E$7:$SJ$7,"Approved") -> 0 | ... BX40: =SUMIFS('PCO Log'!$E50:$SJ50,'PCO Log'!$E$9:$SJ$9,'Graph Data'!BX$1,'PCO Log'!$E$7:$SJ$7,"Approved") -> 0
A41: PCO 40 | B41: ='PCO Log'!AR7 -> 0 | C41: ='PCO Log'!AR4 -> 0 | D41: {=INDEX('PCO Log'!$E$5:$SJ$5, 1, ROWS('Graph Data'!$D$2:D41))} -> 0 | E41: ='PCO Log'!AR8 -> 0 | F41: ='PCO Log'!AR3 -> 0 | G41: ='PCO Log'!AR10 -> 0 | H41: ='PCO Log'!AR6 -> 0 | J41: Pay App 40 | K41: ='Pay App 40'!H33 -> 0 | L41: =IF(M41>0,'Pay App 40'!$G$149,0) -> 0 | M41: ='Pay App 40'!H149 -> 0 | O41: ='Pay App 1'!B96 -> 08 33 00 | P41: ='Pay App 1'!C96 -> Overhead Doors/Coiling Doors | Q41: =SUMIFS('PCO Log'!$E51:$SJ51,'PCO Log'!$E$9:$SJ$9,'Graph Data'!Q$1,'PCO Log'!$E$7:$SJ$7,"Approved") -> 0 | R41: =SUMIFS('PCO Log'!$E51:$SJ51,'PCO Log'!$E$9:$SJ$9,'Graph Data'!R$1,'PCO Log'!$E$7:$SJ$7,"Approved") -> 0 | S41: =SUMIFS('PCO Log'!$E51:$SJ51,'PCO Log'!$E$9:$SJ$9,'Graph Data'!S$1,'PCO Log'!$E$7:$SJ$7,"Approved") -> 0 | T41: =SUMIFS('PCO Log'!$E51:$SJ51,'PCO Log'!$E$9:$SJ$9,'Graph Data'!T$1,'PCO Log'!$E$7:$SJ$7,"Approved") -> 0 | U41: =SUMIFS('PCO Log'!$E51:$SJ51,'PCO Log'!$E$9:$SJ$9,'Graph Data'!U$1,'PCO Log'!$E$7:$SJ$7,"Approved") -> 0 | V41: =SUMIFS('PCO Log'!$E51:$SJ51,'PCO Log'!$E$9:$SJ$9,'Graph Data'!V$1,'PCO Log'!$E$7:$SJ$7,"Approved") -> 0 | W41: =SUMIFS('PCO Log'!$E51:$SJ51,'PCO Log'!$E$9:$SJ$9,'Graph Data'!W$1,'PCO Log'!$E$7:$SJ$7,"Approved") -> 0 | X41: =SUMIFS('PCO Log'!$E51:$SJ51,'PCO Log'!$E$9:$SJ$9,'Graph Data'!X$1,'PCO Log'!$E$7:$SJ$7,"Approved") -> 0 | ... BX41: =SUMIFS('PCO Log'!$E51:$SJ51,'PCO Log'!$E$9:$SJ$9,'Graph Data'!BX$1,'PCO Log'!$E$7:$SJ$7,"Approved") -> 0
A42: PCO 41 | B42: ='PCO Log'!AS7 -> 0 | C42: ='PCO Log'!AS4 -> 0 | D42: {=INDEX('PCO Log'!$E$5:$SJ$5, 1, ROWS('Graph Data'!$D$2:D42))} -> 0 | E42: ='PCO Log'!AS8 -> 0 | F42: ='PCO Log'!AS3 -> 0 | G42: ='PCO Log'!AS10 -> 0 | H42: ='PCO Log'!AS6 -> 0 | J42: Pay App 41 | K42: ='Pay App 41'!H33 -> 0 | L42: =IF(M42>0,'Pay App 41'!$G$149,0) -> 0 | M42: ='Pay App 41'!H149 -> 0 | O42: ='Pay App 1'!B97 -> 08 40 00 | P42: ='Pay App 1'!C97 -> Curtain Wall, Glass & Glazing | Q42: =SUMIFS('PCO Log'!$E52:$SJ52,'PCO Log'!$E$9:$SJ$9,'Graph Data'!Q$1,'PCO Log'!$E$7:$SJ$7,"Approved") -> 0 | R42: =SUMIFS('PCO Log'!$E52:$SJ52,'PCO Log'!$E$9:$SJ$9,'Graph Data'!R$1,'PCO Log'!$E$7:$SJ$7,"Approved") -> 0 | S42: =SUMIFS('PCO Log'!$E52:$SJ52,'PCO Log'!$E$9:$SJ$9,'Graph Data'!S$1,'PCO Log'!$E$7:$SJ$7,"Approved") -> 0 | T42: =SUMIFS('PCO Log'!$E52:$SJ52,'PCO Log'!$E$9:$SJ$9,'Graph Data'!T$1,'PCO Log'!$E$7:$SJ$7,"Approved") -> 0 | U42: =SUMIFS('PCO Log'!$E52:$SJ52,'PCO Log'!$E$9:$SJ$9,'Graph Data'!U$1,'PCO Log'!$E$7:$SJ$7,"Approved") -> 0 | V42: =SUMIFS('PCO Log'!$E52:$SJ52,'PCO Log'!$E$9:$SJ$9,'Graph Data'!V$1,'PCO Log'!$E$7:$SJ$7,"Approved") -> 0 | W42: =SUMIFS('PCO Log'!$E52:$SJ52,'PCO Log'!$E$9:$SJ$9,'Graph Data'!W$1,'PCO Log'!$E$7:$SJ$7,"Approved") -> 0 | X42: =SUMIFS('PCO Log'!$E52:$SJ52,'PCO Log'!$E$9:$SJ$9,'Graph Data'!X$1,'PCO Log'!$E$7:$SJ$7,"Approved") -> 0 | ... BX42: =SUMIFS('PCO Log'!$E52:$SJ52,'PCO Log'!$E$9:$SJ$9,'Graph Data'!BX$1,'PCO Log'!$E$7:$SJ$7,"Approved") -> 0
A43: PCO 42 | B43: ='PCO Log'!AT7 -> 0 | C43: ='PCO Log'!AT4 -> 0 | D43: {=INDEX('PCO Log'!$E$5:$SJ$5, 1, ROWS('Graph Data'!$D$2:D43))} -> 0 | E43: ='PCO Log'!AT8 -> 0 | F43: ='PCO Log'!AT3 -> 0 | G43: ='PCO Log'!AT10 -> 0 | H43: ='PCO Log'!AT6 -> 0 | J43: Pay App 42 | K43: ='Pay App 42'!H33 -> 0 | L43: =IF(M43>0,'Pay App 42'!$G$149,0) -> 0 | M43: ='Pay App 42'!H149 -> 0 | O43: ='Pay App 1'!B98 -> 08 60 00 | P43: ='Pay App 1'!C98 -> Skylights | Q43: =SUMIFS('PCO Log'!$E53:$SJ53,'PCO Log'!$E$9:$SJ$9,'Graph Data'!Q$1,'PCO Log'!$E$7:$SJ$7,"Approved") -> 0 | R43: =SUMIFS('PCO Log'!$E53:$SJ53,'PCO Log'!$E$9:$SJ$9,'Graph Data'!R$1,'PCO Log'!$E$7:$SJ$7,"Approved") -> 0 | S43: =SUMIFS('PCO Log'!$E53:$SJ53,'PCO Log'!$E$9:$SJ$9,'Graph Data'!S$1,'PCO Log'!$E$7:$SJ$7,"Approved") -> 0 | T43: =SUMIFS('PCO Log'!$E53:$SJ53,'PCO Log'!$E$9:$SJ$9,'Graph Data'!T$1,'PCO Log'!$E$7:$SJ$7,"Approved") -> 0 | U43: =SUMIFS('PCO Log'!$E53:$SJ53,'PCO Log'!$E$9:$SJ$9,'Graph Data'!U$1,'PCO Log'!$E$7:$SJ$7,"Approved") -> 0 | V43: =SUMIFS('PCO Log'!$E53:$SJ53,'PCO Log'!$E$9:$SJ$9,'Graph Data'!V$1,'PCO Log'!$E$7:$SJ$7,"Approved") -> 0 | W43: =SUMIFS('PCO Log'!$E53:$SJ53,'PCO Log'!$E$9:$SJ$9,'Graph Data'!W$1,'PCO Log'!$E$7:$SJ$7,"Approved") -> 0 | X43: =SUMIFS('PCO Log'!$E53:$SJ53,'PCO Log'!$E$9:$SJ$9,'Graph Data'!X$1,'PCO Log'!$E$7:$SJ$7,"Approved") -> 0 | ... BX43: =SUMIFS('PCO Log'!$E53:$SJ53,'PCO Log'!$E$9:$SJ$9,'Graph Data'!BX$1,'PCO Log'!$E$7:$SJ$7,"Approved") -> 0
A44: PCO 43 | B44: ='PCO Log'!AU7 -> 0 | C44: ='PCO Log'!AU4 -> 0 | D44: {=INDEX('PCO Log'!$E$5:$SJ$5, 1, ROWS('Graph Data'!$D$2:D44))} -> 0 | E44: ='PCO Log'!AU8 -> 0 | F44: ='PCO Log'!AU3 -> 0 | G44: ='PCO Log'!AU10 -> 0 | H44: ='PCO Log'!AU6 -> 0 | J44: Pay App 43 | K44: ='Pay App 43'!H33 -> 0 | L44: =IF(M44>0,'Pay App 43'!$G$149,0) -> 0 | M44: ='Pay App 43'!H149 -> 0 | O44: ='Pay App 1'!B99 -> 08 90 00 | P44: ='Pay App 1'!C99 -> Louvers & Vents | Q44: =SUMIFS('PCO Log'!$E54:$SJ54,'PCO Log'!$E$9:$SJ$9,'Graph Data'!Q$1,'PCO Log'!$E$7:$SJ$7,"Approved") -> 0 | R44: =SUMIFS('PCO Log'!$E54:$SJ54,'PCO Log'!$E$9:$SJ$9,'Graph Data'!R$1,'PCO Log'!$E$7:$SJ$7,"Approved") -> 0 | S44: =SUMIFS('PCO Log'!$E54:$SJ54,'PCO Log'!$E$9:$SJ$9,'Graph Data'!S$1,'PCO Log'!$E$7:$SJ$7,"Approved") -> 0 | T44: =SUMIFS('PCO Log'!$E54:$SJ54,'PCO Log'!$E$9:$SJ$9,'Graph Data'!T$1,'PCO Log'!$E$7:$SJ$7,"Approved") -> 0 | U44: =SUMIFS('PCO Log'!$E54:$SJ54,'PCO Log'!$E$9:$SJ$9,'Graph Data'!U$1,'PCO Log'!$E$7:$SJ$7,"Approved") -> 0 | V44: =SUMIFS('PCO Log'!$E54:$SJ54,'PCO Log'!$E$9:$SJ$9,'Graph Data'!V$1,'PCO Log'!$E$7:$SJ$7,"Approved") -> 0 | W44: =SUMIFS('PCO Log'!$E54:$SJ54,'PCO Log'!$E$9:$SJ$9,'Graph Data'!W$1,'PCO Log'!$E$7:$SJ$7,"Approved") -> 0 | X44: =SUMIFS('PCO Log'!$E54:$SJ54,'PCO Log'!$E$9:$SJ$9,'Graph Data'!X$1,'PCO Log'!$E$7:$SJ$7,"Approved") -> 0 | ... BX44: =SUMIFS('PCO Log'!$E54:$SJ54,'PCO Log'!$E$9:$SJ$9,'Graph Data'!BX$1,'PCO Log'!$E$7:$SJ$7,"Approved") -> 0
A45: PCO 44 | B45: ='PCO Log'!AV7 -> 0 | C45: ='PCO Log'!AV4 -> 0 | D45: {=INDEX('PCO Log'!$E$5:$SJ$5, 1, ROWS('Graph Data'!$D$2:D45))} -> 0 | E45: ='PCO Log'!AV8 -> 0 | F45: ='PCO Log'!AV3 -> 0 | G45: ='PCO Log'!AV10 -> 0 | H45: ='PCO Log'!AV6 -> 0 | J45: Pay App 44 | K45: ='Pay App 44'!H33 -> 0 | L45: =IF(M45>0,'Pay App 44'!$G$149,0) -> 0 | M45: ='Pay App 44'!H149 -> 0 | O45: ='Pay App 1'!B100 -> 09 20 00 | P45: ='Pay App 1'!C100 -> Gypsum Board Systems | Q45: =SUMIFS('PCO Log'!$E55:$SJ55,'PCO Log'!$E$9:$SJ$9,'Graph Data'!Q$1,'PCO Log'!$E$7:$SJ$7,"Approved") -> 0 | R45: =SUMIFS('PCO Log'!$E55:$SJ55,'PCO Log'!$E$9:$SJ$9,'Graph Data'!R$1,'PCO Log'!$E$7:$SJ$7,"Approved") -> 0 | S45: =SUMIFS('PCO Log'!$E55:$SJ55,'PCO Log'!$E$9:$SJ$9,'Graph Data'!S$1,'PCO Log'!$E$7:$SJ$7,"Approved") -> 0 | T45: =SUMIFS('PCO Log'!$E55:$SJ55,'PCO Log'!$E$9:$SJ$9,'Graph Data'!T$1,'PCO Log'!$E$7:$SJ$7,"Approved") -> 0 | U45: =SUMIFS('PCO Log'!$E55:$SJ55,'PCO Log'!$E$9:$SJ$9,'Graph Data'!U$1,'PCO Log'!$E$7:$SJ$7,"Approved") -> 0 | V45: =SUMIFS('PCO Log'!$E55:$SJ55,'PCO Log'!$E$9:$SJ$9,'Graph Data'!V$1,'PCO Log'!$E$7:$SJ$7,"Approved") -> 0 | W45: =SUMIFS('PCO Log'!$E55:$SJ55,'PCO Log'!$E$9:$SJ$9,'Graph Data'!W$1,'PCO Log'!$E$7:$SJ$7,"Approved") -> 0 | X45: =SUMIFS('PCO Log'!$E55:$SJ55,'PCO Log'!$E$9:$SJ$9,'Graph Data'!X$1,'PCO Log'!$E$7:$SJ$7,"Approved") -> 0 | ... BX45: =SUMIFS('PCO Log'!$E55:$SJ55,'PCO Log'!$E$9:$SJ$9,'Graph Data'!BX$1,'PCO Log'!$E$7:$SJ$7,"Approved") -> 0
A46: PCO 45 | B46: ='PCO Log'!AW7 -> 0 | C46: ='PCO Log'!AW4 -> 0 | D46: {=INDEX('PCO Log'!$E$5:$SJ$5, 1, ROWS('Graph Data'!$D$2:D46))} -> 0 | E46: ='PCO Log'!AW8 -> 0 | F46: ='PCO Log'!AW3 -> 0 | G46: ='PCO Log'!AW10 -> 0 | H46: ='PCO Log'!AW6 -> 0 | J46: Pay App 45 | K46: ='Pay App 45'!H33 -> 0 | L46: =IF(M46>0,'Pay App 45'!$G$149,0) -> 0 | M46: ='Pay App 45'!H149 -> 0 | O46: ='Pay App 1'!B106 -> 09 30 00 | P46: ='Pay App 1'!C106 -> Ceramic Tile | Q46: =SUMIFS('PCO Log'!$E56:$SJ56,'PCO Log'!$E$9:$SJ$9,'Graph Data'!Q$1,'PCO Log'!$E$7:$SJ$7,"Approved") -> 0 | R46: =SUMIFS('PCO Log'!$E56:$SJ56,'PCO Log'!$E$9:$SJ$9,'Graph Data'!R$1,'PCO Log'!$E$7:$SJ$7,"Approved") -> 0 | S46: =SUMIFS('PCO Log'!$E56:$SJ56,'PCO Log'!$E$9:$SJ$9,'Graph Data'!S$1,'PCO Log'!$E$7:$SJ$7,"Approved") -> 0 | T46: =SUMIFS('PCO Log'!$E56:$SJ56,'PCO Log'!$E$9:$SJ$9,'Graph Data'!T$1,'PCO Log'!$E$7:$SJ$7,"Approved") -> 0 | U46: =SUMIFS('PCO Log'!$E56:$SJ56,'PCO Log'!$E$9:$SJ$9,'Graph Data'!U$1,'PCO Log'!$E$7:$SJ$7,"Approved") -> 0 | V46: =SUMIFS('PCO Log'!$E56:$SJ56,'PCO Log'!$E$9:$SJ$9,'Graph Data'!V$1,'PCO Log'!$E$7:$SJ$7,"Approved") -> 0 | W46: =SUMIFS('PCO Log'!$E56:$SJ56,'PCO Log'!$E$9:$SJ$9,'Graph Data'!W$1,'PCO Log'!$E$7:$SJ$7,"Approved") -> 0 | X46: =SUMIFS('PCO Log'!$E56:$SJ56,'PCO Log'!$E$9:$SJ$9,'Graph Data'!X$1,'PCO Log'!$E$7:$SJ$7,"Approved") -> 0 | ... BX46: =SUMIFS('PCO Log'!$E56:$SJ56,'PCO Log'!$E$9:$SJ$9,'Graph Data'!BX$1,'PCO Log'!$E$7:$SJ$7,"Approved") -> 0
A47: PCO 46 | B47: ='PCO Log'!AX7 -> 0 | C47: ='PCO Log'!AX4 -> 0 | D47: {=INDEX('PCO Log'!$E$5:$SJ$5, 1, ROWS('Graph Data'!$D$2:D47))} -> 0 | E47: ='PCO Log'!AX8 -> 0 | F47: ='PCO Log'!AX3 -> 0 | G47: ='PCO Log'!AX10 -> 0 | H47: ='PCO Log'!AX6 -> 0 | J47: Pay App 46 | K47: ='Pay App 46'!H33 -> 0 | L47: =IF(M47>0,'Pay App 46'!$G$149,0) -> 0 | M47: ='Pay App 46'!H149 -> 0 | O47: ='Pay App 1'!B107 -> 09 51 00 | P47: ='Pay App 1'!C107 -> Acoustical Ceilings | Q47: =SUMIFS('PCO Log'!$E57:$SJ57,'PCO Log'!$E$9:$SJ$9,'Graph Data'!Q$1,'PCO Log'!$E$7:$SJ$7,"Approved") -> 0 | R47: =SUMIFS('PCO Log'!$E57:$SJ57,'PCO Log'!$E$9:$SJ$9,'Graph Data'!R$1,'PCO Log'!$E$7:$SJ$7,"Approved") -> 0 | S47: =SUMIFS('PCO Log'!$E57:$SJ57,'PCO Log'!$E$9:$SJ$9,'Graph Data'!S$1,'PCO Log'!$E$7:$SJ$7,"Approved") -> 0 | T47: =SUMIFS('PCO Log'!$E57:$SJ57,'PCO Log'!$E$9:$SJ$9,'Graph Data'!T$1,'PCO Log'!$E$7:$SJ$7,"Approved") -> 0 | U47: =SUMIFS('PCO Log'!$E57:$SJ57,'PCO Log'!$E$9:$SJ$9,'Graph Data'!U$1,'PCO Log'!$E$7:$SJ$7,"Approved") -> 0 | V47: =SUMIFS('PCO Log'!$E57:$SJ57,'PCO Log'!$E$9:$SJ$9,'Graph Data'!V$1,'PCO Log'!$E$7:$SJ$7,"Approved") -> 0 | W47: =SUMIFS('PCO Log'!$E57:$SJ57,'PCO Log'!$E$9:$SJ$9,'Graph Data'!W$1,'PCO Log'!$E$7:$SJ$7,"Approved") -> 0 | X47: =SUMIFS('PCO Log'!$E57:$SJ57,'PCO Log'!$E$9:$SJ$9,'Graph Data'!X$1,'PCO Log'!$E$7:$SJ$7,"Approved") -> 0 | ... BX47: =SUMIFS('PCO Log'!$E57:$SJ57,'PCO Log'!$E$9:$SJ$9,'Graph Data'!BX$1,'PCO Log'!$E$7:$SJ$7,"Approved") -> 0
A48: PCO 47 | B48: ='PCO Log'!AY7 -> 0 | C48: ='PCO Log'!AY4 -> 0 | D48: {=INDEX('PCO Log'!$E$5:$SJ$5, 1, ROWS('Graph Data'!$D$2:D48))} -> 0 | E48: ='PCO Log'!AY8 -> 0 | F48: ='PCO Log'!AY3 -> 0 | G48: ='PCO Log'!AY10 -> 0 | H48: ='PCO Log'!AY6 -> 0 | J48: Pay App 47 | K48: ='Pay App 47'!H33 -> 0 | L48: =IF(M48>0,'Pay App 47'!$G$149,0) -> 0 | M48: ='Pay App 47'!H149 -> 0 | O48: ='Pay App 1'!B108 -> 09 54 00 | P48: ='Pay App 1'!C108 -> Specialty Ceilings | Q48: =SUMIFS('PCO Log'!$E58:$SJ58,'PCO Log'!$E$9:$SJ$9,'Graph Data'!Q$1,'PCO Log'!$E$7:$SJ$7,"Approved") -> 0 | R48: =SUMIFS('PCO Log'!$E58:$SJ58,'PCO Log'!$E$9:$SJ$9,'Graph Data'!R$1,'PCO Log'!$E$7:$SJ$7,"Approved") -> 0 | S48: =SUMIFS('PCO Log'!$E58:$SJ58,'PCO Log'!$E$9:$SJ$9,'Graph Data'!S$1,'PCO Log'!$E$7:$SJ$7,"Approved") -> 0 | T48: =SUMIFS('PCO Log'!$E58:$SJ58,'PCO Log'!$E$9:$SJ$9,'Graph Data'!T$1,'PCO Log'!$E$7:$SJ$7,"Approved") -> 0 | U48: =SUMIFS('PCO Log'!$E58:$SJ58,'PCO Log'!$E$9:$SJ$9,'Graph Data'!U$1,'PCO Log'!$E$7:$SJ$7,"Approved") -> 0 | V48: =SUMIFS('PCO Log'!$E58:$SJ58,'PCO Log'!$E$9:$SJ$9,'Graph Data'!V$1,'PCO Log'!$E$7:$SJ$7,"Approved") -> 0 | W48: =SUMIFS('PCO Log'!$E58:$SJ58,'PCO Log'!$E$9:$SJ$9,'Graph Data'!W$1,'PCO Log'!$E$7:$SJ$7,"Approved") -> 0 | X48: =SUMIFS('PCO Log'!$E58:$SJ58,'PCO Log'!$E$9:$SJ$9,'Graph Data'!X$1,'PCO Log'!$E$7:$SJ$7,"Approved") -> 0 | ... BX48: =SUMIFS('PCO Log'!$E58:$SJ58,'PCO Log'!$E$9:$SJ$9,'Graph Data'!BX$1,'PCO Log'!$E$7:$SJ$7,"Approved") -> 0
A49: PCO 48 | B49: ='PCO Log'!AZ7 -> 0 | C49: ='PCO Log'!AZ4 -> 0 | D49: {=INDEX('PCO Log'!$E$5:$SJ$5, 1, ROWS('Graph Data'!$D$2:D49))} -> 0 | E49: ='PCO Log'!AZ8 -> 0 | F49: ='PCO Log'!AZ3 -> 0 | G49: ='PCO Log'!AZ10 -> 0 | H49: ='PCO Log'!AZ6 -> 0 | J49: Pay App 48 | K49: ='Pay App 48'!H33 -> 0 | L49: =IF(M49>0,'Pay App 48'!$G$149,0) -> 0 | M49: ='Pay App 48'!H149 -> 0 | O49: ='Pay App 1'!B109 -> 09 60 00 | P49: ='Pay App 1'!C109 -> Floor Coverings | Q49: =SUMIFS('PCO Log'!$E59:$SJ59,'PCO Log'!$E$9:$SJ$9,'Graph Data'!Q$1,'PCO Log'!$E$7:$SJ$7,"Approved") -> 0 | R49: =SUMIFS('PCO Log'!$E59:$SJ59,'PCO Log'!$E$9:$SJ$9,'Graph Data'!R$1,'PCO Log'!$E$7:$SJ$7,"Approved") -> 0 | S49: =SUMIFS('PCO Log'!$E59:$SJ59,'PCO Log'!$E$9:$SJ$9,'Graph Data'!S$1,'PCO Log'!$E$7:$SJ$7,"Approved") -> 0 | T49: =SUMIFS('PCO Log'!$E59:$SJ59,'PCO Log'!$E$9:$SJ$9,'Graph Data'!T$1,'PCO Log'!$E$7:$SJ$7,"Approved") -> 0 | U49: =SUMIFS('PCO Log'!$E59:$SJ59,'PCO Log'!$E$9:$SJ$9,'Graph Data'!U$1,'PCO Log'!$E$7:$SJ$7,"Approved") -> 0 | V49: =SUMIFS('PCO Log'!$E59:$SJ59,'PCO Log'!$E$9:$SJ$9,'Graph Data'!V$1,'PCO Log'!$E$7:$SJ$7,"Approved") -> 0 | W49: =SUMIFS('PCO Log'!$E59:$SJ59,'PCO Log'!$E$9:$SJ$9,'Graph Data'!W$1,'PCO Log'!$E$7:$SJ$7,"Approved") -> 0 | X49: =SUMIFS('PCO Log'!$E59:$SJ59,'PCO Log'!$E$9:$SJ$9,'Graph Data'!X$1,'PCO Log'!$E$7:$SJ$7,"Approved") -> 0 | ... BX49: =SUMIFS('PCO Log'!$E59:$SJ59,'PCO Log'!$E$9:$SJ$9,'Graph Data'!BX$1,'PCO Log'!$E$7:$SJ$7,"Approved") -> 0
A50: PCO 49 | B50: ='PCO Log'!BA7 -> 0 | C50: ='PCO Log'!BA4 -> 0 | D50: {=INDEX('PCO Log'!$E$5:$SJ$5, 1, ROWS('Graph Data'!$D$2:D50))} -> 0 | E50: ='PCO Log'!BA8 -> 0 | F50: ='PCO Log'!BA3 -> 0 | G50: ='PCO Log'!BA10 -> 0 | H50: ='PCO Log'!BA6 -> 0 | J50: Pay App 49 | K50: ='Pay App 49'!H33 -> 0 | L50: =IF(M50>0,'Pay App 49'!$G$149,0) -> 0 | M50: ='Pay App 49'!H149 -> 0 | O50: ='Pay App 1'!B110 -> 09 62 00 | P50: ='Pay App 1'!C110 -> Specialty Flooring | Q50: =SUMIFS('PCO Log'!$E60:$SJ60,'PCO Log'!$E$9:$SJ$9,'Graph Data'!Q$1,'PCO Log'!$E$7:$SJ$7,"Approved") -> 0 | R50: =SUMIFS('PCO Log'!$E60:$SJ60,'PCO Log'!$E$9:$SJ$9,'Graph Data'!R$1,'PCO Log'!$E$7:$SJ$7,"Approved") -> 0 | S50: =SUMIFS('PCO Log'!$E60:$SJ60,'PCO Log'!$E$9:$SJ$9,'Graph Data'!S$1,'PCO Log'!$E$7:$SJ$7,"Approved") -> 0 | T50: =SUMIFS('PCO Log'!$E60:$SJ60,'PCO Log'!$E$9:$SJ$9,'Graph Data'!T$1,'PCO Log'!$E$7:$SJ$7,"Approved") -> 0 | U50: =SUMIFS('PCO Log'!$E60:$SJ60,'PCO Log'!$E$9:$SJ$9,'Graph Data'!U$1,'PCO Log'!$E$7:$SJ$7,"Approved") -> 0 | V50: =SUMIFS('PCO Log'!$E60:$SJ60,'PCO Log'!$E$9:$SJ$9,'Graph Data'!V$1,'PCO Log'!$E$7:$SJ$7,"Approved") -> 0 | W50: =SUMIFS('PCO Log'!$E60:$SJ60,'PCO Log'!$E$9:$SJ$9,'Graph Data'!W$1,'PCO Log'!$E$7:$SJ$7,"Approved") -> 0 | X50: =SUMIFS('PCO Log'!$E60:$SJ60,'PCO Log'!$E$9:$SJ$9,'Graph Data'!X$1,'PCO Log'!$E$7:$SJ$7,"Approved") -> 0 | ... BX50: =SUMIFS('PCO Log'!$E60:$SJ60,'PCO Log'!$E$9:$SJ$9,'Graph Data'!BX$1,'PCO Log'!$E$7:$SJ$7,"Approved") -> 0
A51: PCO 50 | B51: ='PCO Log'!BB7 -> 0 | C51: ='PCO Log'!BB4 -> 0 | D51: {=INDEX('PCO Log'!$E$5:$SJ$5, 1, ROWS('Graph Data'!$D$2:D51))} -> 0 | E51: ='PCO Log'!BB8 -> 0 | F51: ='PCO Log'!BB3 -> 0 | G51: ='PCO Log'!BB10 -> 0 | H51: ='PCO Log'!BB6 -> 0 | J51: Pay App 50 | K51: ='Pay App 50'!H33 -> 0 | L51: =IF(M51>0,'Pay App 50'!$G$149,0) -> 0 | M51: ='Pay App 50'!H149 -> 0 | O51: ='Pay App 1'!B111 -> 09 70 00 | P51: ='Pay App 1'!C111 -> Wall Coverings | Q51: =SUMIFS('PCO Log'!$E61:$SJ61,'PCO Log'!$E$9:$SJ$9,'Graph Data'!Q$1,'PCO Log'!$E$7:$SJ$7,"Approved") -> 0 | R51: =SUMIFS('PCO Log'!$E61:$SJ61,'PCO Log'!$E$9:$SJ$9,'Graph Data'!R$1,'PCO Log'!$E$7:$SJ$7,"Approved") -> 0 | S51: =SUMIFS('PCO Log'!$E61:$SJ61,'PCO Log'!$E$9:$SJ$9,'Graph Data'!S$1,'PCO Log'!$E$7:$SJ$7,"Approved") -> 0 | T51: =SUMIFS('PCO Log'!$E61:$SJ61,'PCO Log'!$E$9:$SJ$9,'Graph Data'!T$1,'PCO Log'!$E$7:$SJ$7,"Approved") -> 0 | U51: =SUMIFS('PCO Log'!$E61:$SJ61,'PCO Log'!$E$9:$SJ$9,'Graph Data'!U$1,'PCO Log'!$E$7:$SJ$7,"Approved") -> 0 | V51: =SUMIFS('PCO Log'!$E61:$SJ61,'PCO Log'!$E$9:$SJ$9,'Graph Data'!V$1,'PCO Log'!$E$7:$SJ$7,"Approved") -> 0 | W51: =SUMIFS('PCO Log'!$E61:$SJ61,'PCO Log'!$E$9:$SJ$9,'Graph Data'!W$1,'PCO Log'!$E$7:$SJ$7,"Approved") -> 0 | X51: =SUMIFS('PCO Log'!$E61:$SJ61,'PCO Log'!$E$9:$SJ$9,'Graph Data'!X$1,'PCO Log'!$E$7:$SJ$7,"Approved") -> 0 | ... BX51: =SUMIFS('PCO Log'!$E61:$SJ61,'PCO Log'!$E$9:$SJ$9,'Graph Data'!BX$1,'PCO Log'!$E$7:$SJ$7,"Approved") -> 0
A52: PCO 51 | B52: ='PCO Log'!BC7 -> 0 | C52: ='PCO Log'!BC4 -> 0 | D52: {=INDEX('PCO Log'!$E$5:$SJ$5, 1, ROWS('Graph Data'!$D$2:D52))} -> 0 | E52: ='PCO Log'!BC8 -> 0 | F52: ='PCO Log'!BC3 -> 0 | G52: ='PCO Log'!BC10 -> 0 | H52: ='PCO Log'!BC6 -> 0 | J52: Pay App 51 | K52: ='Pay App 51'!H33 -> 0 | L52: =IF(M52>0,'Pay App 51'!$G$149,0) -> 0 | M52: ='Pay App 51'!H149 -> 0 | O52: ='Pay App 1'!B112 -> 09 90 00 | P52: ='Pay App 1'!C112 -> Painting | Q52: =SUMIFS('PCO Log'!$E62:$SJ62,'PCO Log'!$E$9:$SJ$9,'Graph Data'!Q$1,'PCO Log'!$E$7:$SJ$7,"Approved") -> 0 | R52: =SUMIFS('PCO Log'!$E62:$SJ62,'PCO Log'!$E$9:$SJ$9,'Graph Data'!R$1,'PCO Log'!$E$7:$SJ$7,"Approved") -> 0 | S52: =SUMIFS('PCO Log'!$E62:$SJ62,'PCO Log'!$E$9:$SJ$9,'Graph Data'!S$1,'PCO Log'!$E$7:$SJ$7,"Approved") -> 0 | T52: =SUMIFS('PCO Log'!$E62:$SJ62,'PCO Log'!$E$9:$SJ$9,'Graph Data'!T$1,'PCO Log'!$E$7:$SJ$7,"Approved") -> 0 | U52: =SUMIFS('PCO Log'!$E62:$SJ62,'PCO Log'!$E$9:$SJ$9,'Graph Data'!U$1,'PCO Log'!$E$7:$SJ$7,"Approved") -> 0 | V52: =SUMIFS('PCO Log'!$E62:$SJ62,'PCO Log'!$E$9:$SJ$9,'Graph Data'!V$1,'PCO Log'!$E$7:$SJ$7,"Approved") -> 0 | W52: =SUMIFS('PCO Log'!$E62:$SJ62,'PCO Log'!$E$9:$SJ$9,'Graph Data'!W$1,'PCO Log'!$E$7:$SJ$7,"Approved") -> 0 | X52: =SUMIFS('PCO Log'!$E62:$SJ62,'PCO Log'!$E$9:$SJ$9,'Graph Data'!X$1,'PCO Log'!$E$7:$SJ$7,"Approved") -> 0 | ... BX52: =SUMIFS('PCO Log'!$E62:$SJ62,'PCO Log'!$E$9:$SJ$9,'Graph Data'!BX$1,'PCO Log'!$E$7:$SJ$7,"Approved") -> 0
A53: PCO 52 | B53: ='PCO Log'!BD7 -> 0 | C53: ='PCO Log'!BD4 -> 0 | D53: {=INDEX('PCO Log'!$E$5:$SJ$5, 1, ROWS('Graph Data'!$D$2:D53))} -> 0 | E53: ='PCO Log'!BD8 -> 0 | F53: ='PCO Log'!BD3 -> 0 | G53: ='PCO Log'!BD10 -> 0 | H53: ='PCO Log'!BD6 -> 0 | J53: Pay App 52 | K53: ='Pay App 52'!H33 -> 0 | L53: =IF(M53>0,'Pay App 52'!$G$149,0) -> 0 | M53: ='Pay App 52'!H149 -> 0 | O53: ='Pay App 1'!B113 -> 10 00 00 | P53: ='Pay App 1'!C113 -> Specialties | Q53: =SUMIFS('PCO Log'!$E63:$SJ63,'PCO Log'!$E$9:$SJ$9,'Graph Data'!Q$1,'PCO Log'!$E$7:$SJ$7,"Approved") -> 0 | R53: =SUMIFS('PCO Log'!$E63:$SJ63,'PCO Log'!$E$9:$SJ$9,'Graph Data'!R$1,'PCO Log'!$E$7:$SJ$7,"Approved") -> 0 | S53: =SUMIFS('PCO Log'!$E63:$SJ63,'PCO Log'!$E$9:$SJ$9,'Graph Data'!S$1,'PCO Log'!$E$7:$SJ$7,"Approved") -> 0 | T53: =SUMIFS('PCO Log'!$E63:$SJ63,'PCO Log'!$E$9:$SJ$9,'Graph Data'!T$1,'PCO Log'!$E$7:$SJ$7,"Approved") -> 0 | U53: =SUMIFS('PCO Log'!$E63:$SJ63,'PCO Log'!$E$9:$SJ$9,'Graph Data'!U$1,'PCO Log'!$E$7:$SJ$7,"Approved") -> 0 | V53: =SUMIFS('PCO Log'!$E63:$SJ63,'PCO Log'!$E$9:$SJ$9,'Graph Data'!V$1,'PCO Log'!$E$7:$SJ$7,"Approved") -> 0 | W53: =SUMIFS('PCO Log'!$E63:$SJ63,'PCO Log'!$E$9:$SJ$9,'Graph Data'!W$1,'PCO Log'!$E$7:$SJ$7,"Approved") -> 0 | X53: =SUMIFS('PCO Log'!$E63:$SJ63,'PCO Log'!$E$9:$SJ$9,'Graph Data'!X$1,'PCO Log'!$E$7:$SJ$7,"Approved") -> 0 | ... BX53: =SUMIFS('PCO Log'!$E63:$SJ63,'PCO Log'!$E$9:$SJ$9,'Graph Data'!BX$1,'PCO Log'!$E$7:$SJ$7,"Approved") -> 0
A54: PCO 53 | B54: ='PCO Log'!BE7 -> 0 | C54: ='PCO Log'!BE4 -> 0 | D54: {=INDEX('PCO Log'!$E$5:$SJ$5, 1, ROWS('Graph Data'!$D$2:D54))} -> 0 | E54: ='PCO Log'!BE8 -> 0 | F54: ='PCO Log'!BE3 -> 0 | G54: ='PCO Log'!BE10 -> 0 | H54: ='PCO Log'!BE6 -> 0 | J54: Pay App 53 | K54: ='Pay App 53'!H33 -> 0 | L54: =IF(M54>0,'Pay App 53'!$G$149,0) -> 0 | M54: ='Pay App 53'!H149 -> 0 | O54: ='Pay App 1'!B114 -> 10 14 14 | P54: ='Pay App 1'!C114 -> Exterior Signage | Q54: =SUMIFS('PCO Log'!$E64:$SJ64,'PCO Log'!$E$9:$SJ$9,'Graph Data'!Q$1,'PCO Log'!$E$7:$SJ$7,"Approved") -> 0 | R54: =SUMIFS('PCO Log'!$E64:$SJ64,'PCO Log'!$E$9:$SJ$9,'Graph Data'!R$1,'PCO Log'!$E$7:$SJ$7,"Approved") -> 0 | S54: =SUMIFS('PCO Log'!$E64:$SJ64,'PCO Log'!$E$9:$SJ$9,'Graph Data'!S$1,'PCO Log'!$E$7:$SJ$7,"Approved") -> 0 | T54: =SUMIFS('PCO Log'!$E64:$SJ64,'PCO Log'!$E$9:$SJ$9,'Graph Data'!T$1,'PCO Log'!$E$7:$SJ$7,"Approved") -> 0 | U54: =SUMIFS('PCO Log'!$E64:$SJ64,'PCO Log'!$E$9:$SJ$9,'Graph Data'!U$1,'PCO Log'!$E$7:$SJ$7,"Approved") -> 0 | V54: =SUMIFS('PCO Log'!$E64:$SJ64,'PCO Log'!$E$9:$SJ$9,'Graph Data'!V$1,'PCO Log'!$E$7:$SJ$7,"Approved") -> 0 | W54: =SUMIFS('PCO Log'!$E64:$SJ64,'PCO Log'!$E$9:$SJ$9,'Graph Data'!W$1,'PCO Log'!$E$7:$SJ$7,"Approved") -> 0 | X54: =SUMIFS('PCO Log'!$E64:$SJ64,'PCO Log'!$E$9:$SJ$9,'Graph Data'!X$1,'PCO Log'!$E$7:$SJ$7,"Approved") -> 0 | ... BX54: =SUMIFS('PCO Log'!$E64:$SJ64,'PCO Log'!$E$9:$SJ$9,'Graph Data'!BX$1,'PCO Log'!$E$7:$SJ$7,"Approved") -> 0
A55: PCO 54 | B55: ='PCO Log'!BF7 -> 0 | C55: ='PCO Log'!BF4 -> 0 | D55: {=INDEX('PCO Log'!$E$5:$SJ$5, 1, ROWS('Graph Data'!$D$2:D55))} -> 0 | E55: ='PCO Log'!BF8 -> 0 | F55: ='PCO Log'!BF3 -> 0 | G55: ='PCO Log'!BF10 -> 0 | H55: ='PCO Log'!BF6 -> 0 | J55: Pay App 54 | K55: ='Pay App 54'!H33 -> 0 | L55: =IF(M55>0,'Pay App 54'!$G$149,0) -> 0 | M55: ='Pay App 54'!H149 -> 0 | O55: ='Pay App 1'!B115 -> 10 14 15 | P55: ='Pay App 1'!C115 -> Interior Signage | Q55: =SUMIFS('PCO Log'!$E65:$SJ65,'PCO Log'!$E$9:$SJ$9,'Graph Data'!Q$1,'PCO Log'!$E$7:$SJ$7,"Approved") -> 0 | R55: =SUMIFS('PCO Log'!$E65:$SJ65,'PCO Log'!$E$9:$SJ$9,'Graph Data'!R$1,'PCO Log'!$E$7:$SJ$7,"Approved") -> 0 | S55: =SUMIFS('PCO Log'!$E65:$SJ65,'PCO Log'!$E$9:$SJ$9,'Graph Data'!S$1,'PCO Log'!$E$7:$SJ$7,"Approved") -> 0 | T55: =SUMIFS('PCO Log'!$E65:$SJ65,'PCO Log'!$E$9:$SJ$9,'Graph Data'!T$1,'PCO Log'!$E$7:$SJ$7,"Approved") -> 0 | U55: =SUMIFS('PCO Log'!$E65:$SJ65,'PCO Log'!$E$9:$SJ$9,'Graph Data'!U$1,'PCO Log'!$E$7:$SJ$7,"Approved") -> 0 | V55: =SUMIFS('PCO Log'!$E65:$SJ65,'PCO Log'!$E$9:$SJ$9,'Graph Data'!V$1,'PCO Log'!$E$7:$SJ$7,"Approved") -> 0 | W55: =SUMIFS('PCO Log'!$E65:$SJ65,'PCO Log'!$E$9:$SJ$9,'Graph Data'!W$1,'PCO Log'!$E$7:$SJ$7,"Approved") -> 0 | X55: =SUMIFS('PCO Log'!$E65:$SJ65,'PCO Log'!$E$9:$SJ$9,'Graph Data'!X$1,'PCO Log'!$E$7:$SJ$7,"Approved") -> 0 | ... BX55: =SUMIFS('PCO Log'!$E65:$SJ65,'PCO Log'!$E$9:$SJ$9,'Graph Data'!BX$1,'PCO Log'!$E$7:$SJ$7,"Approved") -> 0
A56: PCO 55 | B56: ='PCO Log'!BG7 -> 0 | C56: ='PCO Log'!BG4 -> 0 | D56: {=INDEX('PCO Log'!$E$5:$SJ$5, 1, ROWS('Graph Data'!$D$2:D56))} -> 0 | E56: ='PCO Log'!BG8 -> 0 | F56: ='PCO Log'!BG3 -> 0 | G56: ='PCO Log'!BG10 -> 0 | H56: ='PCO Log'!BG6 -> 0 | J56: Pay App 55 | K56: ='Pay App 55'!H33 -> 0 | L56: =IF(M56>0,'Pay App 55'!$G$149,0) -> 0 | M56: ='Pay App 55'!H149 -> 0 | O56: ='Pay App 1'!B116 -> 11 13 00 | P56: ='Pay App 1'!C116 -> Dock Equipment | Q56: =SUMIFS('PCO Log'!$E66:$SJ66,'PCO Log'!$E$9:$SJ$9,'Graph Data'!Q$1,'PCO Log'!$E$7:$SJ$7,"Approved") -> 0 | R56: =SUMIFS('PCO Log'!$E66:$SJ66,'PCO Log'!$E$9:$SJ$9,'Graph Data'!R$1,'PCO Log'!$E$7:$SJ$7,"Approved") -> 0 | S56: =SUMIFS('PCO Log'!$E66:$SJ66,'PCO Log'!$E$9:$SJ$9,'Graph Data'!S$1,'PCO Log'!$E$7:$SJ$7,"Approved") -> 0 | T56: =SUMIFS('PCO Log'!$E66:$SJ66,'PCO Log'!$E$9:$SJ$9,'Graph Data'!T$1,'PCO Log'!$E$7:$SJ$7,"Approved") -> 0 | U56: =SUMIFS('PCO Log'!$E66:$SJ66,'PCO Log'!$E$9:$SJ$9,'Graph Data'!U$1,'PCO Log'!$E$7:$SJ$7,"Approved") -> 0 | V56: =SUMIFS('PCO Log'!$E66:$SJ66,'PCO Log'!$E$9:$SJ$9,'Graph Data'!V$1,'PCO Log'!$E$7:$SJ$7,"Approved") -> 0 | W56: =SUMIFS('PCO Log'!$E66:$SJ66,'PCO Log'!$E$9:$SJ$9,'Graph Data'!W$1,'PCO Log'!$E$7:$SJ$7,"Approved") -> 0 | X56: =SUMIFS('PCO Log'!$E66:$SJ66,'PCO Log'!$E$9:$SJ$9,'Graph Data'!X$1,'PCO Log'!$E$7:$SJ$7,"Approved") -> 0 | ... BX56: =SUMIFS('PCO Log'!$E66:$SJ66,'PCO Log'!$E$9:$SJ$9,'Graph Data'!BX$1,'PCO Log'!$E$7:$SJ$7,"Approved") -> 0
A57: PCO 56 | B57: ='PCO Log'!BH7 -> 0 | C57: ='PCO Log'!BH4 -> 0 | D57: {=INDEX('PCO Log'!$E$5:$SJ$5, 1, ROWS('Graph Data'!$D$2:D57))} -> 0 | E57: ='PCO Log'!BH8 -> 0 | F57: ='PCO Log'!BH3 -> 0 | G57: ='PCO Log'!BH10 -> 0 | H57: ='PCO Log'!BH6 -> 0 | J57: Pay App 56 | K57: ='Pay App 56'!H33 -> 0 | L57: =IF(M57>0,'Pay App 56'!$G$149,0) -> 0 | M57: ='Pay App 56'!H149 -> 0 | O57: ='Pay App 1'!B117 -> 11 40 00 | P57: ='Pay App 1'!C117 -> Food Service Equipment | Q57: =SUMIFS('PCO Log'!$E67:$SJ67,'PCO Log'!$E$9:$SJ$9,'Graph Data'!Q$1,'PCO Log'!$E$7:$SJ$7,"Approved") -> 0 | R57: =SUMIFS('PCO Log'!$E67:$SJ67,'PCO Log'!$E$9:$SJ$9,'Graph Data'!R$1,'PCO Log'!$E$7:$SJ$7,"Approved") -> 0 | S57: =SUMIFS('PCO Log'!$E67:$SJ67,'PCO Log'!$E$9:$SJ$9,'Graph Data'!S$1,'PCO Log'!$E$7:$SJ$7,"Approved") -> 0 | T57: =SUMIFS('PCO Log'!$E67:$SJ67,'PCO Log'!$E$9:$SJ$9,'Graph Data'!T$1,'PCO Log'!$E$7:$SJ$7,"Approved") -> 0 | U57: =SUMIFS('PCO Log'!$E67:$SJ67,'PCO Log'!$E$9:$SJ$9,'Graph Data'!U$1,'PCO Log'!$E$7:$SJ$7,"Approved") -> 0 | V57: =SUMIFS('PCO Log'!$E67:$SJ67,'PCO Log'!$E$9:$SJ$9,'Graph Data'!V$1,'PCO Log'!$E$7:$SJ$7,"Approved") -> 0 | W57: =SUMIFS('PCO Log'!$E67:$SJ67,'PCO Log'!$E$9:$SJ$9,'Graph Data'!W$1,'PCO Log'!$E$7:$SJ$7,"Approved") -> 0 | X57: =SUMIFS('PCO Log'!$E67:$SJ67,'PCO Log'!$E$9:$SJ$9,'Graph Data'!X$1,'PCO Log'!$E$7:$SJ$7,"Approved") -> 0 | ... BX57: =SUMIFS('PCO Log'!$E67:$SJ67,'PCO Log'!$E$9:$SJ$9,'Graph Data'!BX$1,'PCO Log'!$E$7:$SJ$7,"Approved") -> 0
A58: PCO 57 | B58: ='PCO Log'!BI7 -> 0 | C58: ='PCO Log'!BI4 -> 0 | D58: {=INDEX('PCO Log'!$E$5:$SJ$5, 1, ROWS('Graph Data'!$D$2:D58))} -> 0 | E58: ='PCO Log'!BI8 -> 0 | F58: ='PCO Log'!BI3 -> 0 | G58: ='PCO Log'!BI10 -> 0 | H58: ='PCO Log'!BI6 -> 0 | J58: Pay App 57 | K58: ='Pay App 57'!H33 -> 0 | L58: =IF(M58>0,'Pay App 57'!$G$149,0) -> 0 | M58: ='Pay App 57'!H149 -> 0 | O58: ='Pay App 1'!B118 -> 11 53 00 | P58: ='Pay App 1'!C118 -> Lab/Mechanical Equipment | Q58: =SUMIFS('PCO Log'!$E68:$SJ68,'PCO Log'!$E$9:$SJ$9,'Graph Data'!Q$1,'PCO Log'!$E$7:$SJ$7,"Approved") -> 0 | R58: =SUMIFS('PCO Log'!$E68:$SJ68,'PCO Log'!$E$9:$SJ$9,'Graph Data'!R$1,'PCO Log'!$E$7:$SJ$7,"Approved") -> 0 | S58: =SUMIFS('PCO Log'!$E68:$SJ68,'PCO Log'!$E$9:$SJ$9,'Graph Data'!S$1,'PCO Log'!$E$7:$SJ$7,"Approved") -> 0 | T58: =SUMIFS('PCO Log'!$E68:$SJ68,'PCO Log'!$E$9:$SJ$9,'Graph Data'!T$1,'PCO Log'!$E$7:$SJ$7,"Approved") -> 0 | U58: =SUMIFS('PCO Log'!$E68:$SJ68,'PCO Log'!$E$9:$SJ$9,'Graph Data'!U$1,'PCO Log'!$E$7:$SJ$7,"Approved") -> 0 | V58: =SUMIFS('PCO Log'!$E68:$SJ68,'PCO Log'!$E$9:$SJ$9,'Graph Data'!V$1,'PCO Log'!$E$7:$SJ$7,"Approved") -> 0 | W58: =SUMIFS('PCO Log'!$E68:$SJ68,'PCO Log'!$E$9:$SJ$9,'Graph Data'!W$1,'PCO Log'!$E$7:$SJ$7,"Approved") -> 0 | X58: =SUMIFS('PCO Log'!$E68:$SJ68,'PCO Log'!$E$9:$SJ$9,'Graph Data'!X$1,'PCO Log'!$E$7:$SJ$7,"Approved") -> 0 | ... BX58: =SUMIFS('PCO Log'!$E68:$SJ68,'PCO Log'!$E$9:$SJ$9,'Graph Data'!BX$1,'PCO Log'!$E$7:$SJ$7,"Approved") -> 0
A59: PCO 58 | B59: ='PCO Log'!BJ7 -> 0 | C59: ='PCO Log'!BJ4 -> 0 | D59: {=INDEX('PCO Log'!$E$5:$SJ$5, 1, ROWS('Graph Data'!$D$2:D59))} -> 0 | E59: ='PCO Log'!BJ8 -> 0 | F59: ='PCO Log'!BJ3 -> 0 | G59: ='PCO Log'!BJ10 -> 0 | H59: ='PCO Log'!BJ6 -> 0 | J59: Pay App 58 | K59: ='Pay App 58'!H33 -> 0 | L59: =IF(M59>0,'Pay App 58'!$G$149,0) -> 0 | M59: ='Pay App 58'!H149 -> 0 | O59: ='Pay App 1'!B119 -> 11 66 00 | P59: ='Pay App 1'!C119 -> Athletic Equipment | Q59: =SUMIFS('PCO Log'!$E69:$SJ69,'PCO Log'!$E$9:$SJ$9,'Graph Data'!Q$1,'PCO Log'!$E$7:$SJ$7,"Approved") -> 0 | R59: =SUMIFS('PCO Log'!$E69:$SJ69,'PCO Log'!$E$9:$SJ$9,'Graph Data'!R$1,'PCO Log'!$E$7:$SJ$7,"Approved") -> 0 | S59: =SUMIFS('PCO Log'!$E69:$SJ69,'PCO Log'!$E$9:$SJ$9,'Graph Data'!S$1,'PCO Log'!$E$7:$SJ$7,"Approved") -> 0 | T59: =SUMIFS('PCO Log'!$E69:$SJ69,'PCO Log'!$E$9:$SJ$9,'Graph Data'!T$1,'PCO Log'!$E$7:$SJ$7,"Approved") -> 0 | U59: =SUMIFS('PCO Log'!$E69:$SJ69,'PCO Log'!$E$9:$SJ$9,'Graph Data'!U$1,'PCO Log'!$E$7:$SJ$7,"Approved") -> 0 | V59: =SUMIFS('PCO Log'!$E69:$SJ69,'PCO Log'!$E$9:$SJ$9,'Graph Data'!V$1,'PCO Log'!$E$7:$SJ$7,"Approved") -> 0 | W59: =SUMIFS('PCO Log'!$E69:$SJ69,'PCO Log'!$E$9:$SJ$9,'Graph Data'!W$1,'PCO Log'!$E$7:$SJ$7,"Approved") -> 0 | X59: =SUMIFS('PCO Log'!$E69:$SJ69,'PCO Log'!$E$9:$SJ$9,'Graph Data'!X$1,'PCO Log'!$E$7:$SJ$7,"Approved") -> 0 | ... BX59: =SUMIFS('PCO Log'!$E69:$SJ69,'PCO Log'!$E$9:$SJ$9,'Graph Data'!BX$1,'PCO Log'!$E$7:$SJ$7,"Approved") -> 0
A60: PCO 59 | B60: ='PCO Log'!BK7 -> 0 | C60: ='PCO Log'!BK4 -> 0 | D60: {=INDEX('PCO Log'!$E$5:$SJ$5, 1, ROWS('Graph Data'!$D$2:D60))} -> 0 | E60: ='PCO Log'!BK8 -> 0 | F60: ='PCO Log'!BK3 -> 0 | G60: ='PCO Log'!BK10 -> 0 | H60: ='PCO Log'!BK6 -> 0 | J60: Pay App 59 | K60: ='Pay App 59'!H33 -> 0 | L60: =IF(M60>0,'Pay App 59'!$G$149,0) -> 0 | M60: ='Pay App 59'!H149 -> 0 | O60: ='Pay App 1'!B120 -> 11 90 00 | P60: ='Pay App 1'!C120 -> Equipment (other) | Q60: =SUMIFS('PCO Log'!$E70:$SJ70,'PCO Log'!$E$9:$SJ$9,'Graph Data'!Q$1,'PCO Log'!$E$7:$SJ$7,"Approved") -> 0 | R60: =SUMIFS('PCO Log'!$E70:$SJ70,'PCO Log'!$E$9:$SJ$9,'Graph Data'!R$1,'PCO Log'!$E$7:$SJ$7,"Approved") -> 0 | S60: =SUMIFS('PCO Log'!$E70:$SJ70,'PCO Log'!$E$9:$SJ$9,'Graph Data'!S$1,'PCO Log'!$E$7:$SJ$7,"Approved") -> 0 | T60: =SUMIFS('PCO Log'!$E70:$SJ70,'PCO Log'!$E$9:$SJ$9,'Graph Data'!T$1,'PCO Log'!$E$7:$SJ$7,"Approved") -> 0 | U60: =SUMIFS('PCO Log'!$E70:$SJ70,'PCO Log'!$E$9:$SJ$9,'Graph Data'!U$1,'PCO Log'!$E$7:$SJ$7,"Approved") -> 0 | V60: =SUMIFS('PCO Log'!$E70:$SJ70,'PCO Log'!$E$9:$SJ$9,'Graph Data'!V$1,'PCO Log'!$E$7:$SJ$7,"Approved") -> 0 | W60: =SUMIFS('PCO Log'!$E70:$SJ70,'PCO Log'!$E$9:$SJ$9,'Graph Data'!W$1,'PCO Log'!$E$7:$SJ$7,"Approved") -> 0 | X60: =SUMIFS('PCO Log'!$E70:$SJ70,'PCO Log'!$E$9:$SJ$9,'Graph Data'!X$1,'PCO Log'!$E$7:$SJ$7,"Approved") -> 0 | ... BX60: =SUMIFS('PCO Log'!$E70:$SJ70,'PCO Log'!$E$9:$SJ$9,'Graph Data'!BX$1,'PCO Log'!$E$7:$SJ$7,"Approved") -> 0
A61: PCO 60 | B61: ='PCO Log'!BL7 -> 0 | C61: ='PCO Log'!BL4 -> 0 | D61: {=INDEX('PCO Log'!$E$5:$SJ$5, 1, ROWS('Graph Data'!$D$2:D61))} -> 0 | E61: ='PCO Log'!BL8 -> 0 | F61: ='PCO Log'!BL3 -> 0 | G61: ='PCO Log'!BL10 -> 0 | H61: ='PCO Log'!BL6 -> 0 | J61: Pay App 60 | K61: ='Pay App 60'!H33 -> 0 | L61: =IF(M61>0,'Pay App 60'!$G$149,0) -> 0 | M61: ='Pay App 60'!H149 -> 0 | O61: ='Pay App 1'!B121 -> 12 00 00 | P61: ='Pay App 1'!C121 -> Furnishings | Q61: =SUMIFS('PCO Log'!$E71:$SJ71,'PCO Log'!$E$9:$SJ$9,'Graph Data'!Q$1,'PCO Log'!$E$7:$SJ$7,"Approved") -> 0 | R61: =SUMIFS('PCO Log'!$E71:$SJ71,'PCO Log'!$E$9:$SJ$9,'Graph Data'!R$1,'PCO Log'!$E$7:$SJ$7,"Approved") -> 0 | S61: =SUMIFS('PCO Log'!$E71:$SJ71,'PCO Log'!$E$9:$SJ$9,'Graph Data'!S$1,'PCO Log'!$E$7:$SJ$7,"Approved") -> 0 | T61: =SUMIFS('PCO Log'!$E71:$SJ71,'PCO Log'!$E$9:$SJ$9,'Graph Data'!T$1,'PCO Log'!$E$7:$SJ$7,"Approved") -> 0 | U61: =SUMIFS('PCO Log'!$E71:$SJ71,'PCO Log'!$E$9:$SJ$9,'Graph Data'!U$1,'PCO Log'!$E$7:$SJ$7,"Approved") -> 0 | V61: =SUMIFS('PCO Log'!$E71:$SJ71,'PCO Log'!$E$9:$SJ$9,'Graph Data'!V$1,'PCO Log'!$E$7:$SJ$7,"Approved") -> 0 | W61: =SUMIFS('PCO Log'!$E71:$SJ71,'PCO Log'!$E$9:$SJ$9,'Graph Data'!W$1,'PCO Log'!$E$7:$SJ$7,"Approved") -> 0 | X61: =SUMIFS('PCO Log'!$E71:$SJ71,'PCO Log'!$E$9:$SJ$9,'Graph Data'!X$1,'PCO Log'!$E$7:$SJ$7,"Approved") -> 0 | ... BX61: =SUMIFS('PCO Log'!$E71:$SJ71,'PCO Log'!$E$9:$SJ$9,'Graph Data'!BX$1,'PCO Log'!$E$7:$SJ$7,"Approved") -> 0
A62: PCO 61 | B62: ='PCO Log'!BM7 -> 0 | C62: ='PCO Log'!BM4 -> 0 | D62: {=INDEX('PCO Log'!$E$5:$SJ$5, 1, ROWS('Graph Data'!$D$2:D62))} -> 0 | E62: ='PCO Log'!BM8 -> 0 | F62: ='PCO Log'!BM3 -> 0 | G62: ='PCO Log'!BM10 -> 0 | H62: ='PCO Log'!BM6 -> 0 | O62: ='Pay App 1'!B122 -> 12 20 00 | P62: ='Pay App 1'!C122 -> Window Coverings | Q62: =SUMIFS('PCO Log'!$E72:$SJ72,'PCO Log'!$E$9:$SJ$9,'Graph Data'!Q$1,'PCO Log'!$E$7:$SJ$7,"Approved") -> 0 | R62: =SUMIFS('PCO Log'!$E72:$SJ72,'PCO Log'!$E$9:$SJ$9,'Graph Data'!R$1,'PCO Log'!$E$7:$SJ$7,"Approved") -> 0 | S62: =SUMIFS('PCO Log'!$E72:$SJ72,'PCO Log'!$E$9:$SJ$9,'Graph Data'!S$1,'PCO Log'!$E$7:$SJ$7,"Approved") -> 0 | T62: =SUMIFS('PCO Log'!$E72:$SJ72,'PCO Log'!$E$9:$SJ$9,'Graph Data'!T$1,'PCO Log'!$E$7:$SJ$7,"Approved") -> 0 | U62: =SUMIFS('PCO Log'!$E72:$SJ72,'PCO Log'!$E$9:$SJ$9,'Graph Data'!U$1,'PCO Log'!$E$7:$SJ$7,"Approved") -> 0 | V62: =SUMIFS('PCO Log'!$E72:$SJ72,'PCO Log'!$E$9:$SJ$9,'Graph Data'!V$1,'PCO Log'!$E$7:$SJ$7,"Approved") -> 0 | W62: =SUMIFS('PCO Log'!$E72:$SJ72,'PCO Log'!$E$9:$SJ$9,'Graph Data'!W$1,'PCO Log'!$E$7:$SJ$7,"Approved") -> 0 | X62: =SUMIFS('PCO Log'!$E72:$SJ72,'PCO Log'!$E$9:$SJ$9,'Graph Data'!X$1,'PCO Log'!$E$7:$SJ$7,"Approved") -> 0 | ... BX62: =SUMIFS('PCO Log'!$E72:$SJ72,'PCO Log'!$E$9:$SJ$9,'Graph Data'!BX$1,'PCO Log'!$E$7:$SJ$7,"Approved") -> 0
A63: PCO 62 | B63: ='PCO Log'!BN7 -> 0 | C63: ='PCO Log'!BN4 -> 0 | D63: {=INDEX('PCO Log'!$E$5:$SJ$5, 1, ROWS('Graph Data'!$D$2:D63))} -> 0 | E63: ='PCO Log'!BN8 -> 0 | F63: ='PCO Log'!BN3 -> 0 | G63: ='PCO Log'!BN10 -> 0 | H63: ='PCO Log'!BN6 -> 0 | O63: ='Pay App 1'!B123 -> 12 61 00 | P63: ='Pay App 1'!C123 -> Fixed Seating | Q63: =SUMIFS('PCO Log'!$E73:$SJ73,'PCO Log'!$E$9:$SJ$9,'Graph Data'!Q$1,'PCO Log'!$E$7:$SJ$7,"Approved") -> 0 | R63: =SUMIFS('PCO Log'!$E73:$SJ73,'PCO Log'!$E$9:$SJ$9,'Graph Data'!R$1,'PCO Log'!$E$7:$SJ$7,"Approved") -> 0 | S63: =SUMIFS('PCO Log'!$E73:$SJ73,'PCO Log'!$E$9:$SJ$9,'Graph Data'!S$1,'PCO Log'!$E$7:$SJ$7,"Approved") -> 0 | T63: =SUMIFS('PCO Log'!$E73:$SJ73,'PCO Log'!$E$9:$SJ$9,'Graph Data'!T$1,'PCO Log'!$E$7:$SJ$7,"Approved") -> 0 | U63: =SUMIFS('PCO Log'!$E73:$SJ73,'PCO Log'!$E$9:$SJ$9,'Graph Data'!U$1,'PCO Log'!$E$7:$SJ$7,"Approved") -> 0 | V63: =SUMIFS('PCO Log'!$E73:$SJ73,'PCO Log'!$E$9:$SJ$9,'Graph Data'!V$1,'PCO Log'!$E$7:$SJ$7,"Approved") -> 0 | W63: =SUMIFS('PCO Log'!$E73:$SJ73,'PCO Log'!$E$9:$SJ$9,'Graph Data'!W$1,'PCO Log'!$E$7:$SJ$7,"Approved") -> 0 | X63: =SUMIFS('PCO Log'!$E73:$SJ73,'PCO Log'!$E$9:$SJ$9,'Graph Data'!X$1,'PCO Log'!$E$7:$SJ$7,"Approved") -> 0 | ... BX63: =SUMIFS('PCO Log'!$E73:$SJ73,'PCO Log'!$E$9:$SJ$9,'Graph Data'!BX$1,'PCO Log'!$E$7:$SJ$7,"Approved") -> 0
A64: PCO 63 | B64: ='PCO Log'!BO7 -> 0 | C64: ='PCO Log'!BO4 -> 0 | D64: {=INDEX('PCO Log'!$E$5:$SJ$5, 1, ROWS('Graph Data'!$D$2:D64))} -> 0 | E64: ='PCO Log'!BO8 -> 0 | F64: ='PCO Log'!BO3 -> 0 | G64: ='PCO Log'!BO10 -> 0 | H64: ='PCO Log'!BO6 -> 0 | K64: Pay Apps | L64: COs | M64: PCO Status | O64: ='Pay App 1'!B124 -> 13 00 00 | P64: ='Pay App 1'!C124 -> Special Construction (Other) | Q64: =SUMIFS('PCO Log'!$E74:$SJ74,'PCO Log'!$E$9:$SJ$9,'Graph Data'!Q$1,'PCO Log'!$E$7:$SJ$7,"Approved") -> 0 | R64: =SUMIFS('PCO Log'!$E74:$SJ74,'PCO Log'!$E$9:$SJ$9,'Graph Data'!R$1,'PCO Log'!$E$7:$SJ$7,"Approved") -> 0 | S64: =SUMIFS('PCO Log'!$E74:$SJ74,'PCO Log'!$E$9:$SJ$9,'Graph Data'!S$1,'PCO Log'!$E$7:$SJ$7,"Approved") -> 0 | T64: =SUMIFS('PCO Log'!$E74:$SJ74,'PCO Log'!$E$9:$SJ$9,'Graph Data'!T$1,'PCO Log'!$E$7:$SJ$7,"Approved") -> 0 | U64: =SUMIFS('PCO Log'!$E74:$SJ74,'PCO Log'!$E$9:$SJ$9,'Graph Data'!U$1,'PCO Log'!$E$7:$SJ$7,"Approved") -> 0 | V64: =SUMIFS('PCO Log'!$E74:$SJ74,'PCO Log'!$E$9:$SJ$9,'Graph Data'!V$1,'PCO Log'!$E$7:$SJ$7,"Approved") -> 0 | W64: =SUMIFS('PCO Log'!$E74:$SJ74,'PCO Log'!$E$9:$SJ$9,'Graph Data'!W$1,'PCO Log'!$E$7:$SJ$7,"Approved") -> 0 | X64: =SUMIFS('PCO Log'!$E74:$SJ74,'PCO Log'!$E$9:$SJ$9,'Graph Data'!X$1,'PCO Log'!$E$7:$SJ$7,"Approved") -> 0 | ... BX64: =SUMIFS('PCO Log'!$E74:$SJ74,'PCO Log'!$E$9:$SJ$9,'Graph Data'!BX$1,'PCO Log'!$E$7:$SJ$7,"Approved") -> 0
A65: PCO 64 | B65: ='PCO Log'!BP7 -> 0 | C65: ='PCO Log'!BP4 -> 0 | D65: {=INDEX('PCO Log'!$E$5:$SJ$5, 1, ROWS('Graph Data'!$D$2:D65))} -> 0 | E65: ='PCO Log'!BP8 -> 0 | F65: ='PCO Log'!BP3 -> 0 | G65: ='PCO Log'!BP10 -> 0 | H65: ='PCO Log'!BP6 -> 0 | K65: Pay App 1 | L65: 1 | M65: New | O65: ='Pay App 1'!B125 -> 13 48 00 | P65: ='Pay App 1'!C125 -> Sound & Vibration Control | Q65: =SUMIFS('PCO Log'!$E75:$SJ75,'PCO Log'!$E$9:$SJ$9,'Graph Data'!Q$1,'PCO Log'!$E$7:$SJ$7,"Approved") -> 0 | R65: =SUMIFS('PCO Log'!$E75:$SJ75,'PCO Log'!$E$9:$SJ$9,'Graph Data'!R$1,'PCO Log'!$E$7:$SJ$7,"Approved") -> 0 | S65: =SUMIFS('PCO Log'!$E75:$SJ75,'PCO Log'!$E$9:$SJ$9,'Graph Data'!S$1,'PCO Log'!$E$7:$SJ$7,"Approved") -> 0 | T65: =SUMIFS('PCO Log'!$E75:$SJ75,'PCO Log'!$E$9:$SJ$9,'Graph Data'!T$1,'PCO Log'!$E$7:$SJ$7,"Approved") -> 0 | U65: =SUMIFS('PCO Log'!$E75:$SJ75,'PCO Log'!$E$9:$SJ$9,'Graph Data'!U$1,'PCO Log'!$E$7:$SJ$7,"Approved") -> 0 | V65: =SUMIFS('PCO Log'!$E75:$SJ75,'PCO Log'!$E$9:$SJ$9,'Graph Data'!V$1,'PCO Log'!$E$7:$SJ$7,"Approved") -> 0 | W65: =SUMIFS('PCO Log'!$E75:$SJ75,'PCO Log'!$E$9:$SJ$9,'Graph Data'!W$1,'PCO Log'!$E$7:$SJ$7,"Approved") -> 0 | X65: =SUMIFS('PCO Log'!$E75:$SJ75,'PCO Log'!$E$9:$SJ$9,'Graph Data'!X$1,'PCO Log'!$E$7:$SJ$7,"Approved") -> 0 | ... BX65: =SUMIFS('PCO Log'!$E75:$SJ75,'PCO Log'!$E$9:$SJ$9,'Graph Data'!BX$1,'PCO Log'!$E$7:$SJ$7,"Approved") -> 0
A66: PCO 65 | B66: ='PCO Log'!BQ7 -> 0 | C66: ='PCO Log'!BQ4 -> 0 | D66: {=INDEX('PCO Log'!$E$5:$SJ$5, 1, ROWS('Graph Data'!$D$2:D66))} -> 0 | E66: ='PCO Log'!BQ8 -> 0 | F66: ='PCO Log'!BQ3 -> 0 | G66: ='PCO Log'!BQ10 -> 0 | H66: ='PCO Log'!BQ6 -> 0 | K66: Pay App 2 | L66: 2 | M66: Pending Approval | O66: ='Pay App 1'!B126 -> 14 20 00 | P66: ='Pay App 1'!C126 -> Elevator | Q66: =SUMIFS('PCO Log'!$E76:$SJ76,'PCO Log'!$E$9:$SJ$9,'Graph Data'!Q$1,'PCO Log'!$E$7:$SJ$7,"Approved") -> 0 | R66: =SUMIFS('PCO Log'!$E76:$SJ76,'PCO Log'!$E$9:$SJ$9,'Graph Data'!R$1,'PCO Log'!$E$7:$SJ$7,"Approved") -> 0 | S66: =SUMIFS('PCO Log'!$E76:$SJ76,'PCO Log'!$E$9:$SJ$9,'Graph Data'!S$1,'PCO Log'!$E$7:$SJ$7,"Approved") -> 0 | T66: =SUMIFS('PCO Log'!$E76:$SJ76,'PCO Log'!$E$9:$SJ$9,'Graph Data'!T$1,'PCO Log'!$E$7:$SJ$7,"Approved") -> 0 | U66: =SUMIFS('PCO Log'!$E76:$SJ76,'PCO Log'!$E$9:$SJ$9,'Graph Data'!U$1,'PCO Log'!$E$7:$SJ$7,"Approved") -> 0 | V66: =SUMIFS('PCO Log'!$E76:$SJ76,'PCO Log'!$E$9:$SJ$9,'Graph Data'!V$1,'PCO Log'!$E$7:$SJ$7,"Approved") -> 0 | W66: =SUMIFS('PCO Log'!$E76:$SJ76,'PCO Log'!$E$9:$SJ$9,'Graph Data'!W$1,'PCO Log'!$E$7:$SJ$7,"Approved") -> 0 | X66: =SUMIFS('PCO Log'!$E76:$SJ76,'PCO Log'!$E$9:$SJ$9,'Graph Data'!X$1,'PCO Log'!$E$7:$SJ$7,"Approved") -> 0 | ... BX66: =SUMIFS('PCO Log'!$E76:$SJ76,'PCO Log'!$E$9:$SJ$9,'Graph Data'!BX$1,'PCO Log'!$E$7:$SJ$7,"Approved") -> 0
A67: PCO 66 | B67: ='PCO Log'!BR7 -> 0 | C67: ='PCO Log'!BR4 -> 0 | D67: {=INDEX('PCO Log'!$E$5:$SJ$5, 1, ROWS('Graph Data'!$D$2:D67))} -> 0 | E67: ='PCO Log'!BR8 -> 0 | F67: ='PCO Log'!BR3 -> 0 | G67: ='PCO Log'!BR10 -> 0 | H67: ='PCO Log'!BR6 -> 0 | K67: Pay App 3 | L67: 3 | M67: Approved | O67: ='Pay App 1'!B127 -> 14 40 00 | P67: ='Pay App 1'!C127 -> Lifts | Q67: =SUMIFS('PCO Log'!$E77:$SJ77,'PCO Log'!$E$9:$SJ$9,'Graph Data'!Q$1,'PCO Log'!$E$7:$SJ$7,"Approved") -> 0 | R67: =SUMIFS('PCO Log'!$E77:$SJ77,'PCO Log'!$E$9:$SJ$9,'Graph Data'!R$1,'PCO Log'!$E$7:$SJ$7,"Approved") -> 0 | S67: =SUMIFS('PCO Log'!$E77:$SJ77,'PCO Log'!$E$9:$SJ$9,'Graph Data'!S$1,'PCO Log'!$E$7:$SJ$7,"Approved") -> 0 | T67: =SUMIFS('PCO Log'!$E77:$SJ77,'PCO Log'!$E$9:$SJ$9,'Graph Data'!T$1,'PCO Log'!$E$7:$SJ$7,"Approved") -> 0 | U67: =SUMIFS('PCO Log'!$E77:$SJ77,'PCO Log'!$E$9:$SJ$9,'Graph Data'!U$1,'PCO Log'!$E$7:$SJ$7,"Approved") -> 0 | V67: =SUMIFS('PCO Log'!$E77:$SJ77,'PCO Log'!$E$9:$SJ$9,'Graph Data'!V$1,'PCO Log'!$E$7:$SJ$7,"Approved") -> 0 | W67: =SUMIFS('PCO Log'!$E77:$SJ77,'PCO Log'!$E$9:$SJ$9,'Graph Data'!W$1,'PCO Log'!$E$7:$SJ$7,"Approved") -> 0 | X67: =SUMIFS('PCO Log'!$E77:$SJ77,'PCO Log'!$E$9:$SJ$9,'Graph Data'!X$1,'PCO Log'!$E$7:$SJ$7,"Approved") -> 0 | ... BX67: =SUMIFS('PCO Log'!$E77:$SJ77,'PCO Log'!$E$9:$SJ$9,'Graph Data'!BX$1,'PCO Log'!$E$7:$SJ$7,"Approved") -> 0
A68: PCO 67 | B68: ='PCO Log'!BS7 -> 0 | C68: ='PCO Log'!BS4 -> 0 | D68: {=INDEX('PCO Log'!$E$5:$SJ$5, 1, ROWS('Graph Data'!$D$2:D68))} -> 0 | E68: ='PCO Log'!BS8 -> 0 | F68: ='PCO Log'!BS3 -> 0 | G68: ='PCO Log'!BS10 -> 0 | H68: ='PCO Log'!BS6 -> 0 | K68: Pay App 4 | L68: 4 | M68: Rejected | O68: ='Pay App 1'!B128 -> 20 00 00 | P68: ='Pay App 1'!C128 -> Mechanical/Plumbing | Q68: =SUMIFS('PCO Log'!$E78:$SJ78,'PCO Log'!$E$9:$SJ$9,'Graph Data'!Q$1,'PCO Log'!$E$7:$SJ$7,"Approved") -> 0 | R68: =SUMIFS('PCO Log'!$E78:$SJ78,'PCO Log'!$E$9:$SJ$9,'Graph Data'!R$1,'PCO Log'!$E$7:$SJ$7,"Approved") -> 0 | S68: =SUMIFS('PCO Log'!$E78:$SJ78,'PCO Log'!$E$9:$SJ$9,'Graph Data'!S$1,'PCO Log'!$E$7:$SJ$7,"Approved") -> 0 | T68: =SUMIFS('PCO Log'!$E78:$SJ78,'PCO Log'!$E$9:$SJ$9,'Graph Data'!T$1,'PCO Log'!$E$7:$SJ$7,"Approved") -> 0 | U68: =SUMIFS('PCO Log'!$E78:$SJ78,'PCO Log'!$E$9:$SJ$9,'Graph Data'!U$1,'PCO Log'!$E$7:$SJ$7,"Approved") -> 0 | V68: =SUMIFS('PCO Log'!$E78:$SJ78,'PCO Log'!$E$9:$SJ$9,'Graph Data'!V$1,'PCO Log'!$E$7:$SJ$7,"Approved") -> 0 | W68: =SUMIFS('PCO Log'!$E78:$SJ78,'PCO Log'!$E$9:$SJ$9,'Graph Data'!W$1,'PCO Log'!$E$7:$SJ$7,"Approved") -> 0 | X68: =SUMIFS('PCO Log'!$E78:$SJ78,'PCO Log'!$E$9:$SJ$9,'Graph Data'!X$1,'PCO Log'!$E$7:$SJ$7,"Approved") -> 0 | ... BX68: =SUMIFS('PCO Log'!$E78:$SJ78,'PCO Log'!$E$9:$SJ$9,'Graph Data'!BX$1,'PCO Log'!$E$7:$SJ$7,"Approved") -> 0
A69: PCO 68 | B69: ='PCO Log'!BT7 -> 0 | C69: ='PCO Log'!BT4 -> 0 | D69: {=INDEX('PCO Log'!$E$5:$SJ$5, 1, ROWS('Graph Data'!$D$2:D69))} -> 0 | E69: ='PCO Log'!BT8 -> 0 | F69: ='PCO Log'!BT3 -> 0 | G69: ='PCO Log'!BT10 -> 0 | H69: ='PCO Log'!BT6 -> 0 | K69: Pay App 5 | L69: 5 | O69: ='Pay App 1'!B129 -> 21 00 00 | P69: ='Pay App 1'!C129 -> Fire Sprinklers/Pumps | Q69: =SUMIFS('PCO Log'!$E79:$SJ79,'PCO Log'!$E$9:$SJ$9,'Graph Data'!Q$1,'PCO Log'!$E$7:$SJ$7,"Approved") -> 0 | R69: =SUMIFS('PCO Log'!$E79:$SJ79,'PCO Log'!$E$9:$SJ$9,'Graph Data'!R$1,'PCO Log'!$E$7:$SJ$7,"Approved") -> 0 | S69: =SUMIFS('PCO Log'!$E79:$SJ79,'PCO Log'!$E$9:$SJ$9,'Graph Data'!S$1,'PCO Log'!$E$7:$SJ$7,"Approved") -> 0 | T69: =SUMIFS('PCO Log'!$E79:$SJ79,'PCO Log'!$E$9:$SJ$9,'Graph Data'!T$1,'PCO Log'!$E$7:$SJ$7,"Approved") -> 0 | U69: =SUMIFS('PCO Log'!$E79:$SJ79,'PCO Log'!$E$9:$SJ$9,'Graph Data'!U$1,'PCO Log'!$E$7:$SJ$7,"Approved") -> 0 | V69: =SUMIFS('PCO Log'!$E79:$SJ79,'PCO Log'!$E$9:$SJ$9,'Graph Data'!V$1,'PCO Log'!$E$7:$SJ$7,"Approved") -> 0 | W69: =SUMIFS('PCO Log'!$E79:$SJ79,'PCO Log'!$E$9:$SJ$9,'Graph Data'!W$1,'PCO Log'!$E$7:$SJ$7,"Approved") -> 0 | X69: =SUMIFS('PCO Log'!$E79:$SJ79,'PCO Log'!$E$9:$SJ$9,'Graph Data'!X$1,'PCO Log'!$E$7:$SJ$7,"Approved") -> 0 | ... BX69: =SUMIFS('PCO Log'!$E79:$SJ79,'PCO Log'!$E$9:$SJ$9,'Graph Data'!BX$1,'PCO Log'!$E$7:$SJ$7,"Approved") -> 0
A70: PCO 69 | B70: ='PCO Log'!BU7 -> 0 | C70: ='PCO Log'!BU4 -> 0 | D70: {=INDEX('PCO Log'!$E$5:$SJ$5, 1, ROWS('Graph Data'!$D$2:D70))} -> 0 | E70: ='PCO Log'!BU8 -> 0 | F70: ='PCO Log'!BU3 -> 0 | G70: ='PCO Log'!BU10 -> 0 | H70: ='PCO Log'!BU6 -> 0 | K70: Pay App 6 | L70: 6 | O70: ='Pay App 1'!B130 -> 22 00 00 | P70: ='Pay App 1'!C130 -> Plumbing | Q70: =SUMIFS('PCO Log'!$E80:$SJ80,'PCO Log'!$E$9:$SJ$9,'Graph Data'!Q$1,'PCO Log'!$E$7:$SJ$7,"Approved") -> 0 | R70: =SUMIFS('PCO Log'!$E80:$SJ80,'PCO Log'!$E$9:$SJ$9,'Graph Data'!R$1,'PCO Log'!$E$7:$SJ$7,"Approved") -> 0 | S70: =SUMIFS('PCO Log'!$E80:$SJ80,'PCO Log'!$E$9:$SJ$9,'Graph Data'!S$1,'PCO Log'!$E$7:$SJ$7,"Approved") -> 0 | T70: =SUMIFS('PCO Log'!$E80:$SJ80,'PCO Log'!$E$9:$SJ$9,'Graph Data'!T$1,'PCO Log'!$E$7:$SJ$7,"Approved") -> 0 | U70: =SUMIFS('PCO Log'!$E80:$SJ80,'PCO Log'!$E$9:$SJ$9,'Graph Data'!U$1,'PCO Log'!$E$7:$SJ$7,"Approved") -> 0 | V70: =SUMIFS('PCO Log'!$E80:$SJ80,'PCO Log'!$E$9:$SJ$9,'Graph Data'!V$1,'PCO Log'!$E$7:$SJ$7,"Approved") -> 0 | W70: =SUMIFS('PCO Log'!$E80:$SJ80,'PCO Log'!$E$9:$SJ$9,'Graph Data'!W$1,'PCO Log'!$E$7:$SJ$7,"Approved") -> 0 | X70: =SUMIFS('PCO Log'!$E80:$SJ80,'PCO Log'!$E$9:$SJ$9,'Graph Data'!X$1,'PCO Log'!$E$7:$SJ$7,"Approved") -> 0 | ... BX70: =SUMIFS('PCO Log'!$E80:$SJ80,'PCO Log'!$E$9:$SJ$9,'Graph Data'!BX$1,'PCO Log'!$E$7:$SJ$7,"Approved") -> 0
A71: PCO 70 | B71: ='PCO Log'!BV7 -> 0 | C71: ='PCO Log'!BV4 -> 0 | D71: {=INDEX('PCO Log'!$E$5:$SJ$5, 1, ROWS('Graph Data'!$D$2:D71))} -> 0 | E71: ='PCO Log'!BV8 -> 0 | F71: ='PCO Log'!BV3 -> 0 | G71: ='PCO Log'!BV10 -> 0 | H71: ='PCO Log'!BV6 -> 0 | K71: Pay App 7 | L71: 7 | O71: ='Pay App 1'!B131 -> 23 00 00 | P71: ='Pay App 1'!C131 -> HVAC | Q71: =SUMIFS('PCO Log'!$E81:$SJ81,'PCO Log'!$E$9:$SJ$9,'Graph Data'!Q$1,'PCO Log'!$E$7:$SJ$7,"Approved") -> 0 | R71: =SUMIFS('PCO Log'!$E81:$SJ81,'PCO Log'!$E$9:$SJ$9,'Graph Data'!R$1,'PCO Log'!$E$7:$SJ$7,"Approved") -> 0 | S71: =SUMIFS('PCO Log'!$E81:$SJ81,'PCO Log'!$E$9:$SJ$9,'Graph Data'!S$1,'PCO Log'!$E$7:$SJ$7,"Approved") -> 0 | T71: =SUMIFS('PCO Log'!$E81:$SJ81,'PCO Log'!$E$9:$SJ$9,'Graph Data'!T$1,'PCO Log'!$E$7:$SJ$7,"Approved") -> 0 | U71: =SUMIFS('PCO Log'!$E81:$SJ81,'PCO Log'!$E$9:$SJ$9,'Graph Data'!U$1,'PCO Log'!$E$7:$SJ$7,"Approved") -> 0 | V71: =SUMIFS('PCO Log'!$E81:$SJ81,'PCO Log'!$E$9:$SJ$9,'Graph Data'!V$1,'PCO Log'!$E$7:$SJ$7,"Approved") -> 0 | W71: =SUMIFS('PCO Log'!$E81:$SJ81,'PCO Log'!$E$9:$SJ$9,'Graph Data'!W$1,'PCO Log'!$E$7:$SJ$7,"Approved") -> 0 | X71: =SUMIFS('PCO Log'!$E81:$SJ81,'PCO Log'!$E$9:$SJ$9,'Graph Data'!X$1,'PCO Log'!$E$7:$SJ$7,"Approved") -> 0 | ... BX71: =SUMIFS('PCO Log'!$E81:$SJ81,'PCO Log'!$E$9:$SJ$9,'Graph Data'!BX$1,'PCO Log'!$E$7:$SJ$7,"Approved") -> 0
A72: PCO 71 | B72: ='PCO Log'!BW7 -> 0 | C72: ='PCO Log'!BW4 -> 0 | D72: {=INDEX('PCO Log'!$E$5:$SJ$5, 1, ROWS('Graph Data'!$D$2:D72))} -> 0 | E72: ='PCO Log'!BW8 -> 0 | F72: ='PCO Log'!BW3 -> 0 | G72: ='PCO Log'!BW10 -> 0 | H72: ='PCO Log'!BW6 -> 0 | K72: Pay App 8 | L72: 8 | O72: ='Pay App 1'!B132 -> 26 00 00 | P72: ='Pay App 1'!C132 -> Electrical | Q72: =SUMIFS('PCO Log'!$E82:$SJ82,'PCO Log'!$E$9:$SJ$9,'Graph Data'!Q$1,'PCO Log'!$E$7:$SJ$7,"Approved") -> 0 | R72: =SUMIFS('PCO Log'!$E82:$SJ82,'PCO Log'!$E$9:$SJ$9,'Graph Data'!R$1,'PCO Log'!$E$7:$SJ$7,"Approved") -> 0 | S72: =SUMIFS('PCO Log'!$E82:$SJ82,'PCO Log'!$E$9:$SJ$9,'Graph Data'!S$1,'PCO Log'!$E$7:$SJ$7,"Approved") -> 0 | T72: =SUMIFS('PCO Log'!$E82:$SJ82,'PCO Log'!$E$9:$SJ$9,'Graph Data'!T$1,'PCO Log'!$E$7:$SJ$7,"Approved") -> 0 | U72: =SUMIFS('PCO Log'!$E82:$SJ82,'PCO Log'!$E$9:$SJ$9,'Graph Data'!U$1,'PCO Log'!$E$7:$SJ$7,"Approved") -> 0 | V72: =SUMIFS('PCO Log'!$E82:$SJ82,'PCO Log'!$E$9:$SJ$9,'Graph Data'!V$1,'PCO Log'!$E$7:$SJ$7,"Approved") -> 0 | W72: =SUMIFS('PCO Log'!$E82:$SJ82,'PCO Log'!$E$9:$SJ$9,'Graph Data'!W$1,'PCO Log'!$E$7:$SJ$7,"Approved") -> 0 | X72: =SUMIFS('PCO Log'!$E82:$SJ82,'PCO Log'!$E$9:$SJ$9,'Graph Data'!X$1,'PCO Log'!$E$7:$SJ$7,"Approved") -> 0 | ... BX72: =SUMIFS('PCO Log'!$E82:$SJ82,'PCO Log'!$E$9:$SJ$9,'Graph Data'!BX$1,'PCO Log'!$E$7:$SJ$7,"Approved") -> 0
A73: PCO 72 | B73: ='PCO Log'!BX7 -> 0 | C73: ='PCO Log'!BX4 -> 0 | D73: {=INDEX('PCO Log'!$E$5:$SJ$5, 1, ROWS('Graph Data'!$D$2:D73))} -> 0 | E73: ='PCO Log'!BX8 -> 0 | F73: ='PCO Log'!BX3 -> 0 | G73: ='PCO Log'!BX10 -> 0 | H73: ='PCO Log'!BX6 -> 0 | K73: Pay App 9 | L73: 9 | M73: Base Contract / Full GMP | O73: ='Pay App 1'!B133 -> 27 00 00 | P73: ='Pay App 1'!C133 -> AV/IT/Cabling | Q73: =SUMIFS('PCO Log'!$E83:$SJ83,'PCO Log'!$E$9:$SJ$9,'Graph Data'!Q$1,'PCO Log'!$E$7:$SJ$7,"Approved") -> 0 | R73: =SUMIFS('PCO Log'!$E83:$SJ83,'PCO Log'!$E$9:$SJ$9,'Graph Data'!R$1,'PCO Log'!$E$7:$SJ$7,"Approved") -> 0 | S73: =SUMIFS('PCO Log'!$E83:$SJ83,'PCO Log'!$E$9:$SJ$9,'Graph Data'!S$1,'PCO Log'!$E$7:$SJ$7,"Approved") -> 0 | T73: =SUMIFS('PCO Log'!$E83:$SJ83,'PCO Log'!$E$9:$SJ$9,'Graph Data'!T$1,'PCO Log'!$E$7:$SJ$7,"Approved") -> 0 | U73: =SUMIFS('PCO Log'!$E83:$SJ83,'PCO Log'!$E$9:$SJ$9,'Graph Data'!U$1,'PCO Log'!$E$7:$SJ$7,"Approved") -> 0 | V73: =SUMIFS('PCO Log'!$E83:$SJ83,'PCO Log'!$E$9:$SJ$9,'Graph Data'!V$1,'PCO Log'!$E$7:$SJ$7,"Approved") -> 0 | W73: =SUMIFS('PCO Log'!$E83:$SJ83,'PCO Log'!$E$9:$SJ$9,'Graph Data'!W$1,'PCO Log'!$E$7:$SJ$7,"Approved") -> 0 | X73: =SUMIFS('PCO Log'!$E83:$SJ83,'PCO Log'!$E$9:$SJ$9,'Graph Data'!X$1,'PCO Log'!$E$7:$SJ$7,"Approved") -> 0 | ... BX73: =SUMIFS('PCO Log'!$E83:$SJ83,'PCO Log'!$E$9:$SJ$9,'Graph Data'!BX$1,'PCO Log'!$E$7:$SJ$7,"Approved") -> 0
A74: PCO 73 | B74: ='PCO Log'!BY7 -> 0 | C74: ='PCO Log'!BY4 -> 0 | D74: {=INDEX('PCO Log'!$E$5:$SJ$5, 1, ROWS('Graph Data'!$D$2:D74))} -> 0 | E74: ='PCO Log'!BY8 -> 0 | F74: ='PCO Log'!BY3 -> 0 | G74: ='PCO Log'!BY10 -> 0 | H74: ='PCO Log'!BY6 -> 0 | K74: Pay App 10 | L74: 10 | M74: Yes | O74: ='Pay App 1'!B134 -> 28 80 00 | P74: ='Pay App 1'!C134 -> Security/Access Control | Q74: =SUMIFS('PCO Log'!$E84:$SJ84,'PCO Log'!$E$9:$SJ$9,'Graph Data'!Q$1,'PCO Log'!$E$7:$SJ$7,"Approved") -> 0 | R74: =SUMIFS('PCO Log'!$E84:$SJ84,'PCO Log'!$E$9:$SJ$9,'Graph Data'!R$1,'PCO Log'!$E$7:$SJ$7,"Approved") -> 0 | S74: =SUMIFS('PCO Log'!$E84:$SJ84,'PCO Log'!$E$9:$SJ$9,'Graph Data'!S$1,'PCO Log'!$E$7:$SJ$7,"Approved") -> 0 | T74: =SUMIFS('PCO Log'!$E84:$SJ84,'PCO Log'!$E$9:$SJ$9,'Graph Data'!T$1,'PCO Log'!$E$7:$SJ$7,"Approved") -> 0 | U74: =SUMIFS('PCO Log'!$E84:$SJ84,'PCO Log'!$E$9:$SJ$9,'Graph Data'!U$1,'PCO Log'!$E$7:$SJ$7,"Approved") -> 0 | V74: =SUMIFS('PCO Log'!$E84:$SJ84,'PCO Log'!$E$9:$SJ$9,'Graph Data'!V$1,'PCO Log'!$E$7:$SJ$7,"Approved") -> 0 | W74: =SUMIFS('PCO Log'!$E84:$SJ84,'PCO Log'!$E$9:$SJ$9,'Graph Data'!W$1,'PCO Log'!$E$7:$SJ$7,"Approved") -> 0 | X74: =SUMIFS('PCO Log'!$E84:$SJ84,'PCO Log'!$E$9:$SJ$9,'Graph Data'!X$1,'PCO Log'!$E$7:$SJ$7,"Approved") -> 0 | ... BX74: =SUMIFS('PCO Log'!$E84:$SJ84,'PCO Log'!$E$9:$SJ$9,'Graph Data'!BX$1,'PCO Log'!$E$7:$SJ$7,"Approved") -> 0
A75: PCO 74 | B75: ='PCO Log'!BZ7 -> 0 | C75: ='PCO Log'!BZ4 -> 0 | D75: {=INDEX('PCO Log'!$E$5:$SJ$5, 1, ROWS('Graph Data'!$D$2:D75))} -> 0 | E75: ='PCO Log'!BZ8 -> 0 | F75: ='PCO Log'!BZ3 -> 0 | G75: ='PCO Log'!BZ10 -> 0 | H75: ='PCO Log'!BZ6 -> 0 | K75: Pay App 11 | L75: 11 | M75: No | O75: ='Pay App 1'!B135 -> 29 00 00 | P75: ='Pay App 1'!C135 -> Electrical (other) | Q75: =SUMIFS('PCO Log'!$E85:$SJ85,'PCO Log'!$E$9:$SJ$9,'Graph Data'!Q$1,'PCO Log'!$E$7:$SJ$7,"Approved") -> 0 | R75: =SUMIFS('PCO Log'!$E85:$SJ85,'PCO Log'!$E$9:$SJ$9,'Graph Data'!R$1,'PCO Log'!$E$7:$SJ$7,"Approved") -> 0 | S75: =SUMIFS('PCO Log'!$E85:$SJ85,'PCO Log'!$E$9:$SJ$9,'Graph Data'!S$1,'PCO Log'!$E$7:$SJ$7,"Approved") -> 0 | T75: =SUMIFS('PCO Log'!$E85:$SJ85,'PCO Log'!$E$9:$SJ$9,'Graph Data'!T$1,'PCO Log'!$E$7:$SJ$7,"Approved") -> 0 | U75: =SUMIFS('PCO Log'!$E85:$SJ85,'PCO Log'!$E$9:$SJ$9,'Graph Data'!U$1,'PCO Log'!$E$7:$SJ$7,"Approved") -> 0 | V75: =SUMIFS('PCO Log'!$E85:$SJ85,'PCO Log'!$E$9:$SJ$9,'Graph Data'!V$1,'PCO Log'!$E$7:$SJ$7,"Approved") -> 0 | W75: =SUMIFS('PCO Log'!$E85:$SJ85,'PCO Log'!$E$9:$SJ$9,'Graph Data'!W$1,'PCO Log'!$E$7:$SJ$7,"Approved") -> 0 | X75: =SUMIFS('PCO Log'!$E85:$SJ85,'PCO Log'!$E$9:$SJ$9,'Graph Data'!X$1,'PCO Log'!$E$7:$SJ$7,"Approved") -> 0 | ... BX75: =SUMIFS('PCO Log'!$E85:$SJ85,'PCO Log'!$E$9:$SJ$9,'Graph Data'!BX$1,'PCO Log'!$E$7:$SJ$7,"Approved") -> 0
A76: PCO 75 | B76: ='PCO Log'!CA7 -> 0 | C76: ='PCO Log'!CA4 -> 0 | D76: {=INDEX('PCO Log'!$E$5:$SJ$5, 1, ROWS('Graph Data'!$D$2:D76))} -> 0 | E76: ='PCO Log'!CA8 -> 0 | F76: ='PCO Log'!CA3 -> 0 | G76: ='PCO Log'!CA10 -> 0 | H76: ='PCO Log'!CA6 -> 0 | K76: Pay App 12 | L76: 12 | M76: N/A | O76: ='Pay App 1'!B136 -> 31 00 00 | P76: ='Pay App 1'!C136 -> Building & Site Earthwork | Q76: =SUMIFS('PCO Log'!$E86:$SJ86,'PCO Log'!$E$9:$SJ$9,'Graph Data'!Q$1,'PCO Log'!$E$7:$SJ$7,"Approved") -> 0 | R76: =SUMIFS('PCO Log'!$E86:$SJ86,'PCO Log'!$E$9:$SJ$9,'Graph Data'!R$1,'PCO Log'!$E$7:$SJ$7,"Approved") -> 0 | S76: =SUMIFS('PCO Log'!$E86:$SJ86,'PCO Log'!$E$9:$SJ$9,'Graph Data'!S$1,'PCO Log'!$E$7:$SJ$7,"Approved") -> 0 | T76: =SUMIFS('PCO Log'!$E86:$SJ86,'PCO Log'!$E$9:$SJ$9,'Graph Data'!T$1,'PCO Log'!$E$7:$SJ$7,"Approved") -> 0 | U76: =SUMIFS('PCO Log'!$E86:$SJ86,'PCO Log'!$E$9:$SJ$9,'Graph Data'!U$1,'PCO Log'!$E$7:$SJ$7,"Approved") -> 0 | V76: =SUMIFS('PCO Log'!$E86:$SJ86,'PCO Log'!$E$9:$SJ$9,'Graph Data'!V$1,'PCO Log'!$E$7:$SJ$7,"Approved") -> 0 | W76: =SUMIFS('PCO Log'!$E86:$SJ86,'PCO Log'!$E$9:$SJ$9,'Graph Data'!W$1,'PCO Log'!$E$7:$SJ$7,"Approved") -> 0 | X76: =SUMIFS('PCO Log'!$E86:$SJ86,'PCO Log'!$E$9:$SJ$9,'Graph Data'!X$1,'PCO Log'!$E$7:$SJ$7,"Approved") -> 0 | ... BX76: =SUMIFS('PCO Log'!$E86:$SJ86,'PCO Log'!$E$9:$SJ$9,'Graph Data'!BX$1,'PCO Log'!$E$7:$SJ$7,"Approved") -> 0
A77: PCO 76 | B77: ='PCO Log'!CB7 -> 0 | C77: ='PCO Log'!CB4 -> 0 | D77: {=INDEX('PCO Log'!$E$5:$SJ$5, 1, ROWS('Graph Data'!$D$2:D77))} -> 0 | E77: ='PCO Log'!CB8 -> 0 | F77: ='PCO Log'!CB3 -> 0 | G77: ='PCO Log'!CB10 -> 0 | H77: ='PCO Log'!CB6 -> 0 | K77: Pay App 13 | L77: 13 | O77: ='Pay App 1'!B137 -> 31 40 00 | P77: ='Pay App 1'!C137 -> Shoring/Pilings/Piers/Caissons | Q77: =SUMIFS('PCO Log'!$E87:$SJ87,'PCO Log'!$E$9:$SJ$9,'Graph Data'!Q$1,'PCO Log'!$E$7:$SJ$7,"Approved") -> 0 | R77: =SUMIFS('PCO Log'!$E87:$SJ87,'PCO Log'!$E$9:$SJ$9,'Graph Data'!R$1,'PCO Log'!$E$7:$SJ$7,"Approved") -> 0 | S77: =SUMIFS('PCO Log'!$E87:$SJ87,'PCO Log'!$E$9:$SJ$9,'Graph Data'!S$1,'PCO Log'!$E$7:$SJ$7,"Approved") -> 0 | T77: =SUMIFS('PCO Log'!$E87:$SJ87,'PCO Log'!$E$9:$SJ$9,'Graph Data'!T$1,'PCO Log'!$E$7:$SJ$7,"Approved") -> 0 | U77: =SUMIFS('PCO Log'!$E87:$SJ87,'PCO Log'!$E$9:$SJ$9,'Graph Data'!U$1,'PCO Log'!$E$7:$SJ$7,"Approved") -> 0 | V77: =SUMIFS('PCO Log'!$E87:$SJ87,'PCO Log'!$E$9:$SJ$9,'Graph Data'!V$1,'PCO Log'!$E$7:$SJ$7,"Approved") -> 0 | W77: =SUMIFS('PCO Log'!$E87:$SJ87,'PCO Log'!$E$9:$SJ$9,'Graph Data'!W$1,'PCO Log'!$E$7:$SJ$7,"Approved") -> 0 | X77: =SUMIFS('PCO Log'!$E87:$SJ87,'PCO Log'!$E$9:$SJ$9,'Graph Data'!X$1,'PCO Log'!$E$7:$SJ$7,"Approved") -> 0 | ... BX77: =SUMIFS('PCO Log'!$E87:$SJ87,'PCO Log'!$E$9:$SJ$9,'Graph Data'!BX$1,'PCO Log'!$E$7:$SJ$7,"Approved") -> 0
A78: PCO 77 | B78: ='PCO Log'!CC7 -> 0 | C78: ='PCO Log'!CC4 -> 0 | D78: {=INDEX('PCO Log'!$E$5:$SJ$5, 1, ROWS('Graph Data'!$D$2:D78))} -> 0 | E78: ='PCO Log'!CC8 -> 0 | F78: ='PCO Log'!CC3 -> 0 | G78: ='PCO Log'!CC10 -> 0 | H78: ='PCO Log'!CC6 -> 0 | K78: Pay App 14 | L78: 14 | O78: ='Pay App 1'!B138 -> 31 50 00 | P78: ='Pay App 1'!C138 -> Excavation Support & Protection | Q78: =SUMIFS('PCO Log'!$E88:$SJ88,'PCO Log'!$E$9:$SJ$9,'Graph Data'!Q$1,'PCO Log'!$E$7:$SJ$7,"Approved") -> 0 | R78: =SUMIFS('PCO Log'!$E88:$SJ88,'PCO Log'!$E$9:$SJ$9,'Graph Data'!R$1,'PCO Log'!$E$7:$SJ$7,"Approved") -> 0 | S78: =SUMIFS('PCO Log'!$E88:$SJ88,'PCO Log'!$E$9:$SJ$9,'Graph Data'!S$1,'PCO Log'!$E$7:$SJ$7,"Approved") -> 0 | T78: =SUMIFS('PCO Log'!$E88:$SJ88,'PCO Log'!$E$9:$SJ$9,'Graph Data'!T$1,'PCO Log'!$E$7:$SJ$7,"Approved") -> 0 | U78: =SUMIFS('PCO Log'!$E88:$SJ88,'PCO Log'!$E$9:$SJ$9,'Graph Data'!U$1,'PCO Log'!$E$7:$SJ$7,"Approved") -> 0 | V78: =SUMIFS('PCO Log'!$E88:$SJ88,'PCO Log'!$E$9:$SJ$9,'Graph Data'!V$1,'PCO Log'!$E$7:$SJ$7,"Approved") -> 0 | W78: =SUMIFS('PCO Log'!$E88:$SJ88,'PCO Log'!$E$9:$SJ$9,'Graph Data'!W$1,'PCO Log'!$E$7:$SJ$7,"Approved") -> 0 | X78: =SUMIFS('PCO Log'!$E88:$SJ88,'PCO Log'!$E$9:$SJ$9,'Graph Data'!X$1,'PCO Log'!$E$7:$SJ$7,"Approved") -> 0 | ... BX78: =SUMIFS('PCO Log'!$E88:$SJ88,'PCO Log'!$E$9:$SJ$9,'Graph Data'!BX$1,'PCO Log'!$E$7:$SJ$7,"Approved") -> 0
A79: PCO 78 | B79: ='PCO Log'!CD7 -> 0 | C79: ='PCO Log'!CD4 -> 0 | D79: {=INDEX('PCO Log'!$E$5:$SJ$5, 1, ROWS('Graph Data'!$D$2:D79))} -> 0 | E79: ='PCO Log'!CD8 -> 0 | F79: ='PCO Log'!CD3 -> 0 | G79: ='PCO Log'!CD10 -> 0 | H79: ='PCO Log'!CD6 -> 0 | K79: Pay App 15 | L79: 15 | O79: ='Pay App 1'!B139 -> 32 12 16 | P79: ='Pay App 1'!C139 -> Asphalt Paving | Q79: =SUMIFS('PCO Log'!$E89:$SJ89,'PCO Log'!$E$9:$SJ$9,'Graph Data'!Q$1,'PCO Log'!$E$7:$SJ$7,"Approved") -> 0 | R79: =SUMIFS('PCO Log'!$E89:$SJ89,'PCO Log'!$E$9:$SJ$9,'Graph Data'!R$1,'PCO Log'!$E$7:$SJ$7,"Approved") -> 0 | S79: =SUMIFS('PCO Log'!$E89:$SJ89,'PCO Log'!$E$9:$SJ$9,'Graph Data'!S$1,'PCO Log'!$E$7:$SJ$7,"Approved") -> 0 | T79: =SUMIFS('PCO Log'!$E89:$SJ89,'PCO Log'!$E$9:$SJ$9,'Graph Data'!T$1,'PCO Log'!$E$7:$SJ$7,"Approved") -> 0 | U79: =SUMIFS('PCO Log'!$E89:$SJ89,'PCO Log'!$E$9:$SJ$9,'Graph Data'!U$1,'PCO Log'!$E$7:$SJ$7,"Approved") -> 0 | V79: =SUMIFS('PCO Log'!$E89:$SJ89,'PCO Log'!$E$9:$SJ$9,'Graph Data'!V$1,'PCO Log'!$E$7:$SJ$7,"Approved") -> 0 | W79: =SUMIFS('PCO Log'!$E89:$SJ89,'PCO Log'!$E$9:$SJ$9,'Graph Data'!W$1,'PCO Log'!$E$7:$SJ$7,"Approved") -> 0 | X79: =SUMIFS('PCO Log'!$E89:$SJ89,'PCO Log'!$E$9:$SJ$9,'Graph Data'!X$1,'PCO Log'!$E$7:$SJ$7,"Approved") -> 0 | ... BX79: =SUMIFS('PCO Log'!$E89:$SJ89,'PCO Log'!$E$9:$SJ$9,'Graph Data'!BX$1,'PCO Log'!$E$7:$SJ$7,"Approved") -> 0
A80: PCO 79 | B80: ='PCO Log'!CE7 -> 0 | C80: ='PCO Log'!CE4 -> 0 | D80: {=INDEX('PCO Log'!$E$5:$SJ$5, 1, ROWS('Graph Data'!$D$2:D80))} -> 0 | E80: ='PCO Log'!CE8 -> 0 | F80: ='PCO Log'!CE3 -> 0 | G80: ='PCO Log'!CE10 -> 0 | H80: ='PCO Log'!CE6 -> 0 | K80: Pay App 16 | L80: 16 | O80: ='Pay App 1'!B140 -> 32 16 00 | P80: ='Pay App 1'!C140 -> Site Concrete | Q80: =SUMIFS('PCO Log'!$E90:$SJ90,'PCO Log'!$E$9:$SJ$9,'Graph Data'!Q$1,'PCO Log'!$E$7:$SJ$7,"Approved") -> 0 | R80: =SUMIFS('PCO Log'!$E90:$SJ90,'PCO Log'!$E$9:$SJ$9,'Graph Data'!R$1,'PCO Log'!$E$7:$SJ$7,"Approved") -> 0 | S80: =SUMIFS('PCO Log'!$E90:$SJ90,'PCO Log'!$E$9:$SJ$9,'Graph Data'!S$1,'PCO Log'!$E$7:$SJ$7,"Approved") -> 0 | T80: =SUMIFS('PCO Log'!$E90:$SJ90,'PCO Log'!$E$9:$SJ$9,'Graph Data'!T$1,'PCO Log'!$E$7:$SJ$7,"Approved") -> 0 | U80: =SUMIFS('PCO Log'!$E90:$SJ90,'PCO Log'!$E$9:$SJ$9,'Graph Data'!U$1,'PCO Log'!$E$7:$SJ$7,"Approved") -> 0 | V80: =SUMIFS('PCO Log'!$E90:$SJ90,'PCO Log'!$E$9:$SJ$9,'Graph Data'!V$1,'PCO Log'!$E$7:$SJ$7,"Approved") -> 0 | W80: =SUMIFS('PCO Log'!$E90:$SJ90,'PCO Log'!$E$9:$SJ$9,'Graph Data'!W$1,'PCO Log'!$E$7:$SJ$7,"Approved") -> 0 | X80: =SUMIFS('PCO Log'!$E90:$SJ90,'PCO Log'!$E$9:$SJ$9,'Graph Data'!X$1,'PCO Log'!$E$7:$SJ$7,"Approved") -> 0 | ... BX80: =SUMIFS('PCO Log'!$E90:$SJ90,'PCO Log'!$E$9:$SJ$9,'Graph Data'!BX$1,'PCO Log'!$E$7:$SJ$7,"Approved") -> 0
A81: PCO 80 | B81: ='PCO Log'!CF7 -> 0 | C81: ='PCO Log'!CF4 -> 0 | D81: {=INDEX('PCO Log'!$E$5:$SJ$5, 1, ROWS('Graph Data'!$D$2:D81))} -> 0 | E81: ='PCO Log'!CF8 -> 0 | F81: ='PCO Log'!CF3 -> 0 | G81: ='PCO Log'!CF10 -> 0 | H81: ='PCO Log'!CF6 -> 0 | K81: Pay App 17 | L81: 17 | M81: AE ERROR | O81: ='Pay App 1'!B141 -> 32 30 00 | P81: ='Pay App 1'!C141 -> Site Improvements/Fencing | Q81: =SUMIFS('PCO Log'!$E91:$SJ91,'PCO Log'!$E$9:$SJ$9,'Graph Data'!Q$1,'PCO Log'!$E$7:$SJ$7,"Approved") -> 0 | R81: =SUMIFS('PCO Log'!$E91:$SJ91,'PCO Log'!$E$9:$SJ$9,'Graph Data'!R$1,'PCO Log'!$E$7:$SJ$7,"Approved") -> 0 | S81: =SUMIFS('PCO Log'!$E91:$SJ91,'PCO Log'!$E$9:$SJ$9,'Graph Data'!S$1,'PCO Log'!$E$7:$SJ$7,"Approved") -> 0 | T81: =SUMIFS('PCO Log'!$E91:$SJ91,'PCO Log'!$E$9:$SJ$9,'Graph Data'!T$1,'PCO Log'!$E$7:$SJ$7,"Approved") -> 0 | U81: =SUMIFS('PCO Log'!$E91:$SJ91,'PCO Log'!$E$9:$SJ$9,'Graph Data'!U$1,'PCO Log'!$E$7:$SJ$7,"Approved") -> 0 | V81: =SUMIFS('PCO Log'!$E91:$SJ91,'PCO Log'!$E$9:$SJ$9,'Graph Data'!V$1,'PCO Log'!$E$7:$SJ$7,"Approved") -> 0 | W81: =SUMIFS('PCO Log'!$E91:$SJ91,'PCO Log'!$E$9:$SJ$9,'Graph Data'!W$1,'PCO Log'!$E$7:$SJ$7,"Approved") -> 0 | X81: =SUMIFS('PCO Log'!$E91:$SJ91,'PCO Log'!$E$9:$SJ$9,'Graph Data'!X$1,'PCO Log'!$E$7:$SJ$7,"Approved") -> 0 | ... BX81: =SUMIFS('PCO Log'!$E91:$SJ91,'PCO Log'!$E$9:$SJ$9,'Graph Data'!BX$1,'PCO Log'!$E$7:$SJ$7,"Approved") -> 0
A82: PCO 81 | B82: ='PCO Log'!CG7 -> 0 | C82: ='PCO Log'!CG4 -> 0 | D82: {=INDEX('PCO Log'!$E$5:$SJ$5, 1, ROWS('Graph Data'!$D$2:D82))} -> 0 | E82: ='PCO Log'!CG8 -> 0 | F82: ='PCO Log'!CG3 -> 0 | G82: ='PCO Log'!CG10 -> 0 | H82: ='PCO Log'!CG6 -> 0 | K82: Pay App 18 | L82: 18 | M82: AE OMISSION | O82: ='Pay App 1'!B142 -> 32 90 00 | P82: ='Pay App 1'!C142 -> Landscaping/Irrigation | Q82: =SUMIFS('PCO Log'!$E92:$SJ92,'PCO Log'!$E$9:$SJ$9,'Graph Data'!Q$1,'PCO Log'!$E$7:$SJ$7,"Approved") -> 0 | R82: =SUMIFS('PCO Log'!$E92:$SJ92,'PCO Log'!$E$9:$SJ$9,'Graph Data'!R$1,'PCO Log'!$E$7:$SJ$7,"Approved") -> 0 | S82: =SUMIFS('PCO Log'!$E92:$SJ92,'PCO Log'!$E$9:$SJ$9,'Graph Data'!S$1,'PCO Log'!$E$7:$SJ$7,"Approved") -> 0 | T82: =SUMIFS('PCO Log'!$E92:$SJ92,'PCO Log'!$E$9:$SJ$9,'Graph Data'!T$1,'PCO Log'!$E$7:$SJ$7,"Approved") -> 0 | U82: =SUMIFS('PCO Log'!$E92:$SJ92,'PCO Log'!$E$9:$SJ$9,'Graph Data'!U$1,'PCO Log'!$E$7:$SJ$7,"Approved") -> 0 | V82: =SUMIFS('PCO Log'!$E92:$SJ92,'PCO Log'!$E$9:$SJ$9,'Graph Data'!V$1,'PCO Log'!$E$7:$SJ$7,"Approved") -> 0 | W82: =SUMIFS('PCO Log'!$E92:$SJ92,'PCO Log'!$E$9:$SJ$9,'Graph Data'!W$1,'PCO Log'!$E$7:$SJ$7,"Approved") -> 0 | X82: =SUMIFS('PCO Log'!$E92:$SJ92,'PCO Log'!$E$9:$SJ$9,'Graph Data'!X$1,'PCO Log'!$E$7:$SJ$7,"Approved") -> 0 | ... BX82: =SUMIFS('PCO Log'!$E92:$SJ92,'PCO Log'!$E$9:$SJ$9,'Graph Data'!BX$1,'PCO Log'!$E$7:$SJ$7,"Approved") -> 0
A83: PCO 82 | B83: ='PCO Log'!CH7 -> 0 | C83: ='PCO Log'!CH4 -> 0 | D83: {=INDEX('PCO Log'!$E$5:$SJ$5, 1, ROWS('Graph Data'!$D$2:D83))} -> 0 | E83: ='PCO Log'!CH8 -> 0 | F83: ='PCO Log'!CH3 -> 0 | G83: ='PCO Log'!CH10 -> 0 | H83: ='PCO Log'!CH6 -> 0 | K83: Pay App 19 | L83: 19 | M83: BID PACKAGE | O83: ='Pay App 1'!B143 -> 33 00 00 | P83: ='Pay App 1'!C143 -> Site Utilities | Q83: =SUMIFS('PCO Log'!$E93:$SJ93,'PCO Log'!$E$9:$SJ$9,'Graph Data'!Q$1,'PCO Log'!$E$7:$SJ$7,"Approved") -> 0 | R83: =SUMIFS('PCO Log'!$E93:$SJ93,'PCO Log'!$E$9:$SJ$9,'Graph Data'!R$1,'PCO Log'!$E$7:$SJ$7,"Approved") -> 0 | S83: =SUMIFS('PCO Log'!$E93:$SJ93,'PCO Log'!$E$9:$SJ$9,'Graph Data'!S$1,'PCO Log'!$E$7:$SJ$7,"Approved") -> 0 | T83: =SUMIFS('PCO Log'!$E93:$SJ93,'PCO Log'!$E$9:$SJ$9,'Graph Data'!T$1,'PCO Log'!$E$7:$SJ$7,"Approved") -> 0 | U83: =SUMIFS('PCO Log'!$E93:$SJ93,'PCO Log'!$E$9:$SJ$9,'Graph Data'!U$1,'PCO Log'!$E$7:$SJ$7,"Approved") -> 0 | V83: =SUMIFS('PCO Log'!$E93:$SJ93,'PCO Log'!$E$9:$SJ$9,'Graph Data'!V$1,'PCO Log'!$E$7:$SJ$7,"Approved") -> 0 | W83: =SUMIFS('PCO Log'!$E93:$SJ93,'PCO Log'!$E$9:$SJ$9,'Graph Data'!W$1,'PCO Log'!$E$7:$SJ$7,"Approved") -> 0 | X83: =SUMIFS('PCO Log'!$E93:$SJ93,'PCO Log'!$E$9:$SJ$9,'Graph Data'!X$1,'PCO Log'!$E$7:$SJ$7,"Approved") -> 0 | ... BX83: =SUMIFS('PCO Log'!$E93:$SJ93,'PCO Log'!$E$9:$SJ$9,'Graph Data'!BX$1,'PCO Log'!$E$7:$SJ$7,"Approved") -> 0
A84: PCO 83 | B84: ='PCO Log'!CI7 -> 0 | C84: ='PCO Log'!CI4 -> 0 | D84: {=INDEX('PCO Log'!$E$5:$SJ$5, 1, ROWS('Graph Data'!$D$2:D84))} -> 0 | E84: ='PCO Log'!CI8 -> 0 | F84: ='PCO Log'!CI3 -> 0 | G84: ='PCO Log'!CI10 -> 0 | H84: ='PCO Log'!CI6 -> 0 | K84: Pay App 20 | L84: 20 | M84: CONTINGENCY | O84: ='Pay App 1'!B144 -> 33 40 00 | P84: ='Pay App 1'!C144 -> Underground Storm Retention Sys | Q84: =SUMIFS('PCO Log'!$E94:$SJ94,'PCO Log'!$E$9:$SJ$9,'Graph Data'!Q$1,'PCO Log'!$E$7:$SJ$7,"Approved") -> 0 | R84: =SUMIFS('PCO Log'!$E94:$SJ94,'PCO Log'!$E$9:$SJ$9,'Graph Data'!R$1,'PCO Log'!$E$7:$SJ$7,"Approved") -> 0 | S84: =SUMIFS('PCO Log'!$E94:$SJ94,'PCO Log'!$E$9:$SJ$9,'Graph Data'!S$1,'PCO Log'!$E$7:$SJ$7,"Approved") -> 0 | T84: =SUMIFS('PCO Log'!$E94:$SJ94,'PCO Log'!$E$9:$SJ$9,'Graph Data'!T$1,'PCO Log'!$E$7:$SJ$7,"Approved") -> 0 | U84: =SUMIFS('PCO Log'!$E94:$SJ94,'PCO Log'!$E$9:$SJ$9,'Graph Data'!U$1,'PCO Log'!$E$7:$SJ$7,"Approved") -> 0 | V84: =SUMIFS('PCO Log'!$E94:$SJ94,'PCO Log'!$E$9:$SJ$9,'Graph Data'!V$1,'PCO Log'!$E$7:$SJ$7,"Approved") -> 0 | W84: =SUMIFS('PCO Log'!$E94:$SJ94,'PCO Log'!$E$9:$SJ$9,'Graph Data'!W$1,'PCO Log'!$E$7:$SJ$7,"Approved") -> 0 | X84: =SUMIFS('PCO Log'!$E94:$SJ94,'PCO Log'!$E$9:$SJ$9,'Graph Data'!X$1,'PCO Log'!$E$7:$SJ$7,"Approved") -> 0 | ... BX84: =SUMIFS('PCO Log'!$E94:$SJ94,'PCO Log'!$E$9:$SJ$9,'Graph Data'!BX$1,'PCO Log'!$E$7:$SJ$7,"Approved") -> 0
A85: PCO 84 | B85: ='PCO Log'!CJ7 -> 0 | C85: ='PCO Log'!CJ4 -> 0 | D85: {=INDEX('PCO Log'!$E$5:$SJ$5, 1, ROWS('Graph Data'!$D$2:D85))} -> 0 | E85: ='PCO Log'!CJ8 -> 0 | F85: ='PCO Log'!CJ3 -> 0 | G85: ='PCO Log'!CJ10 -> 0 | H85: ='PCO Log'!CJ6 -> 0 | K85: Pay App 21 | L85: 21 | M85: SCOPE | O85: ='Pay App 1'!B145 -> 60 00 10 | P85: ='Pay App 1'!C145 -> Other - Please Specify | Q85: =SUMIFS('PCO Log'!$E95:$SJ95,'PCO Log'!$E$9:$SJ$9,'Graph Data'!Q$1,'PCO Log'!$E$7:$SJ$7,"Approved") -> 0 | R85: =SUMIFS('PCO Log'!$E95:$SJ95,'PCO Log'!$E$9:$SJ$9,'Graph Data'!R$1,'PCO Log'!$E$7:$SJ$7,"Approved") -> 0 | S85: =SUMIFS('PCO Log'!$E95:$SJ95,'PCO Log'!$E$9:$SJ$9,'Graph Data'!S$1,'PCO Log'!$E$7:$SJ$7,"Approved") -> 0 | T85: =SUMIFS('PCO Log'!$E95:$SJ95,'PCO Log'!$E$9:$SJ$9,'Graph Data'!T$1,'PCO Log'!$E$7:$SJ$7,"Approved") -> 0 | U85: =SUMIFS('PCO Log'!$E95:$SJ95,'PCO Log'!$E$9:$SJ$9,'Graph Data'!U$1,'PCO Log'!$E$7:$SJ$7,"Approved") -> 0 | V85: =SUMIFS('PCO Log'!$E95:$SJ95,'PCO Log'!$E$9:$SJ$9,'Graph Data'!V$1,'PCO Log'!$E$7:$SJ$7,"Approved") -> 0 | W85: =SUMIFS('PCO Log'!$E95:$SJ95,'PCO Log'!$E$9:$SJ$9,'Graph Data'!W$1,'PCO Log'!$E$7:$SJ$7,"Approved") -> 0 | X85: =SUMIFS('PCO Log'!$E95:$SJ95,'PCO Log'!$E$9:$SJ$9,'Graph Data'!X$1,'PCO Log'!$E$7:$SJ$7,"Approved") -> 0 | ... BX85: =SUMIFS('PCO Log'!$E95:$SJ95,'PCO Log'!$E$9:$SJ$9,'Graph Data'!BX$1,'PCO Log'!$E$7:$SJ$7,"Approved") -> 0
A86: PCO 85 | B86: ='PCO Log'!CK7 -> 0 | C86: ='PCO Log'!CK4 -> 0 | D86: {=INDEX('PCO Log'!$E$5:$SJ$5, 1, ROWS('Graph Data'!$D$2:D86))} -> 0 | E86: ='PCO Log'!CK8 -> 0 | F86: ='PCO Log'!CK3 -> 0 | G86: ='PCO Log'!CK10 -> 0 | H86: ='PCO Log'!CK6 -> 0 | K86: Pay App 22 | L86: 22 | M86: TIME ADJUSTMENT | O86: ='Pay App 1'!B146 -> 60 00 20 | P86: ='Pay App 1'!C146 -> Other - Please Specify | Q86: =SUMIFS('PCO Log'!$E96:$SJ96,'PCO Log'!$E$9:$SJ$9,'Graph Data'!Q$1,'PCO Log'!$E$7:$SJ$7,"Approved") -> 0 | R86: =SUMIFS('PCO Log'!$E96:$SJ96,'PCO Log'!$E$9:$SJ$9,'Graph Data'!R$1,'PCO Log'!$E$7:$SJ$7,"Approved") -> 0 | S86: =SUMIFS('PCO Log'!$E96:$SJ96,'PCO Log'!$E$9:$SJ$9,'Graph Data'!S$1,'PCO Log'!$E$7:$SJ$7,"Approved") -> 0 | T86: =SUMIFS('PCO Log'!$E96:$SJ96,'PCO Log'!$E$9:$SJ$9,'Graph Data'!T$1,'PCO Log'!$E$7:$SJ$7,"Approved") -> 0 | U86: =SUMIFS('PCO Log'!$E96:$SJ96,'PCO Log'!$E$9:$SJ$9,'Graph Data'!U$1,'PCO Log'!$E$7:$SJ$7,"Approved") -> 0 | V86: =SUMIFS('PCO Log'!$E96:$SJ96,'PCO Log'!$E$9:$SJ$9,'Graph Data'!V$1,'PCO Log'!$E$7:$SJ$7,"Approved") -> 0 | W86: =SUMIFS('PCO Log'!$E96:$SJ96,'PCO Log'!$E$9:$SJ$9,'Graph Data'!W$1,'PCO Log'!$E$7:$SJ$7,"Approved") -> 0 | X86: =SUMIFS('PCO Log'!$E96:$SJ96,'PCO Log'!$E$9:$SJ$9,'Graph Data'!X$1,'PCO Log'!$E$7:$SJ$7,"Approved") -> 0 | ... BX86: =SUMIFS('PCO Log'!$E96:$SJ96,'PCO Log'!$E$9:$SJ$9,'Graph Data'!BX$1,'PCO Log'!$E$7:$SJ$7,"Approved") -> 0
A87: PCO 86 | B87: ='PCO Log'!CL7 -> 0 | C87: ='PCO Log'!CL4 -> 0 | D87: {=INDEX('PCO Log'!$E$5:$SJ$5, 1, ROWS('Graph Data'!$D$2:D87))} -> 0 | E87: ='PCO Log'!CL8 -> 0 | F87: ='PCO Log'!CL3 -> 0 | G87: ='PCO Log'!CL10 -> 0 | H87: ='PCO Log'!CL6 -> 0 | K87: Pay App 23 | L87: 23 | M87: UNKN COND | O87: ='Pay App 1'!B147 -> 60 00 30 | P87: ='Pay App 1'!C147 -> Other - Please Specify | Q87: =SUMIFS('PCO Log'!$E97:$SJ97,'PCO Log'!$E$9:$SJ$9,'Graph Data'!Q$1,'PCO Log'!$E$7:$SJ$7,"Approved") -> 0 | R87: =SUMIFS('PCO Log'!$E97:$SJ97,'PCO Log'!$E$9:$SJ$9,'Graph Data'!R$1,'PCO Log'!$E$7:$SJ$7,"Approved") -> 0 | S87: =SUMIFS('PCO Log'!$E97:$SJ97,'PCO Log'!$E$9:$SJ$9,'Graph Data'!S$1,'PCO Log'!$E$7:$SJ$7,"Approved") -> 0 | T87: =SUMIFS('PCO Log'!$E97:$SJ97,'PCO Log'!$E$9:$SJ$9,'Graph Data'!T$1,'PCO Log'!$E$7:$SJ$7,"Approved") -> 0 | U87: =SUMIFS('PCO Log'!$E97:$SJ97,'PCO Log'!$E$9:$SJ$9,'Graph Data'!U$1,'PCO Log'!$E$7:$SJ$7,"Approved") -> 0 | V87: =SUMIFS('PCO Log'!$E97:$SJ97,'PCO Log'!$E$9:$SJ$9,'Graph Data'!V$1,'PCO Log'!$E$7:$SJ$7,"Approved") -> 0 | W87: =SUMIFS('PCO Log'!$E97:$SJ97,'PCO Log'!$E$9:$SJ$9,'Graph Data'!W$1,'PCO Log'!$E$7:$SJ$7,"Approved") -> 0 | X87: =SUMIFS('PCO Log'!$E97:$SJ97,'PCO Log'!$E$9:$SJ$9,'Graph Data'!X$1,'PCO Log'!$E$7:$SJ$7,"Approved") -> 0 | ... BX87: =SUMIFS('PCO Log'!$E97:$SJ97,'PCO Log'!$E$9:$SJ$9,'Graph Data'!BX$1,'PCO Log'!$E$7:$SJ$7,"Approved") -> 0
A88: PCO 87 | B88: ='PCO Log'!CM7 -> 0 | C88: ='PCO Log'!CM4 -> 0 | D88: {=INDEX('PCO Log'!$E$5:$SJ$5, 1, ROWS('Graph Data'!$D$2:D88))} -> 0 | E88: ='PCO Log'!CM8 -> 0 | F88: ='PCO Log'!CM3 -> 0 | G88: ='PCO Log'!CM10 -> 0 | H88: ='PCO Log'!CM6 -> 0 | K88: Pay App 24 | L88: 24 | O88: ='Pay App 1'!B148 -> 60 00 40 | P88: ='Pay App 1'!C148 -> Other - Please Specify | Q88: =SUMIFS('PCO Log'!$E98:$SJ98,'PCO Log'!$E$9:$SJ$9,'Graph Data'!Q$1,'PCO Log'!$E$7:$SJ$7,"Approved") -> 0 | R88: =SUMIFS('PCO Log'!$E98:$SJ98,'PCO Log'!$E$9:$SJ$9,'Graph Data'!R$1,'PCO Log'!$E$7:$SJ$7,"Approved") -> 0 | S88: =SUMIFS('PCO Log'!$E98:$SJ98,'PCO Log'!$E$9:$SJ$9,'Graph Data'!S$1,'PCO Log'!$E$7:$SJ$7,"Approved") -> 0 | T88: =SUMIFS('PCO Log'!$E98:$SJ98,'PCO Log'!$E$9:$SJ$9,'Graph Data'!T$1,'PCO Log'!$E$7:$SJ$7,"Approved") -> 0 | U88: =SUMIFS('PCO Log'!$E98:$SJ98,'PCO Log'!$E$9:$SJ$9,'Graph Data'!U$1,'PCO Log'!$E$7:$SJ$7,"Approved") -> 0 | V88: =SUMIFS('PCO Log'!$E98:$SJ98,'PCO Log'!$E$9:$SJ$9,'Graph Data'!V$1,'PCO Log'!$E$7:$SJ$7,"Approved") -> 0 | W88: =SUMIFS('PCO Log'!$E98:$SJ98,'PCO Log'!$E$9:$SJ$9,'Graph Data'!W$1,'PCO Log'!$E$7:$SJ$7,"Approved") -> 0 | X88: =SUMIFS('PCO Log'!$E98:$SJ98,'PCO Log'!$E$9:$SJ$9,'Graph Data'!X$1,'PCO Log'!$E$7:$SJ$7,"Approved") -> 0 | ... BX88: =SUMIFS('PCO Log'!$E98:$SJ98,'PCO Log'!$E$9:$SJ$9,'Graph Data'!BX$1,'PCO Log'!$E$7:$SJ$7,"Approved") -> 0
A89: PCO 88 | B89: ='PCO Log'!CN7 -> 0 | C89: ='PCO Log'!CN4 -> 0 | D89: {=INDEX('PCO Log'!$E$5:$SJ$5, 1, ROWS('Graph Data'!$D$2:D89))} -> 0 | E89: ='PCO Log'!CN8 -> 0 | F89: ='PCO Log'!CN3 -> 0 | G89: ='PCO Log'!CN10 -> 0 | H89: ='PCO Log'!CN6 -> 0 | K89: Pay App 25 | L89: 25
A90: PCO 89 | B90: ='PCO Log'!CO7 -> 0 | C90: ='PCO Log'!CO4 -> 0 | D90: {=INDEX('PCO Log'!$E$5:$SJ$5, 1, ROWS('Graph Data'!$D$2:D90))} -> 0 | E90: ='PCO Log'!CO8 -> 0 | F90: ='PCO Log'!CO3 -> 0 | G90: ='PCO Log'!CO10 -> 0 | H90: ='PCO Log'!CO6 -> 0 | K90: Pay App 26 | L90: 26
A91: PCO 90 | B91: ='PCO Log'!CP7 -> 0 | C91: ='PCO Log'!CP4 -> 0 | D91: {=INDEX('PCO Log'!$E$5:$SJ$5, 1, ROWS('Graph Data'!$D$2:D91))} -> 0 | E91: ='PCO Log'!CP8 -> 0 | F91: ='PCO Log'!CP3 -> 0 | G91: ='PCO Log'!CP10 -> 0 | H91: ='PCO Log'!CP6 -> 0 | K91: Pay App 27 | L91: 27
A92: PCO 91 | B92: ='PCO Log'!CQ7 -> 0 | C92: ='PCO Log'!CQ4 -> 0 | D92: {=INDEX('PCO Log'!$E$5:$SJ$5, 1, ROWS('Graph Data'!$D$2:D92))} -> 0 | E92: ='PCO Log'!CQ8 -> 0 | F92: ='PCO Log'!CQ3 -> 0 | G92: ='PCO Log'!CQ10 -> 0 | H92: ='PCO Log'!CQ6 -> 0 | K92: Pay App 28 | L92: 28 | P92: APPROVED NON-BID PACKAGE PCOS BY REASON GRAPH
A93: PCO 92 | B93: ='PCO Log'!CR7 -> 0 | C93: ='PCO Log'!CR4 -> 0 | D93: {=INDEX('PCO Log'!$E$5:$SJ$5, 1, ROWS('Graph Data'!$D$2:D93))} -> 0 | E93: ='PCO Log'!CR8 -> 0 | F93: ='PCO Log'!CR3 -> 0 | G93: ='PCO Log'!CR10 -> 0 | H93: ='PCO Log'!CR6 -> 0 | K93: Pay App 29 | L93: 29 | Q93: AE ERROR | R93: AE OMMISSION | S93: SCOPE | T93: CONTINGENCY | U93: UNKNOWN CONDITIONS
A94: PCO 93 | B94: ='PCO Log'!CS7 -> 0 | C94: ='PCO Log'!CS4 -> 0 | D94: {=INDEX('PCO Log'!$E$5:$SJ$5, 1, ROWS('Graph Data'!$D$2:D94))} -> 0 | E94: ='PCO Log'!CS8 -> 0 | F94: ='PCO Log'!CS3 -> 0 | G94: ='PCO Log'!CS10 -> 0 | H94: ='PCO Log'!CS6 -> 0 | K94: Pay App 30 | L94: 30 | P94: ='Pay App 1'!C57 -> Design Fee (if design build) | Q94: =SUMIFS('PCO Log'!$E12:$SJ12,'PCO Log'!$E$4:$SJ$4,"AE ERROR"&"*",'PCO Log'!$E$7:$SJ$7,"Approved") -> 0 | R94: =SUMIFS('PCO Log'!$E12:$SJ12,'PCO Log'!$E$4:$SJ$4,"AE OMISS"&"*",'PCO Log'!$E$7:$SJ$7,"Approved") -> 0 | S94: =SUMIFS('PCO Log'!$E12:$SJ12,'PCO Log'!$E$4:$SJ$4,"SCOPE",'PCO Log'!$E$7:$SJ$7,"Approved") -> 0 | T94: =SUMIFS('PCO Log'!$E12:$SJ12,'PCO Log'!$E$4:$SJ$4,"CONTINGENCY",'PCO Log'!$E$7:$SJ$7,"Approved") -> 0 | U94: =SUMIFS('PCO Log'!$E12:$SJ12,'PCO Log'!$E$4:$SJ$4,"UNKN"&"*",'PCO Log'!$E$7:$SJ$7,"Approved") -> 0
A95: PCO 94 | B95: ='PCO Log'!CT7 -> 0 | C95: ='PCO Log'!CT4 -> 0 | D95: {=INDEX('PCO Log'!$E$5:$SJ$5, 1, ROWS('Graph Data'!$D$2:D95))} -> 0 | E95: ='PCO Log'!CT8 -> 0 | F95: ='PCO Log'!CT3 -> 0 | G95: ='PCO Log'!CT10 -> 0 | H95: ='PCO Log'!CT6 -> 0 | K95: Pay App 31 | L95: 31 | P95: ='Pay App 1'!C58 -> Preconstruction Services | Q95: =SUMIFS('PCO Log'!$E13:$SJ13,'PCO Log'!$E$4:$SJ$4,"AE ERROR"&"*",'PCO Log'!$E$7:$SJ$7,"Approved") -> 0 | R95: =SUMIFS('PCO Log'!$E13:$SJ13,'PCO Log'!$E$4:$SJ$4,"AE OMISS"&"*",'PCO Log'!$E$7:$SJ$7,"Approved") -> 0 | S95: =SUMIFS('PCO Log'!$E13:$SJ13,'PCO Log'!$E$4:$SJ$4,"SCOPE",'PCO Log'!$E$7:$SJ$7,"Approved") -> 0 | T95: =SUMIFS('PCO Log'!$E13:$SJ13,'PCO Log'!$E$4:$SJ$4,"CONTINGENCY",'PCO Log'!$E$7:$SJ$7,"Approved") -> 0 | U95: =SUMIFS('PCO Log'!$E13:$SJ13,'PCO Log'!$E$4:$SJ$4,"UNKN"&"*",'PCO Log'!$E$7:$SJ$7,"Approved") -> 0
A96: PCO 95 | B96: ='PCO Log'!CU7 -> 0 | C96: ='PCO Log'!CU4 -> 0 | D96: {=INDEX('PCO Log'!$E$5:$SJ$5, 1, ROWS('Graph Data'!$D$2:D96))} -> 0 | E96: ='PCO Log'!CU8 -> 0 | F96: ='PCO Log'!CU3 -> 0 | G96: ='PCO Log'!CU10 -> 0 | H96: ='PCO Log'!CU6 -> 0 | K96: Pay App 32 | L96: 32 | P96: ='Pay App 1'!C59 -> General Conditions/Requirements | Q96: =SUMIFS('PCO Log'!$E14:$SJ14,'PCO Log'!$E$4:$SJ$4,"AE ERROR"&"*",'PCO Log'!$E$7:$SJ$7,"Approved") -> 0 | R96: =SUMIFS('PCO Log'!$E14:$SJ14,'PCO Log'!$E$4:$SJ$4,"AE OMISS"&"*",'PCO Log'!$E$7:$SJ$7,"Approved") -> 0 | S96: =SUMIFS('PCO Log'!$E14:$SJ14,'PCO Log'!$E$4:$SJ$4,"SCOPE",'PCO Log'!$E$7:$SJ$7,"Approved") -> 0 | T96: =SUMIFS('PCO Log'!$E14:$SJ14,'PCO Log'!$E$4:$SJ$4,"CONTINGENCY",'PCO Log'!$E$7:$SJ$7,"Approved") -> 0 | U96: =SUMIFS('PCO Log'!$E14:$SJ14,'PCO Log'!$E$4:$SJ$4,"UNKN"&"*",'PCO Log'!$E$7:$SJ$7,"Approved") -> 0
A97: PCO 96 | B97: ='PCO Log'!CV7 -> 0 | C97: ='PCO Log'!CV4 -> 0 | D97: {=INDEX('PCO Log'!$E$5:$SJ$5, 1, ROWS('Graph Data'!$D$2:D97))} -> 0 | E97: ='PCO Log'!CV8 -> 0 | F97: ='PCO Log'!CV3 -> 0 | G97: ='PCO Log'!CV10 -> 0 | H97: ='PCO Log'!CV6 -> 0 | K97: Pay App 33 | L97: 33 | P97: ='Pay App 1'!C60 -> Temp. Scaffolding and Platforms | Q97: =SUMIFS('PCO Log'!$E15:$SJ15,'PCO Log'!$E$4:$SJ$4,"AE ERROR"&"*",'PCO Log'!$E$7:$SJ$7,"Approved") -> 0 | R97: =SUMIFS('PCO Log'!$E15:$SJ15,'PCO Log'!$E$4:$SJ$4,"AE OMISS"&"*",'PCO Log'!$E$7:$SJ$7,"Approved") -> 0 | S97: =SUMIFS('PCO Log'!$E15:$SJ15,'PCO Log'!$E$4:$SJ$4,"SCOPE",'PCO Log'!$E$7:$SJ$7,"Approved") -> 0 | T97: =SUMIFS('PCO Log'!$E15:$SJ15,'PCO Log'!$E$4:$SJ$4,"CONTINGENCY",'PCO Log'!$E$7:$SJ$7,"Approved") -> 0 | U97: =SUMIFS('PCO Log'!$E15:$SJ15,'PCO Log'!$E$4:$SJ$4,"UNKN"&"*",'PCO Log'!$E$7:$SJ$7,"Approved") -> 0
A98: PCO 97 | B98: ='PCO Log'!CW7 -> 0 | C98: ='PCO Log'!CW4 -> 0 | D98: {=INDEX('PCO Log'!$E$5:$SJ$5, 1, ROWS('Graph Data'!$D$2:D98))} -> 0 | E98: ='PCO Log'!CW8 -> 0 | F98: ='PCO Log'!CW3 -> 0 | G98: ='PCO Log'!CW10 -> 0 | H98: ='PCO Log'!CW6 -> 0 | K98: Pay App 34 | L98: 34 | P98: ='Pay App 1'!C61 -> SWPPP | Q98: =SUMIFS('PCO Log'!$E16:$SJ16,'PCO Log'!$E$4:$SJ$4,"AE ERROR"&"*",'PCO Log'!$E$7:$SJ$7,"Approved") -> 0 | R98: =SUMIFS('PCO Log'!$E16:$SJ16,'PCO Log'!$E$4:$SJ$4,"AE OMISS"&"*",'PCO Log'!$E$7:$SJ$7,"Approved") -> 0 | S98: =SUMIFS('PCO Log'!$E16:$SJ16,'PCO Log'!$E$4:$SJ$4,"SCOPE",'PCO Log'!$E$7:$SJ$7,"Approved") -> 0 | T98: =SUMIFS('PCO Log'!$E16:$SJ16,'PCO Log'!$E$4:$SJ$4,"CONTINGENCY",'PCO Log'!$E$7:$SJ$7,"Approved") -> 0 | U98: =SUMIFS('PCO Log'!$E16:$SJ16,'PCO Log'!$E$4:$SJ$4,"UNKN"&"*",'PCO Log'!$E$7:$SJ$7,"Approved") -> 0
A99: PCO 98 | B99: ='PCO Log'!CX7 -> 0 | C99: ='PCO Log'!CX4 -> 0 | D99: {=INDEX('PCO Log'!$E$5:$SJ$5, 1, ROWS('Graph Data'!$D$2:D99))} -> 0 | E99: ='PCO Log'!CX8 -> 0 | F99: ='PCO Log'!CX3 -> 0 | G99: ='PCO Log'!CX10 -> 0 | H99: ='PCO Log'!CX6 -> 0 | K99: Pay App 35 | L99: 35 | P99: ='Pay App 1'!C62 -> Construction Cranes and Hoists | Q99: =SUMIFS('PCO Log'!$E17:$SJ17,'PCO Log'!$E$4:$SJ$4,"AE ERROR"&"*",'PCO Log'!$E$7:$SJ$7,"Approved") -> 0 | R99: =SUMIFS('PCO Log'!$E17:$SJ17,'PCO Log'!$E$4:$SJ$4,"AE OMISS"&"*",'PCO Log'!$E$7:$SJ$7,"Approved") -> 0 | S99: =SUMIFS('PCO Log'!$E17:$SJ17,'PCO Log'!$E$4:$SJ$4,"SCOPE",'PCO Log'!$E$7:$SJ$7,"Approved") -> 0 | T99: =SUMIFS('PCO Log'!$E17:$SJ17,'PCO Log'!$E$4:$SJ$4,"CONTINGENCY",'PCO Log'!$E$7:$SJ$7,"Approved") -> 0 | U99: =SUMIFS('PCO Log'!$E17:$SJ17,'PCO Log'!$E$4:$SJ$4,"UNKN"&"*",'PCO Log'!$E$7:$SJ$7,"Approved") -> 0
A100: PCO 99 | B100: ='PCO Log'!CY7 -> 0 | C100: ='PCO Log'!CY4 -> 0 | D100: {=INDEX('PCO Log'!$E$5:$SJ$5, 1, ROWS('Graph Data'!$D$2:D100))} -> 0 | E100: ='PCO Log'!CY8 -> 0 | F100: ='PCO Log'!CY3 -> 0 | G100: ='PCO Log'!CY10 -> 0 | H100: ='PCO Log'!CY6 -> 0 | K100: Pay App 36 | L100: 36 | P100: ='Pay App 1'!C63 -> Contractor's Supervision | Q100: =SUMIFS('PCO Log'!$E18:$SJ18,'PCO Log'!$E$4:$SJ$4,"AE ERROR"&"*",'PCO Log'!$E$7:$SJ$7,"Approved") -> 0 | R100: =SUMIFS('PCO Log'!$E18:$SJ18,'PCO Log'!$E$4:$SJ$4,"AE OMISS"&"*",'PCO Log'!$E$7:$SJ$7,"Approved") -> 0 | S100: =SUMIFS('PCO Log'!$E18:$SJ18,'PCO Log'!$E$4:$SJ$4,"SCOPE",'PCO Log'!$E$7:$SJ$7,"Approved") -> 0 | T100: =SUMIFS('PCO Log'!$E18:$SJ18,'PCO Log'!$E$4:$SJ$4,"CONTINGENCY",'PCO Log'!$E$7:$SJ$7,"Approved") -> 0 | U100: =SUMIFS('PCO Log'!$E18:$SJ18,'PCO Log'!$E$4:$SJ$4,"UNKN"&"*",'PCO Log'!$E$7:$SJ$7,"Approved") -> 0
...

Sheet CostPerSqFt Tracker
D1: COST/SQ.FT. TRACKER | F1: Ctrl + Alt + F9 to refresh formulas
B2: CSI Code | C2: Work Category | D2: Running % Change | E2: GMP $/SF | F2: Pay App 1 | H2: Pay App 2 | J2: Pay App 3 | L2: Pay App 4 | N2: Pay App 5 | P2: Pay App 6 | R2: Pay App 7 | T2: Pay App 8 | V2: Pay App 9 | X2: Pay App 10 | Z2: Pay App 11 | AB2: Pay App 12 | AD2: Pay App 13 | AF2: Pay App 14 | AH2: Pay App 15 | AJ2: Pay App 16 | AL2: Pay App 17 | AN2: Pay App 18 | AP2: Pay App 19 | AR2: Pay App 20 | AT2: Pay App 21 | AV2: Pay App 22 | AX2: Pay App 23 | AZ2: Pay App 24 | BB2: Pay App 25 | BD2: Pay App 26 | BF2: Pay App 27 | BH2: Pay App 28 | BJ2: Pay App 29 | BL2: Pay App 30 | BN2: Pay App 31 | BP2: Pay App 32 | BR2: Pay App 33 | BT2: Pay App 34 | BV2: Pay App 35 | BX2: Pay App 36 | BZ2: Pay App 37 | CB2: Pay App 38 | CD2: Pay App 39 | CF2: Pay App 40 | CH2: Pay App 41 | CJ2: Pay App 42 | CL2: Pay App 43 | CN2: Pay App 44 | CP2: Pay App 45 | CR2: Pay App 46 | CT2: Pay App 47 | CV2: Pay App 48 | CX2: Pay App 49 | CZ2: Pay App 50 | DB2: Pay App 51 | DD2: Pay App 52 | DF2: Pay App 53 | DH2: Pay App 54 | DJ2: Pay App 55 | DL2: Pay App 56 | DN2: Pay App 57 | DP2: Pay App 58 | DR2: Pay App 59 | DT2: Pay App 60
F3: Cost/Sq.Ft. | G3: Cost/Sq.Ft. | H3: Cost/Sq.Ft. | I3: Cost/Sq.Ft. | J3: Cost/Sq.Ft. | K3: Cost/Sq.Ft. | L3: Cost/Sq.Ft. | M3: Cost/Sq.Ft. | N3: Cost/Sq.Ft. | O3: Cost/Sq.Ft. | P3: Cost/Sq.Ft. | Q3: Cost/Sq.Ft. | R3: Cost/Sq.Ft. | S3: Cost/Sq.Ft. | T3: Cost/Sq.Ft. | U3: Cost/Sq.Ft. | V3: Cost/Sq.Ft. | W3: Cost/Sq.Ft. | X3: Cost/Sq.Ft. | Y3: Cost/Sq.Ft. | Z3: Cost/Sq.Ft. | AA3: Cost/Sq.Ft. | AB3: Cost/Sq.Ft. | AC3: Cost/Sq.Ft. | AD3: Cost/Sq.Ft. | AE3: Cost/Sq.Ft. | AF3: Cost/Sq.Ft. | AG3: Cost/Sq.Ft. | AH3: Cost/Sq.Ft. | AJ3: Cost/Sq.Ft. | AK3: Cost/Sq.Ft. | AL3: Cost/Sq.Ft. | AM3: Cost/Sq.Ft. | AN3: Cost/Sq.Ft. | AO3: Cost/Sq.Ft. | AP3: Cost/Sq.Ft. | AQ3: Cost/Sq.Ft. | AR3: Cost/Sq.Ft. | AT3: Cost/Sq.Ft. | AV3: Cost/Sq.Ft. | AX3: Cost/Sq.Ft. | AZ3: Cost/Sq.Ft. | BB3: Cost/Sq.Ft. | BD3: Cost/Sq.Ft. | BE3: Cost/Sq.Ft. | BF3: Cost/Sq.Ft. | BG3: Cost/Sq.Ft. | BH3: Cost/Sq.Ft. | BI3: Cost/Sq.Ft. | BJ3: Cost/Sq.Ft. | BL3: Cost/Sq.Ft. | BM3: Cost/Sq.Ft. | BN3: Cost/Sq.Ft. | BO3: Cost/Sq.Ft. | BP3: Cost/Sq.Ft. | BQ3: Cost/Sq.Ft. | BR3: Cost/Sq.Ft. | BS3: Cost/Sq.Ft. | BT3: Cost/Sq.Ft. | BU3: Cost/Sq.Ft. | BV3: Cost/Sq.Ft. | BW3: Cost/Sq.Ft. | BX3: Cost/Sq.Ft. | BY3: Cost/Sq.Ft. | BZ3: Cost/Sq.Ft. | CA3: Cost/Sq.Ft. | CB3: Cost/Sq.Ft. | CC3: Cost/Sq.Ft. | CD3: Cost/Sq.Ft. | CE3: Cost/Sq.Ft. | CF3: Cost/Sq.Ft. | CG3: Cost/Sq.Ft. | CH3: Cost/Sq.Ft. | CI3: Cost/Sq.Ft. | CJ3: Cost/Sq.Ft. | CK3: Cost/Sq.Ft. | CL3: Cost/Sq.Ft. | CM3: Cost/Sq.Ft. | CN3: Cost/Sq.Ft. | CO3: Cost/Sq.Ft. | CP3: Cost/Sq.Ft. | CQ3: Cost/Sq.Ft. | CR3: Cost/Sq.Ft. | CS3: Cost/Sq.Ft. | CT3: Cost/Sq.Ft. | CU3: Cost/Sq.Ft. | CV3: Cost/Sq.Ft. | CW3: Cost/Sq.Ft. | CX3: Cost/Sq.Ft. | CY3: Cost/Sq.Ft. | CZ3: Cost/Sq.Ft. | DA3: Cost/Sq.Ft. | DB3: Cost/Sq.Ft. | DC3: Cost/Sq.Ft. | DD3: Cost/Sq.Ft. | DE3: Cost/Sq.Ft. | DF3: Cost/Sq.Ft. | DG3: Cost/Sq.Ft. | DH3: Cost/Sq.Ft. | DI3: Cost/Sq.Ft. | DJ3: Cost/Sq.Ft. | DK3: Cost/Sq.Ft. | DL3: Cost/Sq.Ft. | DM3: Cost/Sq.Ft. | DN3: Cost/Sq.Ft. | DO3: Cost/Sq.Ft. | DP3: Cost/Sq.Ft. | DQ3: Cost/Sq.Ft. | DR3: Cost/Sq.Ft. | DS3: Cost/Sq.Ft. | DT3: Cost/Sq.Ft.
B4: ='Pay App 1'!B57 -> 00 01 00 | C4: ='Pay App 1'!C57 -> Design Fee (if design build) | D4: {=IFERROR(1+(LOOKUP(2,1/(E4:DT4<>""),E4:DT4)-E4)/E4,"")} | E4: =IFERROR('GMP Tracker'!D8/'Summary Sheet'!$D$19,"") | F4: =IF('Pay App 1'!$D$149=0,NA(),IFERROR('Pay App 1'!F57/'Summary Sheet'!$D$19,"")) -> #N/A | H4: =IF('Pay App 2'!$H$149=0,NA(),IFERROR('Pay App 2'!F57/'Summary Sheet'!$D$19,"")) -> #N/A | J4: =IF('Pay App 3'!$H$149=0,NA(),IFERROR('Pay App 3'!F57/'Summary Sheet'!$D$19,"")) -> #N/A | L4: =IF('Pay App 4'!$H$149=0,NA(),IFERROR('Pay App 4'!F57/'Summary Sheet'!$D$19,"")) -> #N/A | N4: =IF('Pay App 5'!$H$149=0,NA(),IFERROR('Pay App 5'!F57/'Summary Sheet'!$D$19,"")) -> #N/A | P4: =IF('Pay App 6'!$H$149=0,NA(),IFERROR('Pay App 6'!F57/'Summary Sheet'!$D$19,"")) -> #N/A | R4: =IF('Pay App 7'!$H$149=0,NA(),IFERROR('Pay App 7'!F57/'Summary Sheet'!$D$19,"")) -> #N/A | T4: =IF('Pay App 8'!$H$149=0,NA(),IFERROR('Pay App 8'!F57/'Summary Sheet'!$D$19,"")) -> #N/A | V4: =IF('Pay App 9'!$H$149=0,NA(),IFERROR('Pay App 9'!F57/'Summary Sheet'!$D$19,"")) -> #N/A | X4: =IF('Pay App 10'!$H$149=0,NA(),IFERROR('Pay App 10'!F57/'Summary Sheet'!$D$19,"")) -> #N/A | Z4: =IF('Pay App 11'!$H$149=0,NA(),IFERROR('Pay App 11'!F57/'Summary Sheet'!$D$19,"")) -> #N/A | AB4: =IF('Pay App 12'!$H$149=0,NA(),IFERROR('Pay App 12'!F57/'Summary Sheet'!$D$19,"")) -> #N/A | AD4: =IF('Pay App 13'!$H$149=0,NA(),IFERROR('Pay App 13'!F57/'Summary Sheet'!$D$19,"")) -> #N/A | AF4: =IF('Pay App 14'!$H$149=0,NA(),IFERROR('Pay App 14'!F57/'Summary Sheet'!$D$19,"")) -> #N/A | AH4: =IF('Pay App 15'!$H$149=0,NA(),IFERROR('Pay App 15'!F57/'Summary Sheet'!$D$19,"")) -> #N/A | AJ4: =IF('Pay App 16'!$H$149=0,NA(),IFERROR('Pay App 16'!F57/'Summary Sheet'!$D$19,"")) -> #N/A | AL4: =IF('Pay App 17'!$H$149=0,NA(),IFERROR('Pay App 17'!F57/'Summary Sheet'!$D$19,"")) -> #N/A | AN4: =IF('Pay App 18'!$H$149=0,NA(),IFERROR('Pay App 18'!F57/'Summary Sheet'!$D$19,"")) -> #N/A | AP4: =IF('Pay App 19'!$H$149=0,NA(),IFERROR('Pay App 19'!F57/'Summary Sheet'!$D$19,"")) -> #N/A | AR4: =IF('Pay App 20'!$H$149=0,NA(),IFERROR('Pay App 20'!F57/'Summary Sheet'!$D$19,"")) -> #N/A | AT4: =IF('Pay App 21'!$H$149=0,NA(),IFERROR('Pay App 21'!F57/'Summary Sheet'!$D$19,"")) -> #N/A | AV4: =IF('Pay App 22'!$H$149=0,NA(),IFERROR('Pay App 22'!F57/'Summary Sheet'!$D$19,"")) -> #N/A | AX4: =IF('Pay App 23'!$H$149=0,NA(),IFERROR('Pay App 23'!F57/'Summary Sheet'!$D$19,"")) -> #N/A | AZ4: =IF('Pay App 24'!$H$149=0,NA(),IFERROR('Pay App 24'!F57/'Summary Sheet'!$D$19,"")) -> #N/A | BB4: =IF('Pay App 25'!$H$149=0,NA(),IFERROR('Pay App 25'!F57/'Summary Sheet'!$D$19,"")) -> #N/A | BD4: =IF('Pay App 26'!$H$149=0,NA(),IFERROR('Pay App 26'!F57/'Summary Sheet'!$D$19,"")) -> #N/A | BF4: =IF('Pay App 27'!$H$149=0,NA(),IFERROR('Pay App 27'!F57/'Summary Sheet'!$D$19,"")) -> #N/A | BH4: =IF('Pay App 28'!$H$149=0,NA(),IFERROR('Pay App 28'!F57/'Summary Sheet'!$D$19,"")) -> #N/A | BJ4: =IF('Pay App 29'!$H$149=0,NA(),IFERROR('Pay App 29'!F57/'Summary Sheet'!$D$19,"")) -> #N/A | BL4: =IF('Pay App 30'!$H$149=0,NA(),IFERROR('Pay App 30'!F57/'Summary Sheet'!$D$19,"")) -> #N/A | BN4: =IF('Pay App 31'!$H$149=0,NA(),IFERROR('Pay App 31'!F57/'Summary Sheet'!$D$19,"")) -> #N/A | BP4: =IF('Pay App 32'!$H$149=0,NA(),IFERROR('Pay App 32'!F57/'Summary Sheet'!$D$19,"")) -> #N/A | BR4: =IF('Pay App 33'!$H$149=0,NA(),IFERROR('Pay App 33'!F57/'Summary Sheet'!$D$19,"")) -> #N/A | BT4: =IF('Pay App 34'!$H$149=0,NA(),IFERROR('Pay App 34'!F57/'Summary Sheet'!$D$19,"")) -> #N/A | BV4: =IF('Pay App 35'!$H$149=0,NA(),IFERROR('Pay App 35'!F57/'Summary Sheet'!$D$19,"")) -> #N/A | BX4: =IF('Pay App 36'!$H$149=0,NA(),IFERROR('Pay App 36'!F57/'Summary Sheet'!$D$19,"")) -> #N/A | BZ4: =IF('Pay App 37'!$H$149=0,NA(),IFERROR('Pay App 37'!F57/'Summary Sheet'!$D$19,"")) -> #N/A | CB4: =IF('Pay App 38'!$H$149=0,NA(),IFERROR('Pay App 38'!F57/'Summary Sheet'!$D$19,"")) -> #N/A | CD4: =IF('Pay App 39'!$H$149=0,NA(),IFERROR('Pay App 39'!F57/'Summary Sheet'!$D$19,"")) -> #N/A | CF4: =IF('Pay App 40'!$H$149=0,NA(),IFERROR('Pay App 40'!F57/'Summary Sheet'!$D$19,"")) -> #N/A | CH4: =IF('Pay App 41'!$H$149=0,NA(),IFERROR('Pay App 41'!F57/'Summary Sheet'!$D$19,"")) -> #N/A | CJ4: =IF('Pay App 42'!$H$149=0,NA(),IFERROR('Pay App 42'!F57/'Summary Sheet'!$D$19,"")) -> #N/A | CL4: =IF('Pay App 43'!$H$149=0,NA(),IFERROR('Pay App 43'!F57/'Summary Sheet'!$D$19,"")) -> #N/A | CN4: =IF('Pay App 44'!$H$149=0,NA(),IFERROR('Pay App 44'!F57/'Summary Sheet'!$D$19,"")) -> #N/A | CP4: =IF('Pay App 45'!$H$149=0,NA(),IFERROR('Pay App 45'!F57/'Summary Sheet'!$D$19,"")) -> #N/A | CR4: =IF('Pay App 46'!$H$149=0,NA(),IFERROR('Pay App 46'!F57/'Summary Sheet'!$D$19,"")) -> #N/A | CT4: =IF('Pay App 47'!$H$149=0,NA(),IFERROR('Pay App 47'!F57/'Summary Sheet'!$D$19,"")) -> #N/A | CV4: =IF('Pay App 48'!$H$149=0,NA(),IFERROR('Pay App 48'!F57/'Summary Sheet'!$D$19,"")) -> #N/A | CX4: =IF('Pay App 49'!$H$149=0,NA(),IFERROR('Pay App 49'!F57/'Summary Sheet'!$D$19,"")) -> #N/A | CZ4: =IF('Pay App 50'!$H$149=0,NA(),IFERROR('Pay App 50'!F57/'Summary Sheet'!$D$19,"")) -> #N/A | DB4: =IF('Pay App 51'!$H$149=0,NA(),IFERROR('Pay App 51'!F57/'Summary Sheet'!$D$19,"")) -> #N/A | DD4: =IF('Pay App 52'!$H$149=0,NA(),IFERROR('Pay App 52'!F57/'Summary Sheet'!$D$19,"")) -> #N/A | DF4: =IF('Pay App 53'!$H$149=0,NA(),IFERROR('Pay App 53'!F57/'Summary Sheet'!$D$19,"")) -> #N/A | DH4: =IF('Pay App 54'!$H$149=0,NA(),IFERROR('Pay App 54'!F57/'Summary Sheet'!$D$19,"")) -> #N/A | DJ4: =IF('Pay App 55'!$H$149=0,NA(),IFERROR('Pay App 55'!F57/'Summary Sheet'!$D$19,"")) -> #N/A | DL4: =IF('Pay App 56'!$H$149=0,NA(),IFERROR('Pay App 56'!F57/'Summary Sheet'!$D$19,"")) -> #N/A | DN4: =IF('Pay App 57'!$H$149=0,NA(),IFERROR('Pay App 57'!F57/'Summary Sheet'!$D$19,"")) -> #N/A | DP4: =IF('Pay App 58'!$H$149=0,NA(),IFERROR('Pay App 58'!F57/'Summary Sheet'!$D$19,"")) -> #N/A | DR4: =IF('Pay App 59'!$H$149=0,NA(),IFERROR('Pay App 59'!F57/'Summary Sheet'!$D$19,"")) -> #N/A | DT4: =IF('Pay App 60'!$H$149=0,NA(),IFERROR('Pay App 60'!F57/'Summary Sheet'!$D$19,"")) -> #N/A
B5: ='Pay App 1'!B58 -> 00 02 00 | C5: ='Pay App 1'!C58 -> Preconstruction Services | D5: {=IFERROR(1+(LOOKUP(2,1/(E5:DT5<>""),E5:DT5)-E5)/E5,"")} | E5: =IFERROR('GMP Tracker'!D9/'Summary Sheet'!$D$19,"") | F5: =IF('Pay App 1'!$D$149=0,NA(),IFERROR('Pay App 1'!F58/'Summary Sheet'!$D$19,"")) -> #N/A | H5: =IF('Pay App 2'!$H$149=0,NA(),IFERROR('Pay App 2'!F58/'Summary Sheet'!$D$19,"")) -> #N/A | J5: =IF('Pay App 3'!$H$149=0,NA(),IFERROR('Pay App 3'!F58/'Summary Sheet'!$D$19,"")) -> #N/A | L5: =IF('Pay App 4'!$H$149=0,NA(),IFERROR('Pay App 4'!F58/'Summary Sheet'!$D$19,"")) -> #N/A | N5: =IF('Pay App 5'!$H$149=0,NA(),IFERROR('Pay App 5'!F58/'Summary Sheet'!$D$19,"")) -> #N/A | P5: =IF('Pay App 6'!$H$149=0,NA(),IFERROR('Pay App 6'!F58/'Summary Sheet'!$D$19,"")) -> #N/A | R5: =IF('Pay App 7'!$H$149=0,NA(),IFERROR('Pay App 7'!F58/'Summary Sheet'!$D$19,"")) -> #N/A | T5: =IF('Pay App 8'!$H$149=0,NA(),IFERROR('Pay App 8'!F58/'Summary Sheet'!$D$19,"")) -> #N/A | V5: =IF('Pay App 9'!$H$149=0,NA(),IFERROR('Pay App 9'!F58/'Summary Sheet'!$D$19,"")) -> #N/A | X5: =IF('Pay App 10'!$H$149=0,NA(),IFERROR('Pay App 10'!F58/'Summary Sheet'!$D$19,"")) -> #N/A | Z5: =IF('Pay App 11'!$H$149=0,NA(),IFERROR('Pay App 11'!F58/'Summary Sheet'!$D$19,"")) -> #N/A | AB5: =IF('Pay App 12'!$H$149=0,NA(),IFERROR('Pay App 12'!F58/'Summary Sheet'!$D$19,"")) -> #N/A | AD5: =IF('Pay App 13'!$H$149=0,NA(),IFERROR('Pay App 13'!F58/'Summary Sheet'!$D$19,"")) -> #N/A | AF5: =IF('Pay App 14'!$H$149=0,NA(),IFERROR('Pay App 14'!F58/'Summary Sheet'!$D$19,"")) -> #N/A | AH5: =IF('Pay App 15'!$H$149=0,NA(),IFERROR('Pay App 15'!F58/'Summary Sheet'!$D$19,"")) -> #N/A | AJ5: =IF('Pay App 16'!$H$149=0,NA(),IFERROR('Pay App 16'!F58/'Summary Sheet'!$D$19,"")) -> #N/A | AL5: =IF('Pay App 17'!$H$149=0,NA(),IFERROR('Pay App 17'!F58/'Summary Sheet'!$D$19,"")) -> #N/A | AN5: =IF('Pay App 18'!$H$149=0,NA(),IFERROR('Pay App 18'!F58/'Summary Sheet'!$D$19,"")) -> #N/A | AP5: =IF('Pay App 19'!$H$149=0,NA(),IFERROR('Pay App 19'!F58/'Summary Sheet'!$D$19,"")) -> #N/A | AR5: =IF('Pay App 20'!$H$149=0,NA(),IFERROR('Pay App 20'!F58/'Summary Sheet'!$D$19,"")) -> #N/A | AT5: =IF('Pay App 21'!$H$149=0,NA(),IFERROR('Pay App 21'!F58/'Summary Sheet'!$D$19,"")) -> #N/A | AV5: =IF('Pay App 22'!$H$149=0,NA(),IFERROR('Pay App 22'!F58/'Summary Sheet'!$D$19,"")) -> #N/A | AX5: =IF('Pay App 23'!$H$149=0,NA(),IFERROR('Pay App 23'!F58/'Summary Sheet'!$D$19,"")) -> #N/A | AZ5: =IF('Pay App 24'!$H$149=0,NA(),IFERROR('Pay App 24'!F58/'Summary Sheet'!$D$19,"")) -> #N/A | BB5: =IF('Pay App 25'!$H$149=0,NA(),IFERROR('Pay App 25'!F58/'Summary Sheet'!$D$19,"")) -> #N/A | BD5: =IF('Pay App 26'!$H$149=0,NA(),IFERROR('Pay App 26'!F58/'Summary Sheet'!$D$19,"")) -> #N/A | BF5: =IF('Pay App 27'!$H$149=0,NA(),IFERROR('Pay App 27'!F58/'Summary Sheet'!$D$19,"")) -> #N/A | BH5: =IF('Pay App 28'!$H$149=0,NA(),IFERROR('Pay App 28'!F58/'Summary Sheet'!$D$19,"")) -> #N/A | BJ5: =IF('Pay App 29'!$H$149=0,NA(),IFERROR('Pay App 29'!F58/'Summary Sheet'!$D$19,"")) -> #N/A | BL5: =IF('Pay App 30'!$H$149=0,NA(),IFERROR('Pay App 30'!F58/'Summary Sheet'!$D$19,"")) -> #N/A | BN5: =IF('Pay App 31'!$H$149=0,NA(),IFERROR('Pay App 31'!F58/'Summary Sheet'!$D$19,"")) -> #N/A | BP5: =IF('Pay App 32'!$H$149=0,NA(),IFERROR('Pay App 32'!F58/'Summary Sheet'!$D$19,"")) -> #N/A | BR5: =IF('Pay App 33'!$H$149=0,NA(),IFERROR('Pay App 33'!F58/'Summary Sheet'!$D$19,"")) -> #N/A | BT5: =IF('Pay App 34'!$H$149=0,NA(),IFERROR('Pay App 34'!F58/'Summary Sheet'!$D$19,"")) -> #N/A | BV5: =IF('Pay App 35'!$H$149=0,NA(),IFERROR('Pay App 35'!F58/'Summary Sheet'!$D$19,"")) -> #N/A | BX5: =IF('Pay App 36'!$H$149=0,NA(),IFERROR('Pay App 36'!F58/'Summary Sheet'!$D$19,"")) -> #N/A | BZ5: =IF('Pay App 37'!$H$149=0,NA(),IFERROR('Pay App 37'!F58/'Summary Sheet'!$D$19,"")) -> #N/A | CB5: =IF('Pay App 38'!$H$149=0,NA(),IFERROR('Pay App 38'!F58/'Summary Sheet'!$D$19,"")) -> #N/A | CD5: =IF('Pay App 39'!$H$149=0,NA(),IFERROR('Pay App 39'!F58/'Summary Sheet'!$D$19,"")) -> #N/A | CF5: =IF('Pay App 40'!$H$149=0,NA(),IFERROR('Pay App 40'!F58/'Summary Sheet'!$D$19,"")) -> #N/A | CH5: =IF('Pay App 41'!$H$149=0,NA(),IFERROR('Pay App 41'!F58/'Summary Sheet'!$D$19,"")) -> #N/A | CJ5: =IF('Pay App 42'!$H$149=0,NA(),IFERROR('Pay App 42'!F58/'Summary Sheet'!$D$19,"")) -> #N/A | CL5: =IF('Pay App 43'!$H$149=0,NA(),IFERROR('Pay App 43'!F58/'Summary Sheet'!$D$19,"")) -> #N/A | CN5: =IF('Pay App 44'!$H$149=0,NA(),IFERROR('Pay App 44'!F58/'Summary Sheet'!$D$19,"")) -> #N/A | CP5: =IF('Pay App 45'!$H$149=0,NA(),IFERROR('Pay App 45'!F58/'Summary Sheet'!$D$19,"")) -> #N/A | CR5: =IF('Pay App 46'!$H$149=0,NA(),IFERROR('Pay App 46'!F58/'Summary Sheet'!$D$19,"")) -> #N/A | CT5: =IF('Pay App 47'!$H$149=0,NA(),IFERROR('Pay App 47'!F58/'Summary Sheet'!$D$19,"")) -> #N/A | CV5: =IF('Pay App 48'!$H$149=0,NA(),IFERROR('Pay App 48'!F58/'Summary Sheet'!$D$19,"")) -> #N/A | CX5: =IF('Pay App 49'!$H$149=0,NA(),IFERROR('Pay App 49'!F58/'Summary Sheet'!$D$19,"")) -> #N/A | CZ5: =IF('Pay App 50'!$H$149=0,NA(),IFERROR('Pay App 50'!F58/'Summary Sheet'!$D$19,"")) -> #N/A | DB5: =IF('Pay App 51'!$H$149=0,NA(),IFERROR('Pay App 51'!F58/'Summary Sheet'!$D$19,"")) -> #N/A | DD5: =IF('Pay App 52'!$H$149=0,NA(),IFERROR('Pay App 52'!F58/'Summary Sheet'!$D$19,"")) -> #N/A | DF5: =IF('Pay App 53'!$H$149=0,NA(),IFERROR('Pay App 53'!F58/'Summary Sheet'!$D$19,"")) -> #N/A | DH5: =IF('Pay App 54'!$H$149=0,NA(),IFERROR('Pay App 54'!F58/'Summary Sheet'!$D$19,"")) -> #N/A | DJ5: =IF('Pay App 55'!$H$149=0,NA(),IFERROR('Pay App 55'!F58/'Summary Sheet'!$D$19,"")) -> #N/A | DL5: =IF('Pay App 56'!$H$149=0,NA(),IFERROR('Pay App 56'!F58/'Summary Sheet'!$D$19,"")) -> #N/A | DN5: =IF('Pay App 57'!$H$149=0,NA(),IFERROR('Pay App 57'!F58/'Summary Sheet'!$D$19,"")) -> #N/A | DP5: =IF('Pay App 58'!$H$149=0,NA(),IFERROR('Pay App 58'!F58/'Summary Sheet'!$D$19,"")) -> #N/A | DR5: =IF('Pay App 59'!$H$149=0,NA(),IFERROR('Pay App 59'!F58/'Summary Sheet'!$D$19,"")) -> #N/A | DT5: =IF('Pay App 60'!$H$149=0,NA(),IFERROR('Pay App 60'!F58/'Summary Sheet'!$D$19,"")) -> #N/A
B6: ='Pay App 1'!B59 -> 01 00 00 | C6: ='Pay App 1'!C59 -> General Conditions/Requirements | D6: {=IFERROR(1+(LOOKUP(2,1/(E6:DT6<>""),E6:DT6)-E6)/E6,"")} | E6: =IFERROR('GMP Tracker'!D10/'Summary Sheet'!$D$19,"") | F6: =IF('Pay App 1'!$D$149=0,NA(),IFERROR('Pay App 1'!F59/'Summary Sheet'!$D$19,"")) -> #N/A | H6: =IF('Pay App 2'!$H$149=0,NA(),IFERROR('Pay App 2'!F59/'Summary Sheet'!$D$19,"")) -> #N/A | J6: =IF('Pay App 3'!$H$149=0,NA(),IFERROR('Pay App 3'!F59/'Summary Sheet'!$D$19,"")) -> #N/A | L6: =IF('Pay App 4'!$H$149=0,NA(),IFERROR('Pay App 4'!F59/'Summary Sheet'!$D$19,"")) -> #N/A | N6: =IF('Pay App 5'!$H$149=0,NA(),IFERROR('Pay App 5'!F59/'Summary Sheet'!$D$19,"")) -> #N/A | P6: =IF('Pay App 6'!$H$149=0,NA(),IFERROR('Pay App 6'!F59/'Summary Sheet'!$D$19,"")) -> #N/A | R6: =IF('Pay App 7'!$H$149=0,NA(),IFERROR('Pay App 7'!F59/'Summary Sheet'!$D$19,"")) -> #N/A | T6: =IF('Pay App 8'!$H$149=0,NA(),IFERROR('Pay App 8'!F59/'Summary Sheet'!$D$19,"")) -> #N/A | V6: =IF('Pay App 9'!$H$149=0,NA(),IFERROR('Pay App 9'!F59/'Summary Sheet'!$D$19,"")) -> #N/A | X6: =IF('Pay App 10'!$H$149=0,NA(),IFERROR('Pay App 10'!F59/'Summary Sheet'!$D$19,"")) -> #N/A | Z6: =IF('Pay App 11'!$H$149=0,NA(),IFERROR('Pay App 11'!F59/'Summary Sheet'!$D$19,"")) -> #N/A | AB6: =IF('Pay App 12'!$H$149=0,NA(),IFERROR('Pay App 12'!F59/'Summary Sheet'!$D$19,"")) -> #N/A | AD6: =IF('Pay App 13'!$H$149=0,NA(),IFERROR('Pay App 13'!F59/'Summary Sheet'!$D$19,"")) -> #N/A | AF6: =IF('Pay App 14'!$H$149=0,NA(),IFERROR('Pay App 14'!F59/'Summary Sheet'!$D$19,"")) -> #N/A | AH6: =IF('Pay App 15'!$H$149=0,NA(),IFERROR('Pay App 15'!F59/'Summary Sheet'!$D$19,"")) -> #N/A | AJ6: =IF('Pay App 16'!$H$149=0,NA(),IFERROR('Pay App 16'!F59/'Summary Sheet'!$D$19,"")) -> #N/A | AL6: =IF('Pay App 17'!$H$149=0,NA(),IFERROR('Pay App 17'!F59/'Summary Sheet'!$D$19,"")) -> #N/A | AN6: =IF('Pay App 18'!$H$149=0,NA(),IFERROR('Pay App 18'!F59/'Summary Sheet'!$D$19,"")) -> #N/A | AP6: =IF('Pay App 19'!$H$149=0,NA(),IFERROR('Pay App 19'!F59/'Summary Sheet'!$D$19,"")) -> #N/A | AR6: =IF('Pay App 20'!$H$149=0,NA(),IFERROR('Pay App 20'!F59/'Summary Sheet'!$D$19,"")) -> #N/A | AT6: =IF('Pay App 21'!$H$149=0,NA(),IFERROR('Pay App 21'!F59/'Summary Sheet'!$D$19,"")) -> #N/A | AV6: =IF('Pay App 22'!$H$149=0,NA(),IFERROR('Pay App 22'!F59/'Summary Sheet'!$D$19,"")) -> #N/A | AX6: =IF('Pay App 23'!$H$149=0,NA(),IFERROR('Pay App 23'!F59/'Summary Sheet'!$D$19,"")) -> #N/A | AZ6: =IF('Pay App 24'!$H$149=0,NA(),IFERROR('Pay App 24'!F59/'Summary Sheet'!$D$19,"")) -> #N/A | BB6: =IF('Pay App 25'!$H$149=0,NA(),IFERROR('Pay App 25'!F59/'Summary Sheet'!$D$19,"")) -> #N/A | BD6: =IF('Pay App 26'!$H$149=0,NA(),IFERROR('Pay App 26'!F59/'Summary Sheet'!$D$19,"")) -> #N/A | BF6: =IF('Pay App 27'!$H$149=0,NA(),IFERROR('Pay App 27'!F59/'Summary Sheet'!$D$19,"")) -> #N/A | BH6: =IF('Pay App 28'!$H$149=0,NA(),IFERROR('Pay App 28'!F59/'Summary Sheet'!$D$19,"")) -> #N/A | BJ6: =IF('Pay App 29'!$H$149=0,NA(),IFERROR('Pay App 29'!F59/'Summary Sheet'!$D$19,"")) -> #N/A | BL6: =IF('Pay App 30'!$H$149=0,NA(),IFERROR('Pay App 30'!F59/'Summary Sheet'!$D$19,"")) -> #N/A | BN6: =IF('Pay App 31'!$H$149=0,NA(),IFERROR('Pay App 31'!F59/'Summary Sheet'!$D$19,"")) -> #N/A | BP6: =IF('Pay App 32'!$H$149=0,NA(),IFERROR('Pay App 32'!F59/'Summary Sheet'!$D$19,"")) -> #N/A | BR6: =IF('Pay App 33'!$H$149=0,NA(),IFERROR('Pay App 33'!F59/'Summary Sheet'!$D$19,"")) -> #N/A | BT6: =IF('Pay App 34'!$H$149=0,NA(),IFERROR('Pay App 34'!F59/'Summary Sheet'!$D$19,"")) -> #N/A | BV6: =IF('Pay App 35'!$H$149=0,NA(),IFERROR('Pay App 35'!F59/'Summary Sheet'!$D$19,"")) -> #N/A | BX6: =IF('Pay App 36'!$H$149=0,NA(),IFERROR('Pay App 36'!F59/'Summary Sheet'!$D$19,"")) -> #N/A | BZ6: =IF('Pay App 37'!$H$149=0,NA(),IFERROR('Pay App 37'!F59/'Summary Sheet'!$D$19,"")) -> #N/A | CB6: =IF('Pay App 38'!$H$149=0,NA(),IFERROR('Pay App 38'!F59/'Summary Sheet'!$D$19,"")) -> #N/A | CD6: =IF('Pay App 39'!$H$149=0,NA(),IFERROR('Pay App 39'!F59/'Summary Sheet'!$D$19,"")) -> #N/A | CF6: =IF('Pay App 40'!$H$149=0,NA(),IFERROR('Pay App 40'!F59/'Summary Sheet'!$D$19,"")) -> #N/A | CH6: =IF('Pay App 41'!$H$149=0,NA(),IFERROR('Pay App 41'!F59/'Summary Sheet'!$D$19,"")) -> #N/A | CJ6: =IF('Pay App 42'!$H$149=0,NA(),IFERROR('Pay App 42'!F59/'Summary Sheet'!$D$19,"")) -> #N/A | CL6: =IF('Pay App 43'!$H$149=0,NA(),IFERROR('Pay App 43'!F59/'Summary Sheet'!$D$19,"")) -> #N/A | CN6: =IF('Pay App 44'!$H$149=0,NA(),IFERROR('Pay App 44'!F59/'Summary Sheet'!$D$19,"")) -> #N/A | CP6: =IF('Pay App 45'!$H$149=0,NA(),IFERROR('Pay App 45'!F59/'Summary Sheet'!$D$19,"")) -> #N/A | CR6: =IF('Pay App 46'!$H$149=0,NA(),IFERROR('Pay App 46'!F59/'Summary Sheet'!$D$19,"")) -> #N/A | CT6: =IF('Pay App 47'!$H$149=0,NA(),IFERROR('Pay App 47'!F59/'Summary Sheet'!$D$19,"")) -> #N/A | CV6: =IF('Pay App 48'!$H$149=0,NA(),IFERROR('Pay App 48'!F59/'Summary Sheet'!$D$19,"")) -> #N/A | CX6: =IF('Pay App 49'!$H$149=0,NA(),IFERROR('Pay App 49'!F59/'Summary Sheet'!$D$19,"")) -> #N/A | CZ6: =IF('Pay App 50'!$H$149=0,NA(),IFERROR('Pay App 50'!F59/'Summary Sheet'!$D$19,"")) -> #N/A | DB6: =IF('Pay App 51'!$H$149=0,NA(),IFERROR('Pay App 51'!F59/'Summary Sheet'!$D$19,"")) -> #N/A | DD6: =IF('Pay App 52'!$H$149=0,NA(),IFERROR('Pay App 52'!F59/'Summary Sheet'!$D$19,"")) -> #N/A | DF6: =IF('Pay App 53'!$H$149=0,NA(),IFERROR('Pay App 53'!F59/'Summary Sheet'!$D$19,"")) -> #N/A | DH6: =IF('Pay App 54'!$H$149=0,NA(),IFERROR('Pay App 54'!F59/'Summary Sheet'!$D$19,"")) -> #N/A | DJ6: =IF('Pay App 55'!$H$149=0,NA(),IFERROR('Pay App 55'!F59/'Summary Sheet'!$D$19,"")) -> #N/A | DL6: =IF('Pay App 56'!$H$149=0,NA(),IFERROR('Pay App 56'!F59/'Summary Sheet'!$D$19,"")) -> #N/A | DN6: =IF('Pay App 57'!$H$149=0,NA(),IFERROR('Pay App 57'!F59/'Summary Sheet'!$D$19,"")) -> #N/A | DP6: =IF('Pay App 58'!$H$149=0,NA(),IFERROR('Pay App 58'!F59/'Summary Sheet'!$D$19,"")) -> #N/A | DR6: =IF('Pay App 59'!$H$149=0,NA(),IFERROR('Pay App 59'!F59/'Summary Sheet'!$D$19,"")) -> #N/A | DT6: =IF('Pay App 60'!$H$149=0,NA(),IFERROR('Pay App 60'!F59/'Summary Sheet'!$D$19,"")) -> #N/A
B7: ='Pay App 1'!B60 -> 01 13 41 | C7: ='Pay App 1'!C60 -> Temp. Scaffolding and Platforms | D7: {=IFERROR(1+(LOOKUP(2,1/(E7:DT7<>""),E7:DT7)-E7)/E7,"")} | E7: =IFERROR('GMP Tracker'!D11/'Summary Sheet'!$D$19,"") | F7: =IF('Pay App 1'!$D$149=0,NA(),IFERROR('Pay App 1'!F60/'Summary Sheet'!$D$19,"")) -> #N/A | H7: =IF('Pay App 2'!$H$149=0,NA(),IFERROR('Pay App 2'!F60/'Summary Sheet'!$D$19,"")) -> #N/A | J7: =IF('Pay App 3'!$H$149=0,NA(),IFERROR('Pay App 3'!F60/'Summary Sheet'!$D$19,"")) -> #N/A | L7: =IF('Pay App 4'!$H$149=0,NA(),IFERROR('Pay App 4'!F60/'Summary Sheet'!$D$19,"")) -> #N/A | N7: =IF('Pay App 5'!$H$149=0,NA(),IFERROR('Pay App 5'!F60/'Summary Sheet'!$D$19,"")) -> #N/A | P7: =IF('Pay App 6'!$H$149=0,NA(),IFERROR('Pay App 6'!F60/'Summary Sheet'!$D$19,"")) -> #N/A | R7: =IF('Pay App 7'!$H$149=0,NA(),IFERROR('Pay App 7'!F60/'Summary Sheet'!$D$19,"")) -> #N/A | T7: =IF('Pay App 8'!$H$149=0,NA(),IFERROR('Pay App 8'!F60/'Summary Sheet'!$D$19,"")) -> #N/A | V7: =IF('Pay App 9'!$H$149=0,NA(),IFERROR('Pay App 9'!F60/'Summary Sheet'!$D$19,"")) -> #N/A | X7: =IF('Pay App 10'!$H$149=0,NA(),IFERROR('Pay App 10'!F60/'Summary Sheet'!$D$19,"")) -> #N/A | Z7: =IF('Pay App 11'!$H$149=0,NA(),IFERROR('Pay App 11'!F60/'Summary Sheet'!$D$19,"")) -> #N/A | AB7: =IF('Pay App 12'!$H$149=0,NA(),IFERROR('Pay App 12'!F60/'Summary Sheet'!$D$19,"")) -> #N/A | AD7: =IF('Pay App 13'!$H$149=0,NA(),IFERROR('Pay App 13'!F60/'Summary Sheet'!$D$19,"")) -> #N/A | AF7: =IF('Pay App 14'!$H$149=0,NA(),IFERROR('Pay App 14'!F60/'Summary Sheet'!$D$19,"")) -> #N/A | AH7: =IF('Pay App 15'!$H$149=0,NA(),IFERROR('Pay App 15'!F60/'Summary Sheet'!$D$19,"")) -> #N/A | AJ7: =IF('Pay App 16'!$H$149=0,NA(),IFERROR('Pay App 16'!F60/'Summary Sheet'!$D$19,"")) -> #N/A | AL7: =IF('Pay App 17'!$H$149=0,NA(),IFERROR('Pay App 17'!F60/'Summary Sheet'!$D$19,"")) -> #N/A | AN7: =IF('Pay App 18'!$H$149=0,NA(),IFERROR('Pay App 18'!F60/'Summary Sheet'!$D$19,"")) -> #N/A | AP7: =IF('Pay App 19'!$H$149=0,NA(),IFERROR('Pay App 19'!F60/'Summary Sheet'!$D$19,"")) -> #N/A | AR7: =IF('Pay App 20'!$H$149=0,NA(),IFERROR('Pay App 20'!F60/'Summary Sheet'!$D$19,"")) -> #N/A | AT7: =IF('Pay App 21'!$H$149=0,NA(),IFERROR('Pay App 21'!F60/'Summary Sheet'!$D$19,"")) -> #N/A | AV7: =IF('Pay App 22'!$H$149=0,NA(),IFERROR('Pay App 22'!F60/'Summary Sheet'!$D$19,"")) -> #N/A | AX7: =IF('Pay App 23'!$H$149=0,NA(),IFERROR('Pay App 23'!F60/'Summary Sheet'!$D$19,"")) -> #N/A | AZ7: =IF('Pay App 24'!$H$149=0,NA(),IFERROR('Pay App 24'!F60/'Summary Sheet'!$D$19,"")) -> #N/A | BB7: =IF('Pay App 25'!$H$149=0,NA(),IFERROR('Pay App 25'!F60/'Summary Sheet'!$D$19,"")) -> #N/A | BD7: =IF('Pay App 26'!$H$149=0,NA(),IFERROR('Pay App 26'!F60/'Summary Sheet'!$D$19,"")) -> #N/A | BF7: =IF('Pay App 27'!$H$149=0,NA(),IFERROR('Pay App 27'!F60/'Summary Sheet'!$D$19,"")) -> #N/A | BH7: =IF('Pay App 28'!$H$149=0,NA(),IFERROR('Pay App 28'!F60/'Summary Sheet'!$D$19,"")) -> #N/A | BJ7: =IF('Pay App 29'!$H$149=0,NA(),IFERROR('Pay App 29'!F60/'Summary Sheet'!$D$19,"")) -> #N/A | BL7: =IF('Pay App 30'!$H$149=0,NA(),IFERROR('Pay App 30'!F60/'Summary Sheet'!$D$19,"")) -> #N/A | BN7: =IF('Pay App 31'!$H$149=0,NA(),IFERROR('Pay App 31'!F60/'Summary Sheet'!$D$19,"")) -> #N/A | BP7: =IF('Pay App 32'!$H$149=0,NA(),IFERROR('Pay App 32'!F60/'Summary Sheet'!$D$19,"")) -> #N/A | BR7: =IF('Pay App 33'!$H$149=0,NA(),IFERROR('Pay App 33'!F60/'Summary Sheet'!$D$19,"")) -> #N/A | BT7: =IF('Pay App 34'!$H$149=0,NA(),IFERROR('Pay App 34'!F60/'Summary Sheet'!$D$19,"")) -> #N/A | BV7: =IF('Pay App 35'!$H$149=0,NA(),IFERROR('Pay App 35'!F60/'Summary Sheet'!$D$19,"")) -> #N/A | BX7: =IF('Pay App 36'!$H$149=0,NA(),IFERROR('Pay App 36'!F60/'Summary Sheet'!$D$19,"")) -> #N/A | BZ7: =IF('Pay App 37'!$H$149=0,NA(),IFERROR('Pay App 37'!F60/'Summary Sheet'!$D$19,"")) -> #N/A | CB7: =IF('Pay App 38'!$H$149=0,NA(),IFERROR('Pay App 38'!F60/'Summary Sheet'!$D$19,"")) -> #N/A | CD7: =IF('Pay App 39'!$H$149=0,NA(),IFERROR('Pay App 39'!F60/'Summary Sheet'!$D$19,"")) -> #N/A | CF7: =IF('Pay App 40'!$H$149=0,NA(),IFERROR('Pay App 40'!F60/'Summary Sheet'!$D$19,"")) -> #N/A | CH7: =IF('Pay App 41'!$H$149=0,NA(),IFERROR('Pay App 41'!F60/'Summary Sheet'!$D$19,"")) -> #N/A | CJ7: =IF('Pay App 42'!$H$149=0,NA(),IFERROR('Pay App 42'!F60/'Summary Sheet'!$D$19,"")) -> #N/A | CL7: =IF('Pay App 43'!$H$149=0,NA(),IFERROR('Pay App 43'!F60/'Summary Sheet'!$D$19,"")) -> #N/A | CN7: =IF('Pay App 44'!$H$149=0,NA(),IFERROR('Pay App 44'!F60/'Summary Sheet'!$D$19,"")) -> #N/A | CP7: =IF('Pay App 45'!$H$149=0,NA(),IFERROR('Pay App 45'!F60/'Summary Sheet'!$D$19,"")) -> #N/A | CR7: =IF('Pay App 46'!$H$149=0,NA(),IFERROR('Pay App 46'!F60/'Summary Sheet'!$D$19,"")) -> #N/A | CT7: =IF('Pay App 47'!$H$149=0,NA(),IFERROR('Pay App 47'!F60/'Summary Sheet'!$D$19,"")) -> #N/A | CV7: =IF('Pay App 48'!$H$149=0,NA(),IFERROR('Pay App 48'!F60/'Summary Sheet'!$D$19,"")) -> #N/A | CX7: =IF('Pay App 49'!$H$149=0,NA(),IFERROR('Pay App 49'!F60/'Summary Sheet'!$D$19,"")) -> #N/A | CZ7: =IF('Pay App 50'!$H$149=0,NA(),IFERROR('Pay App 50'!F60/'Summary Sheet'!$D$19,"")) -> #N/A | DB7: =IF('Pay App 51'!$H$149=0,NA(),IFERROR('Pay App 51'!F60/'Summary Sheet'!$D$19,"")) -> #N/A | DD7: =IF('Pay App 52'!$H$149=0,NA(),IFERROR('Pay App 52'!F60/'Summary Sheet'!$D$19,"")) -> #N/A | DF7: =IF('Pay App 53'!$H$149=0,NA(),IFERROR('Pay App 53'!F60/'Summary Sheet'!$D$19,"")) -> #N/A | DH7: =IF('Pay App 54'!$H$149=0,NA(),IFERROR('Pay App 54'!F60/'Summary Sheet'!$D$19,"")) -> #N/A | DJ7: =IF('Pay App 55'!$H$149=0,NA(),IFERROR('Pay App 55'!F60/'Summary Sheet'!$D$19,"")) -> #N/A | DL7: =IF('Pay App 56'!$H$149=0,NA(),IFERROR('Pay App 56'!F60/'Summary Sheet'!$D$19,"")) -> #N/A | DN7: =IF('Pay App 57'!$H$149=0,NA(),IFERROR('Pay App 57'!F60/'Summary Sheet'!$D$19,"")) -> #N/A | DP7: =IF('Pay App 58'!$H$149=0,NA(),IFERROR('Pay App 58'!F60/'Summary Sheet'!$D$19,"")) -> #N/A | DR7: =IF('Pay App 59'!$H$149=0,NA(),IFERROR('Pay App 59'!F60/'Summary Sheet'!$D$19,"")) -> #N/A | DT7: =IF('Pay App 60'!$H$149=0,NA(),IFERROR('Pay App 60'!F60/'Summary Sheet'!$D$19,"")) -> #N/A
B8: ='Pay App 1'!B61 -> 01 13 60 | C8: ='Pay App 1'!C61 -> SWPPP | D8: {=IFERROR(1+(LOOKUP(2,1/(E8:DT8<>""),E8:DT8)-E8)/E8,"")} | E8: =IFERROR('GMP Tracker'!D12/'Summary Sheet'!$D$19,"") | F8: =IF('Pay App 1'!$D$149=0,NA(),IFERROR('Pay App 1'!F61/'Summary Sheet'!$D$19,"")) -> #N/A | H8: =IF('Pay App 2'!$H$149=0,NA(),IFERROR('Pay App 2'!F61/'Summary Sheet'!$D$19,"")) -> #N/A | J8: =IF('Pay App 3'!$H$149=0,NA(),IFERROR('Pay App 3'!F61/'Summary Sheet'!$D$19,"")) -> #N/A | L8: =IF('Pay App 4'!$H$149=0,NA(),IFERROR('Pay App 4'!F61/'Summary Sheet'!$D$19,"")) -> #N/A | N8: =IF('Pay App 5'!$H$149=0,NA(),IFERROR('Pay App 5'!F61/'Summary Sheet'!$D$19,"")) -> #N/A | P8: =IF('Pay App 6'!$H$149=0,NA(),IFERROR('Pay App 6'!F61/'Summary Sheet'!$D$19,"")) -> #N/A | R8: =IF('Pay App 7'!$H$149=0,NA(),IFERROR('Pay App 7'!F61/'Summary Sheet'!$D$19,"")) -> #N/A | T8: =IF('Pay App 8'!$H$149=0,NA(),IFERROR('Pay App 8'!F61/'Summary Sheet'!$D$19,"")) -> #N/A | V8: =IF('Pay App 9'!$H$149=0,NA(),IFERROR('Pay App 9'!F61/'Summary Sheet'!$D$19,"")) -> #N/A | X8: =IF('Pay App 10'!$H$149=0,NA(),IFERROR('Pay App 10'!F61/'Summary Sheet'!$D$19,"")) -> #N/A | Z8: =IF('Pay App 11'!$H$149=0,NA(),IFERROR('Pay App 11'!F61/'Summary Sheet'!$D$19,"")) -> #N/A | AB8: =IF('Pay App 12'!$H$149=0,NA(),IFERROR('Pay App 12'!F61/'Summary Sheet'!$D$19,"")) -> #N/A | AD8: =IF('Pay App 13'!$H$149=0,NA(),IFERROR('Pay App 13'!F61/'Summary Sheet'!$D$19,"")) -> #N/A | AF8: =IF('Pay App 14'!$H$149=0,NA(),IFERROR('Pay App 14'!F61/'Summary Sheet'!$D$19,"")) -> #N/A | AH8: =IF('Pay App 15'!$H$149=0,NA(),IFERROR('Pay App 15'!F61/'Summary Sheet'!$D$19,"")) -> #N/A | AJ8: =IF('Pay App 16'!$H$149=0,NA(),IFERROR('Pay App 16'!F61/'Summary Sheet'!$D$19,"")) -> #N/A | AL8: =IF('Pay App 17'!$H$149=0,NA(),IFERROR('Pay App 17'!F61/'Summary Sheet'!$D$19,"")) -> #N/A | AN8: =IF('Pay App 18'!$H$149=0,NA(),IFERROR('Pay App 18'!F61/'Summary Sheet'!$D$19,"")) -> #N/A | AP8: =IF('Pay App 19'!$H$149=0,NA(),IFERROR('Pay App 19'!F61/'Summary Sheet'!$D$19,"")) -> #N/A | AR8: =IF('Pay App 20'!$H$149=0,NA(),IFERROR('Pay App 20'!F61/'Summary Sheet'!$D$19,"")) -> #N/A | AT8: =IF('Pay App 21'!$H$149=0,NA(),IFERROR('Pay App 21'!F61/'Summary Sheet'!$D$19,"")) -> #N/A | AV8: =IF('Pay App 22'!$H$149=0,NA(),IFERROR('Pay App 22'!F61/'Summary Sheet'!$D$19,"")) -> #N/A | AX8: =IF('Pay App 23'!$H$149=0,NA(),IFERROR('Pay App 23'!F61/'Summary Sheet'!$D$19,"")) -> #N/A | AZ8: =IF('Pay App 24'!$H$149=0,NA(),IFERROR('Pay App 24'!F61/'Summary Sheet'!$D$19,"")) -> #N/A | BB8: =IF('Pay App 25'!$H$149=0,NA(),IFERROR('Pay App 25'!F61/'Summary Sheet'!$D$19,"")) -> #N/A | BD8: =IF('Pay App 26'!$H$149=0,NA(),IFERROR('Pay App 26'!F61/'Summary Sheet'!$D$19,"")) -> #N/A | BF8: =IF('Pay App 27'!$H$149=0,NA(),IFERROR('Pay App 27'!F61/'Summary Sheet'!$D$19,"")) -> #N/A | BH8: =IF('Pay App 28'!$H$149=0,NA(),IFERROR('Pay App 28'!F61/'Summary Sheet'!$D$19,"")) -> #N/A | BJ8: =IF('Pay App 29'!$H$149=0,NA(),IFERROR('Pay App 29'!F61/'Summary Sheet'!$D$19,"")) -> #N/A | BL8: =IF('Pay App 30'!$H$149=0,NA(),IFERROR('Pay App 30'!F61/'Summary Sheet'!$D$19,"")) -> #N/A | BN8: =IF('Pay App 31'!$H$149=0,NA(),IFERROR('Pay App 31'!F61/'Summary Sheet'!$D$19,"")) -> #N/A | BP8: =IF('Pay App 32'!$H$149=0,NA(),IFERROR('Pay App 32'!F61/'Summary Sheet'!$D$19,"")) -> #N/A | BR8: =IF('Pay App 33'!$H$149=0,NA(),IFERROR('Pay App 33'!F61/'Summary Sheet'!$D$19,"")) -> #N/A | BT8: =IF('Pay App 34'!$H$149=0,NA(),IFERROR('Pay App 34'!F61/'Summary Sheet'!$D$19,"")) -> #N/A | BV8: =IF('Pay App 35'!$H$149=0,NA(),IFERROR('Pay App 35'!F61/'Summary Sheet'!$D$19,"")) -> #N/A | BX8: =IF('Pay App 36'!$H$149=0,NA(),IFERROR('Pay App 36'!F61/'Summary Sheet'!$D$19,"")) -> #N/A | BZ8: =IF('Pay App 37'!$H$149=0,NA(),IFERROR('Pay App 37'!F61/'Summary Sheet'!$D$19,"")) -> #N/A | CB8: =IF('Pay App 38'!$H$149=0,NA(),IFERROR('Pay App 38'!F61/'Summary Sheet'!$D$19,"")) -> #N/A | CD8: =IF('Pay App 39'!$H$149=0,NA(),IFERROR('Pay App 39'!F61/'Summary Sheet'!$D$19,"")) -> #N/A | CF8: =IF('Pay App 40'!$H$149=0,NA(),IFERROR('Pay App 40'!F61/'Summary Sheet'!$D$19,"")) -> #N/A | CH8: =IF('Pay App 41'!$H$149=0,NA(),IFERROR('Pay App 41'!F61/'Summary Sheet'!$D$19,"")) -> #N/A | CJ8: =IF('Pay App 42'!$H$149=0,NA(),IFERROR('Pay App 42'!F61/'Summary Sheet'!$D$19,"")) -> #N/A | CL8: =IF('Pay App 43'!$H$149=0,NA(),IFERROR('Pay App 43'!F61/'Summary Sheet'!$D$19,"")) -> #N/A | CN8: =IF('Pay App 44'!$H$149=0,NA(),IFERROR('Pay App 44'!F61/'Summary Sheet'!$D$19,"")) -> #N/A | CP8: =IF('Pay App 45'!$H$149=0,NA(),IFERROR('Pay App 45'!F61/'Summary Sheet'!$D$19,"")) -> #N/A | CR8: =IF('Pay App 46'!$H$149=0,NA(),IFERROR('Pay App 46'!F61/'Summary Sheet'!$D$19,"")) -> #N/A | CT8: =IF('Pay App 47'!$H$149=0,NA(),IFERROR('Pay App 47'!F61/'Summary Sheet'!$D$19,"")) -> #N/A | CV8: =IF('Pay App 48'!$H$149=0,NA(),IFERROR('Pay App 48'!F61/'Summary Sheet'!$D$19,"")) -> #N/A | CX8: =IF('Pay App 49'!$H$149=0,NA(),IFERROR('Pay App 49'!F61/'Summary Sheet'!$D$19,"")) -> #N/A | CZ8: =IF('Pay App 50'!$H$149=0,NA(),IFERROR('Pay App 50'!F61/'Summary Sheet'!$D$19,"")) -> #N/A | DB8: =IF('Pay App 51'!$H$149=0,NA(),IFERROR('Pay App 51'!F61/'Summary Sheet'!$D$19,"")) -> #N/A | DD8: =IF('Pay App 52'!$H$149=0,NA(),IFERROR('Pay App 52'!F61/'Summary Sheet'!$D$19,"")) -> #N/A | DF8: =IF('Pay App 53'!$H$149=0,NA(),IFERROR('Pay App 53'!F61/'Summary Sheet'!$D$19,"")) -> #N/A | DH8: =IF('Pay App 54'!$H$149=0,NA(),IFERROR('Pay App 54'!F61/'Summary Sheet'!$D$19,"")) -> #N/A | DJ8: =IF('Pay App 55'!$H$149=0,NA(),IFERROR('Pay App 55'!F61/'Summary Sheet'!$D$19,"")) -> #N/A | DL8: =IF('Pay App 56'!$H$149=0,NA(),IFERROR('Pay App 56'!F61/'Summary Sheet'!$D$19,"")) -> #N/A | DN8: =IF('Pay App 57'!$H$149=0,NA(),IFERROR('Pay App 57'!F61/'Summary Sheet'!$D$19,"")) -> #N/A | DP8: =IF('Pay App 58'!$H$149=0,NA(),IFERROR('Pay App 58'!F61/'Summary Sheet'!$D$19,"")) -> #N/A | DR8: =IF('Pay App 59'!$H$149=0,NA(),IFERROR('Pay App 59'!F61/'Summary Sheet'!$D$19,"")) -> #N/A | DT8: =IF('Pay App 60'!$H$149=0,NA(),IFERROR('Pay App 60'!F61/'Summary Sheet'!$D$19,"")) -> #N/A
B9: ='Pay App 1'!B62 -> 01 19 70 | C9: ='Pay App 1'!C62 -> Construction Cranes and Hoists | D9: {=IFERROR(1+(LOOKUP(2,1/(E9:DT9<>""),E9:DT9)-E9)/E9,"")} | E9: =IFERROR('GMP Tracker'!D13/'Summary Sheet'!$D$19,"") | F9: =IF('Pay App 1'!$D$149=0,NA(),IFERROR('Pay App 1'!F62/'Summary Sheet'!$D$19,"")) -> #N/A | H9: =IF('Pay App 2'!$H$149=0,NA(),IFERROR('Pay App 2'!F62/'Summary Sheet'!$D$19,"")) -> #N/A | J9: =IF('Pay App 3'!$H$149=0,NA(),IFERROR('Pay App 3'!F62/'Summary Sheet'!$D$19,"")) -> #N/A | L9: =IF('Pay App 4'!$H$149=0,NA(),IFERROR('Pay App 4'!F62/'Summary Sheet'!$D$19,"")) -> #N/A | N9: =IF('Pay App 5'!$H$149=0,NA(),IFERROR('Pay App 5'!F62/'Summary Sheet'!$D$19,"")) -> #N/A | P9: =IF('Pay App 6'!$H$149=0,NA(),IFERROR('Pay App 6'!F62/'Summary Sheet'!$D$19,"")) -> #N/A | R9: =IF('Pay App 7'!$H$149=0,NA(),IFERROR('Pay App 7'!F62/'Summary Sheet'!$D$19,"")) -> #N/A | T9: =IF('Pay App 8'!$H$149=0,NA(),IFERROR('Pay App 8'!F62/'Summary Sheet'!$D$19,"")) -> #N/A | V9: =IF('Pay App 9'!$H$149=0,NA(),IFERROR('Pay App 9'!F62/'Summary Sheet'!$D$19,"")) -> #N/A | X9: =IF('Pay App 10'!$H$149=0,NA(),IFERROR('Pay App 10'!F62/'Summary Sheet'!$D$19,"")) -> #N/A | Z9: =IF('Pay App 11'!$H$149=0,NA(),IFERROR('Pay App 11'!F62/'Summary Sheet'!$D$19,"")) -> #N/A | AB9: =IF('Pay App 12'!$H$149=0,NA(),IFERROR('Pay App 12'!F62/'Summary Sheet'!$D$19,"")) -> #N/A | AD9: =IF('Pay App 13'!$H$149=0,NA(),IFERROR('Pay App 13'!F62/'Summary Sheet'!$D$19,"")) -> #N/A | AF9: =IF('Pay App 14'!$H$149=0,NA(),IFERROR('Pay App 14'!F62/'Summary Sheet'!$D$19,"")) -> #N/A | AH9: =IF('Pay App 15'!$H$149=0,NA(),IFERROR('Pay App 15'!F62/'Summary Sheet'!$D$19,"")) -> #N/A | AJ9: =IF('Pay App 16'!$H$149=0,NA(),IFERROR('Pay App 16'!F62/'Summary Sheet'!$D$19,"")) -> #N/A | AL9: =IF('Pay App 17'!$H$149=0,NA(),IFERROR('Pay App 17'!F62/'Summary Sheet'!$D$19,"")) -> #N/A | AN9: =IF('Pay App 18'!$H$149=0,NA(),IFERROR('Pay App 18'!F62/'Summary Sheet'!$D$19,"")) -> #N/A | AP9: =IF('Pay App 19'!$H$149=0,NA(),IFERROR('Pay App 19'!F62/'Summary Sheet'!$D$19,"")) -> #N/A | AR9: =IF('Pay App 20'!$H$149=0,NA(),IFERROR('Pay App 20'!F62/'Summary Sheet'!$D$19,"")) -> #N/A | AT9: =IF('Pay App 21'!$H$149=0,NA(),IFERROR('Pay App 21'!F62/'Summary Sheet'!$D$19,"")) -> #N/A | AV9: =IF('Pay App 22'!$H$149=0,NA(),IFERROR('Pay App 22'!F62/'Summary Sheet'!$D$19,"")) -> #N/A | AX9: =IF('Pay App 23'!$H$149=0,NA(),IFERROR('Pay App 23'!F62/'Summary Sheet'!$D$19,"")) -> #N/A | AZ9: =IF('Pay App 24'!$H$149=0,NA(),IFERROR('Pay App 24'!F62/'Summary Sheet'!$D$19,"")) -> #N/A | BB9: =IF('Pay App 25'!$H$149=0,NA(),IFERROR('Pay App 25'!F62/'Summary Sheet'!$D$19,"")) -> #N/A | BD9: =IF('Pay App 26'!$H$149=0,NA(),IFERROR('Pay App 26'!F62/'Summary Sheet'!$D$19,"")) -> #N/A | BF9: =IF('Pay App 27'!$H$149=0,NA(),IFERROR('Pay App 27'!F62/'Summary Sheet'!$D$19,"")) -> #N/A | BH9: =IF('Pay App 28'!$H$149=0,NA(),IFERROR('Pay App 28'!F62/'Summary Sheet'!$D$19,"")) -> #N/A | BJ9: =IF('Pay App 29'!$H$149=0,NA(),IFERROR('Pay App 29'!F62/'Summary Sheet'!$D$19,"")) -> #N/A | BL9: =IF('Pay App 30'!$H$149=0,NA(),IFERROR('Pay App 30'!F62/'Summary Sheet'!$D$19,"")) -> #N/A | BN9: =IF('Pay App 31'!$H$149=0,NA(),IFERROR('Pay App 31'!F62/'Summary Sheet'!$D$19,"")) -> #N/A | BP9: =IF('Pay App 32'!$H$149=0,NA(),IFERROR('Pay App 32'!F62/'Summary Sheet'!$D$19,"")) -> #N/A | BR9: =IF('Pay App 33'!$H$149=0,NA(),IFERROR('Pay App 33'!F62/'Summary Sheet'!$D$19,"")) -> #N/A | BT9: =IF('Pay App 34'!$H$149=0,NA(),IFERROR('Pay App 34'!F62/'Summary Sheet'!$D$19,"")) -> #N/A | BV9: =IF('Pay App 35'!$H$149=0,NA(),IFERROR('Pay App 35'!F62/'Summary Sheet'!$D$19,"")) -> #N/A | BX9: =IF('Pay App 36'!$H$149=0,NA(),IFERROR('Pay App 36'!F62/'Summary Sheet'!$D$19,"")) -> #N/A | BZ9: =IF('Pay App 37'!$H$149=0,NA(),IFERROR('Pay App 37'!F62/'Summary Sheet'!$D$19,"")) -> #N/A | CB9: =IF('Pay App 38'!$H$149=0,NA(),IFERROR('Pay App 38'!F62/'Summary Sheet'!$D$19,"")) -> #N/A | CD9: =IF('Pay App 39'!$H$149=0,NA(),IFERROR('Pay App 39'!F62/'Summary Sheet'!$D$19,"")) -> #N/A | CF9: =IF('Pay App 40'!$H$149=0,NA(),IFERROR('Pay App 40'!F62/'Summary Sheet'!$D$19,"")) -> #N/A | CH9: =IF('Pay App 41'!$H$149=0,NA(),IFERROR('Pay App 41'!F62/'Summary Sheet'!$D$19,"")) -> #N/A | CJ9: =IF('Pay App 42'!$H$149=0,NA(),IFERROR('Pay App 42'!F62/'Summary Sheet'!$D$19,"")) -> #N/A | CL9: =IF('Pay App 43'!$H$149=0,NA(),IFERROR('Pay App 43'!F62/'Summary Sheet'!$D$19,"")) -> #N/A | CN9: =IF('Pay App 44'!$H$149=0,NA(),IFERROR('Pay App 44'!F62/'Summary Sheet'!$D$19,"")) -> #N/A | CP9: =IF('Pay App 45'!$H$149=0,NA(),IFERROR('Pay App 45'!F62/'Summary Sheet'!$D$19,"")) -> #N/A | CR9: =IF('Pay App 46'!$H$149=0,NA(),IFERROR('Pay App 46'!F62/'Summary Sheet'!$D$19,"")) -> #N/A | CT9: =IF('Pay App 47'!$H$149=0,NA(),IFERROR('Pay App 47'!F62/'Summary Sheet'!$D$19,"")) -> #N/A | CV9: =IF('Pay App 48'!$H$149=0,NA(),IFERROR('Pay App 48'!F62/'Summary Sheet'!$D$19,"")) -> #N/A | CX9: =IF('Pay App 49'!$H$149=0,NA(),IFERROR('Pay App 49'!F62/'Summary Sheet'!$D$19,"")) -> #N/A | CZ9: =IF('Pay App 50'!$H$149=0,NA(),IFERROR('Pay App 50'!F62/'Summary Sheet'!$D$19,"")) -> #N/A | DB9: =IF('Pay App 51'!$H$149=0,NA(),IFERROR('Pay App 51'!F62/'Summary Sheet'!$D$19,"")) -> #N/A | DD9: =IF('Pay App 52'!$H$149=0,NA(),IFERROR('Pay App 52'!F62/'Summary Sheet'!$D$19,"")) -> #N/A | DF9: =IF('Pay App 53'!$H$149=0,NA(),IFERROR('Pay App 53'!F62/'Summary Sheet'!$D$19,"")) -> #N/A | DH9: =IF('Pay App 54'!$H$149=0,NA(),IFERROR('Pay App 54'!F62/'Summary Sheet'!$D$19,"")) -> #N/A | DJ9: =IF('Pay App 55'!$H$149=0,NA(),IFERROR('Pay App 55'!F62/'Summary Sheet'!$D$19,"")) -> #N/A | DL9: =IF('Pay App 56'!$H$149=0,NA(),IFERROR('Pay App 56'!F62/'Summary Sheet'!$D$19,"")) -> #N/A | DN9: =IF('Pay App 57'!$H$149=0,NA(),IFERROR('Pay App 57'!F62/'Summary Sheet'!$D$19,"")) -> #N/A | DP9: =IF('Pay App 58'!$H$149=0,NA(),IFERROR('Pay App 58'!F62/'Summary Sheet'!$D$19,"")) -> #N/A | DR9: =IF('Pay App 59'!$H$149=0,NA(),IFERROR('Pay App 59'!F62/'Summary Sheet'!$D$19,"")) -> #N/A | DT9: =IF('Pay App 60'!$H$149=0,NA(),IFERROR('Pay App 60'!F62/'Summary Sheet'!$D$19,"")) -> #N/A
B10: ='Pay App 1'!B63 -> 01 31 00 | C10: ='Pay App 1'!C63 -> Contractor's Supervision | D10: {=IFERROR(1+(LOOKUP(2,1/(E10:DT10<>""),E10:DT10)-E10)/E10,"")} | E10: =IFERROR('GMP Tracker'!D14/'Summary Sheet'!$D$19,"") | F10: =IF('Pay App 1'!$D$149=0,NA(),IFERROR('Pay App 1'!F63/'Summary Sheet'!$D$19,"")) -> #N/A | H10: =IF('Pay App 2'!$H$149=0,NA(),IFERROR('Pay App 2'!F63/'Summary Sheet'!$D$19,"")) -> #N/A | J10: =IF('Pay App 3'!$H$149=0,NA(),IFERROR('Pay App 3'!F63/'Summary Sheet'!$D$19,"")) -> #N/A | L10: =IF('Pay App 4'!$H$149=0,NA(),IFERROR('Pay App 4'!F63/'Summary Sheet'!$D$19,"")) -> #N/A | N10: =IF('Pay App 5'!$H$149=0,NA(),IFERROR('Pay App 5'!F63/'Summary Sheet'!$D$19,"")) -> #N/A | P10: =IF('Pay App 6'!$H$149=0,NA(),IFERROR('Pay App 6'!F63/'Summary Sheet'!$D$19,"")) -> #N/A | R10: =IF('Pay App 7'!$H$149=0,NA(),IFERROR('Pay App 7'!F63/'Summary Sheet'!$D$19,"")) -> #N/A | T10: =IF('Pay App 8'!$H$149=0,NA(),IFERROR('Pay App 8'!F63/'Summary Sheet'!$D$19,"")) -> #N/A | V10: =IF('Pay App 9'!$H$149=0,NA(),IFERROR('Pay App 9'!F63/'Summary Sheet'!$D$19,"")) -> #N/A | X10: =IF('Pay App 10'!$H$149=0,NA(),IFERROR('Pay App 10'!F63/'Summary Sheet'!$D$19,"")) -> #N/A | Z10: =IF('Pay App 11'!$H$149=0,NA(),IFERROR('Pay App 11'!F63/'Summary Sheet'!$D$19,"")) -> #N/A | AB10: =IF('Pay App 12'!$H$149=0,NA(),IFERROR('Pay App 12'!F63/'Summary Sheet'!$D$19,"")) -> #N/A | AD10: =IF('Pay App 13'!$H$149=0,NA(),IFERROR('Pay App 13'!F63/'Summary Sheet'!$D$19,"")) -> #N/A | AF10: =IF('Pay App 14'!$H$149=0,NA(),IFERROR('Pay App 14'!F63/'Summary Sheet'!$D$19,"")) -> #N/A | AH10: =IF('Pay App 15'!$H$149=0,NA(),IFERROR('Pay App 15'!F63/'Summary Sheet'!$D$19,"")) -> #N/A | AJ10: =IF('Pay App 16'!$H$149=0,NA(),IFERROR('Pay App 16'!F63/'Summary Sheet'!$D$19,"")) -> #N/A | AL10: =IF('Pay App 17'!$H$149=0,NA(),IFERROR('Pay App 17'!F63/'Summary Sheet'!$D$19,"")) -> #N/A | AN10: =IF('Pay App 18'!$H$149=0,NA(),IFERROR('Pay App 18'!F63/'Summary Sheet'!$D$19,"")) -> #N/A | AP10: =IF('Pay App 19'!$H$149=0,NA(),IFERROR('Pay App 19'!F63/'Summary Sheet'!$D$19,"")) -> #N/A | AR10: =IF('Pay App 20'!$H$149=0,NA(),IFERROR('Pay App 20'!F63/'Summary Sheet'!$D$19,"")) -> #N/A | AT10: =IF('Pay App 21'!$H$149=0,NA(),IFERROR('Pay App 21'!F63/'Summary Sheet'!$D$19,"")) -> #N/A | AV10: =IF('Pay App 22'!$H$149=0,NA(),IFERROR('Pay App 22'!F63/'Summary Sheet'!$D$19,"")) -> #N/A | AX10: =IF('Pay App 23'!$H$149=0,NA(),IFERROR('Pay App 23'!F63/'Summary Sheet'!$D$19,"")) -> #N/A | AZ10: =IF('Pay App 24'!$H$149=0,NA(),IFERROR('Pay App 24'!F63/'Summary Sheet'!$D$19,"")) -> #N/A | BB10: =IF('Pay App 25'!$H$149=0,NA(),IFERROR('Pay App 25'!F63/'Summary Sheet'!$D$19,"")) -> #N/A | BD10: =IF('Pay App 26'!$H$149=0,NA(),IFERROR('Pay App 26'!F63/'Summary Sheet'!$D$19,"")) -> #N/A | BF10: =IF('Pay App 27'!$H$149=0,NA(),IFERROR('Pay App 27'!F63/'Summary Sheet'!$D$19,"")) -> #N/A | BH10: =IF('Pay App 28'!$H$149=0,NA(),IFERROR('Pay App 28'!F63/'Summary Sheet'!$D$19,"")) -> #N/A | BJ10: =IF('Pay App 29'!$H$149=0,NA(),IFERROR('Pay App 29'!F63/'Summary Sheet'!$D$19,"")) -> #N/A | BL10: =IF('Pay App 30'!$H$149=0,NA(),IFERROR('Pay App 30'!F63/'Summary Sheet'!$D$19,"")) -> #N/A | BN10: =IF('Pay App 31'!$H$149=0,NA(),IFERROR('Pay App 31'!F63/'Summary Sheet'!$D$19,"")) -> #N/A | BP10: =IF('Pay App 32'!$H$149=0,NA(),IFERROR('Pay App 32'!F63/'Summary Sheet'!$D$19,"")) -> #N/A | BR10: =IF('Pay App 33'!$H$149=0,NA(),IFERROR('Pay App 33'!F63/'Summary Sheet'!$D$19,"")) -> #N/A | BT10: =IF('Pay App 34'!$H$149=0,NA(),IFERROR('Pay App 34'!F63/'Summary Sheet'!$D$19,"")) -> #N/A | BV10: =IF('Pay App 35'!$H$149=0,NA(),IFERROR('Pay App 35'!F63/'Summary Sheet'!$D$19,"")) -> #N/A | BX10: =IF('Pay App 36'!$H$149=0,NA(),IFERROR('Pay App 36'!F63/'Summary Sheet'!$D$19,"")) -> #N/A | BZ10: =IF('Pay App 37'!$H$149=0,NA(),IFERROR('Pay App 37'!F63/'Summary Sheet'!$D$19,"")) -> #N/A | CB10: =IF('Pay App 38'!$H$149=0,NA(),IFERROR('Pay App 38'!F63/'Summary Sheet'!$D$19,"")) -> #N/A | CD10: =IF('Pay App 39'!$H$149=0,NA(),IFERROR('Pay App 39'!F63/'Summary Sheet'!$D$19,"")) -> #N/A | CF10: =IF('Pay App 40'!$H$149=0,NA(),IFERROR('Pay App 40'!F63/'Summary Sheet'!$D$19,"")) -> #N/A | CH10: =IF('Pay App 41'!$H$149=0,NA(),IFERROR('Pay App 41'!F63/'Summary Sheet'!$D$19,"")) -> #N/A | CJ10: =IF('Pay App 42'!$H$149=0,NA(),IFERROR('Pay App 42'!F63/'Summary Sheet'!$D$19,"")) -> #N/A | CL10: =IF('Pay App 43'!$H$149=0,NA(),IFERROR('Pay App 43'!F63/'Summary Sheet'!$D$19,"")) -> #N/A | CN10: =IF('Pay App 44'!$H$149=0,NA(),IFERROR('Pay App 44'!F63/'Summary Sheet'!$D$19,"")) -> #N/A | CP10: =IF('Pay App 45'!$H$149=0,NA(),IFERROR('Pay App 45'!F63/'Summary Sheet'!$D$19,"")) -> #N/A | CR10: =IF('Pay App 46'!$H$149=0,NA(),IFERROR('Pay App 46'!F63/'Summary Sheet'!$D$19,"")) -> #N/A | CT10: =IF('Pay App 47'!$H$149=0,NA(),IFERROR('Pay App 47'!F63/'Summary Sheet'!$D$19,"")) -> #N/A | CV10: =IF('Pay App 48'!$H$149=0,NA(),IFERROR('Pay App 48'!F63/'Summary Sheet'!$D$19,"")) -> #N/A | CX10: =IF('Pay App 49'!$H$149=0,NA(),IFERROR('Pay App 49'!F63/'Summary Sheet'!$D$19,"")) -> #N/A | CZ10: =IF('Pay App 50'!$H$149=0,NA(),IFERROR('Pay App 50'!F63/'Summary Sheet'!$D$19,"")) -> #N/A | DB10: =IF('Pay App 51'!$H$149=0,NA(),IFERROR('Pay App 51'!F63/'Summary Sheet'!$D$19,"")) -> #N/A | DD10: =IF('Pay App 52'!$H$149=0,NA(),IFERROR('Pay App 52'!F63/'Summary Sheet'!$D$19,"")) -> #N/A | DF10: =IF('Pay App 53'!$H$149=0,NA(),IFERROR('Pay App 53'!F63/'Summary Sheet'!$D$19,"")) -> #N/A | DH10: =IF('Pay App 54'!$H$149=0,NA(),IFERROR('Pay App 54'!F63/'Summary Sheet'!$D$19,"")) -> #N/A | DJ10: =IF('Pay App 55'!$H$149=0,NA(),IFERROR('Pay App 55'!F63/'Summary Sheet'!$D$19,"")) -> #N/A | DL10: =IF('Pay App 56'!$H$149=0,NA(),IFERROR('Pay App 56'!F63/'Summary Sheet'!$D$19,"")) -> #N/A | DN10: =IF('Pay App 57'!$H$149=0,NA(),IFERROR('Pay App 57'!F63/'Summary Sheet'!$D$19,"")) -> #N/A | DP10: =IF('Pay App 58'!$H$149=0,NA(),IFERROR('Pay App 58'!F63/'Summary Sheet'!$D$19,"")) -> #N/A | DR10: =IF('Pay App 59'!$H$149=0,NA(),IFERROR('Pay App 59'!F63/'Summary Sheet'!$D$19,"")) -> #N/A | DT10: =IF('Pay App 60'!$H$149=0,NA(),IFERROR('Pay App 60'!F63/'Summary Sheet'!$D$19,"")) -> #N/A
B11: ='Pay App 1'!B64 -> 01 32 00 | C11: ='Pay App 1'!C64 -> General Liability Insurance | D11: {=IFERROR(1+(LOOKUP(2,1/(E11:DT11<>""),E11:DT11)-E11)/E11,"")} | E11: =IFERROR('GMP Tracker'!D15/'Summary Sheet'!$D$19,"") | F11: =IF('Pay App 1'!$D$149=0,NA(),IFERROR('Pay App 1'!F64/'Summary Sheet'!$D$19,"")) -> #N/A | H11: =IF('Pay App 2'!$H$149=0,NA(),IFERROR('Pay App 2'!F64/'Summary Sheet'!$D$19,"")) -> #N/A | J11: =IF('Pay App 3'!$H$149=0,NA(),IFERROR('Pay App 3'!F64/'Summary Sheet'!$D$19,"")) -> #N/A | L11: =IF('Pay App 4'!$H$149=0,NA(),IFERROR('Pay App 4'!F64/'Summary Sheet'!$D$19,"")) -> #N/A | N11: =IF('Pay App 5'!$H$149=0,NA(),IFERROR('Pay App 5'!F64/'Summary Sheet'!$D$19,"")) -> #N/A | P11: =IF('Pay App 6'!$H$149=0,NA(),IFERROR('Pay App 6'!F64/'Summary Sheet'!$D$19,"")) -> #N/A | R11: =IF('Pay App 7'!$H$149=0,NA(),IFERROR('Pay App 7'!F64/'Summary Sheet'!$D$19,"")) -> #N/A | T11: =IF('Pay App 8'!$H$149=0,NA(),IFERROR('Pay App 8'!F64/'Summary Sheet'!$D$19,"")) -> #N/A | V11: =IF('Pay App 9'!$H$149=0,NA(),IFERROR('Pay App 9'!F64/'Summary Sheet'!$D$19,"")) -> #N/A | X11: =IF('Pay App 10'!$H$149=0,NA(),IFERROR('Pay App 10'!F64/'Summary Sheet'!$D$19,"")) -> #N/A | Z11: =IF('Pay App 11'!$H$149=0,NA(),IFERROR('Pay App 11'!F64/'Summary Sheet'!$D$19,"")) -> #N/A | AB11: =IF('Pay App 12'!$H$149=0,NA(),IFERROR('Pay App 12'!F64/'Summary Sheet'!$D$19,"")) -> #N/A | AD11: =IF('Pay App 13'!$H$149=0,NA(),IFERROR('Pay App 13'!F64/'Summary Sheet'!$D$19,"")) -> #N/A | AF11: =IF('Pay App 14'!$H$149=0,NA(),IFERROR('Pay App 14'!F64/'Summary Sheet'!$D$19,"")) -> #N/A | AH11: =IF('Pay App 15'!$H$149=0,NA(),IFERROR('Pay App 15'!F64/'Summary Sheet'!$D$19,"")) -> #N/A | AJ11: =IF('Pay App 16'!$H$149=0,NA(),IFERROR('Pay App 16'!F64/'Summary Sheet'!$D$19,"")) -> #N/A | AL11: =IF('Pay App 17'!$H$149=0,NA(),IFERROR('Pay App 17'!F64/'Summary Sheet'!$D$19,"")) -> #N/A | AN11: =IF('Pay App 18'!$H$149=0,NA(),IFERROR('Pay App 18'!F64/'Summary Sheet'!$D$19,"")) -> #N/A | AP11: =IF('Pay App 19'!$H$149=0,NA(),IFERROR('Pay App 19'!F64/'Summary Sheet'!$D$19,"")) -> #N/A | AR11: =IF('Pay App 20'!$H$149=0,NA(),IFERROR('Pay App 20'!F64/'Summary Sheet'!$D$19,"")) -> #N/A | AT11: =IF('Pay App 21'!$H$149=0,NA(),IFERROR('Pay App 21'!F64/'Summary Sheet'!$D$19,"")) -> #N/A | AV11: =IF('Pay App 22'!$H$149=0,NA(),IFERROR('Pay App 22'!F64/'Summary Sheet'!$D$19,"")) -> #N/A | AX11: =IF('Pay App 23'!$H$149=0,NA(),IFERROR('Pay App 23'!F64/'Summary Sheet'!$D$19,"")) -> #N/A | AZ11: =IF('Pay App 24'!$H$149=0,NA(),IFERROR('Pay App 24'!F64/'Summary Sheet'!$D$19,"")) -> #N/A | BB11: =IF('Pay App 25'!$H$149=0,NA(),IFERROR('Pay App 25'!F64/'Summary Sheet'!$D$19,"")) -> #N/A | BD11: =IF('Pay App 26'!$H$149=0,NA(),IFERROR('Pay App 26'!F64/'Summary Sheet'!$D$19,"")) -> #N/A | BF11: =IF('Pay App 27'!$H$149=0,NA(),IFERROR('Pay App 27'!F64/'Summary Sheet'!$D$19,"")) -> #N/A | BH11: =IF('Pay App 28'!$H$149=0,NA(),IFERROR('Pay App 28'!F64/'Summary Sheet'!$D$19,"")) -> #N/A | BJ11: =IF('Pay App 29'!$H$149=0,NA(),IFERROR('Pay App 29'!F64/'Summary Sheet'!$D$19,"")) -> #N/A | BL11: =IF('Pay App 30'!$H$149=0,NA(),IFERROR('Pay App 30'!F64/'Summary Sheet'!$D$19,"")) -> #N/A | BN11: =IF('Pay App 31'!$H$149=0,NA(),IFERROR('Pay App 31'!F64/'Summary Sheet'!$D$19,"")) -> #N/A | BP11: =IF('Pay App 32'!$H$149=0,NA(),IFERROR('Pay App 32'!F64/'Summary Sheet'!$D$19,"")) -> #N/A | BR11: =IF('Pay App 33'!$H$149=0,NA(),IFERROR('Pay App 33'!F64/'Summary Sheet'!$D$19,"")) -> #N/A | BT11: =IF('Pay App 34'!$H$149=0,NA(),IFERROR('Pay App 34'!F64/'Summary Sheet'!$D$19,"")) -> #N/A | BV11: =IF('Pay App 35'!$H$149=0,NA(),IFERROR('Pay App 35'!F64/'Summary Sheet'!$D$19,"")) -> #N/A | BX11: =IF('Pay App 36'!$H$149=0,NA(),IFERROR('Pay App 36'!F64/'Summary Sheet'!$D$19,"")) -> #N/A | BZ11: =IF('Pay App 37'!$H$149=0,NA(),IFERROR('Pay App 37'!F64/'Summary Sheet'!$D$19,"")) -> #N/A | CB11: =IF('Pay App 38'!$H$149=0,NA(),IFERROR('Pay App 38'!F64/'Summary Sheet'!$D$19,"")) -> #N/A | CD11: =IF('Pay App 39'!$H$149=0,NA(),IFERROR('Pay App 39'!F64/'Summary Sheet'!$D$19,"")) -> #N/A | CF11: =IF('Pay App 40'!$H$149=0,NA(),IFERROR('Pay App 40'!F64/'Summary Sheet'!$D$19,"")) -> #N/A | CH11: =IF('Pay App 41'!$H$149=0,NA(),IFERROR('Pay App 41'!F64/'Summary Sheet'!$D$19,"")) -> #N/A | CJ11: =IF('Pay App 42'!$H$149=0,NA(),IFERROR('Pay App 42'!F64/'Summary Sheet'!$D$19,"")) -> #N/A | CL11: =IF('Pay App 43'!$H$149=0,NA(),IFERROR('Pay App 43'!F64/'Summary Sheet'!$D$19,"")) -> #N/A | CN11: =IF('Pay App 44'!$H$149=0,NA(),IFERROR('Pay App 44'!F64/'Summary Sheet'!$D$19,"")) -> #N/A | CP11: =IF('Pay App 45'!$H$149=0,NA(),IFERROR('Pay App 45'!F64/'Summary Sheet'!$D$19,"")) -> #N/A | CR11: =IF('Pay App 46'!$H$149=0,NA(),IFERROR('Pay App 46'!F64/'Summary Sheet'!$D$19,"")) -> #N/A | CT11: =IF('Pay App 47'!$H$149=0,NA(),IFERROR('Pay App 47'!F64/'Summary Sheet'!$D$19,"")) -> #N/A | CV11: =IF('Pay App 48'!$H$149=0,NA(),IFERROR('Pay App 48'!F64/'Summary Sheet'!$D$19,"")) -> #N/A | CX11: =IF('Pay App 49'!$H$149=0,NA(),IFERROR('Pay App 49'!F64/'Summary Sheet'!$D$19,"")) -> #N/A | CZ11: =IF('Pay App 50'!$H$149=0,NA(),IFERROR('Pay App 50'!F64/'Summary Sheet'!$D$19,"")) -> #N/A | DB11: =IF('Pay App 51'!$H$149=0,NA(),IFERROR('Pay App 51'!F64/'Summary Sheet'!$D$19,"")) -> #N/A | DD11: =IF('Pay App 52'!$H$149=0,NA(),IFERROR('Pay App 52'!F64/'Summary Sheet'!$D$19,"")) -> #N/A | DF11: =IF('Pay App 53'!$H$149=0,NA(),IFERROR('Pay App 53'!F64/'Summary Sheet'!$D$19,"")) -> #N/A | DH11: =IF('Pay App 54'!$H$149=0,NA(),IFERROR('Pay App 54'!F64/'Summary Sheet'!$D$19,"")) -> #N/A | DJ11: =IF('Pay App 55'!$H$149=0,NA(),IFERROR('Pay App 55'!F64/'Summary Sheet'!$D$19,"")) -> #N/A | DL11: =IF('Pay App 56'!$H$149=0,NA(),IFERROR('Pay App 56'!F64/'Summary Sheet'!$D$19,"")) -> #N/A | DN11: =IF('Pay App 57'!$H$149=0,NA(),IFERROR('Pay App 57'!F64/'Summary Sheet'!$D$19,"")) -> #N/A | DP11: =IF('Pay App 58'!$H$149=0,NA(),IFERROR('Pay App 58'!F64/'Summary Sheet'!$D$19,"")) -> #N/A | DR11: =IF('Pay App 59'!$H$149=0,NA(),IFERROR('Pay App 59'!F64/'Summary Sheet'!$D$19,"")) -> #N/A | DT11: =IF('Pay App 60'!$H$149=0,NA(),IFERROR('Pay App 60'!F64/'Summary Sheet'!$D$19,"")) -> #N/A
B12: ='Pay App 1'!B65 -> 01 33 00 | C12: ='Pay App 1'!C65 -> Performance & Payment Bond | D12: {=IFERROR(1+(LOOKUP(2,1/(E12:DT12<>""),E12:DT12)-E12)/E12,"")} | E12: =IFERROR('GMP Tracker'!D16/'Summary Sheet'!$D$19,"") | F12: =IF('Pay App 1'!$D$149=0,NA(),IFERROR('Pay App 1'!F65/'Summary Sheet'!$D$19,"")) -> #N/A | H12: =IF('Pay App 2'!$H$149=0,NA(),IFERROR('Pay App 2'!F65/'Summary Sheet'!$D$19,"")) -> #N/A | J12: =IF('Pay App 3'!$H$149=0,NA(),IFERROR('Pay App 3'!F65/'Summary Sheet'!$D$19,"")) -> #N/A | L12: =IF('Pay App 4'!$H$149=0,NA(),IFERROR('Pay App 4'!F65/'Summary Sheet'!$D$19,"")) -> #N/A | N12: =IF('Pay App 5'!$H$149=0,NA(),IFERROR('Pay App 5'!F65/'Summary Sheet'!$D$19,"")) -> #N/A | P12: =IF('Pay App 6'!$H$149=0,NA(),IFERROR('Pay App 6'!F65/'Summary Sheet'!$D$19,"")) -> #N/A | R12: =IF('Pay App 7'!$H$149=0,NA(),IFERROR('Pay App 7'!F65/'Summary Sheet'!$D$19,"")) -> #N/A | T12: =IF('Pay App 8'!$H$149=0,NA(),IFERROR('Pay App 8'!F65/'Summary Sheet'!$D$19,"")) -> #N/A | V12: =IF('Pay App 9'!$H$149=0,NA(),IFERROR('Pay App 9'!F65/'Summary Sheet'!$D$19,"")) -> #N/A | X12: =IF('Pay App 10'!$H$149=0,NA(),IFERROR('Pay App 10'!F65/'Summary Sheet'!$D$19,"")) -> #N/A | Z12: =IF('Pay App 11'!$H$149=0,NA(),IFERROR('Pay App 11'!F65/'Summary Sheet'!$D$19,"")) -> #N/A | AB12: =IF('Pay App 12'!$H$149=0,NA(),IFERROR('Pay App 12'!F65/'Summary Sheet'!$D$19,"")) -> #N/A | AD12: =IF('Pay App 13'!$H$149=0,NA(),IFERROR('Pay App 13'!F65/'Summary Sheet'!$D$19,"")) -> #N/A | AF12: =IF('Pay App 14'!$H$149=0,NA(),IFERROR('Pay App 14'!F65/'Summary Sheet'!$D$19,"")) -> #N/A | AH12: =IF('Pay App 15'!$H$149=0,NA(),IFERROR('Pay App 15'!F65/'Summary Sheet'!$D$19,"")) -> #N/A | AJ12: =IF('Pay App 16'!$H$149=0,NA(),IFERROR('Pay App 16'!F65/'Summary Sheet'!$D$19,"")) -> #N/A | AL12: =IF('Pay App 17'!$H$149=0,NA(),IFERROR('Pay App 17'!F65/'Summary Sheet'!$D$19,"")) -> #N/A | AN12: =IF('Pay App 18'!$H$149=0,NA(),IFERROR('Pay App 18'!F65/'Summary Sheet'!$D$19,"")) -> #N/A | AP12: =IF('Pay App 19'!$H$149=0,NA(),IFERROR('Pay App 19'!F65/'Summary Sheet'!$D$19,"")) -> #N/A | AR12: =IF('Pay App 20'!$H$149=0,NA(),IFERROR('Pay App 20'!F65/'Summary Sheet'!$D$19,"")) -> #N/A | AT12: =IF('Pay App 21'!$H$149=0,NA(),IFERROR('Pay App 21'!F65/'Summary Sheet'!$D$19,"")) -> #N/A | AV12: =IF('Pay App 22'!$H$149=0,NA(),IFERROR('Pay App 22'!F65/'Summary Sheet'!$D$19,"")) -> #N/A | AX12: =IF('Pay App 23'!$H$149=0,NA(),IFERROR('Pay App 23'!F65/'Summary Sheet'!$D$19,"")) -> #N/A | AZ12: =IF('Pay App 24'!$H$149=0,NA(),IFERROR('Pay App 24'!F65/'Summary Sheet'!$D$19,"")) -> #N/A | BB12: =IF('Pay App 25'!$H$149=0,NA(),IFERROR('Pay App 25'!F65/'Summary Sheet'!$D$19,"")) -> #N/A | BD12: =IF('Pay App 26'!$H$149=0,NA(),IFERROR('Pay App 26'!F65/'Summary Sheet'!$D$19,"")) -> #N/A | BF12: =IF('Pay App 27'!$H$149=0,NA(),IFERROR('Pay App 27'!F65/'Summary Sheet'!$D$19,"")) -> #N/A | BH12: =IF('Pay App 28'!$H$149=0,NA(),IFERROR('Pay App 28'!F65/'Summary Sheet'!$D$19,"")) -> #N/A | BJ12: =IF('Pay App 29'!$H$149=0,NA(),IFERROR('Pay App 29'!F65/'Summary Sheet'!$D$19,"")) -> #N/A | BL12: =IF('Pay App 30'!$H$149=0,NA(),IFERROR('Pay App 30'!F65/'Summary Sheet'!$D$19,"")) -> #N/A | BN12: =IF('Pay App 31'!$H$149=0,NA(),IFERROR('Pay App 31'!F65/'Summary Sheet'!$D$19,"")) -> #N/A | BP12: =IF('Pay App 32'!$H$149=0,NA(),IFERROR('Pay App 32'!F65/'Summary Sheet'!$D$19,"")) -> #N/A | BR12: =IF('Pay App 33'!$H$149=0,NA(),IFERROR('Pay App 33'!F65/'Summary Sheet'!$D$19,"")) -> #N/A | BT12: =IF('Pay App 34'!$H$149=0,NA(),IFERROR('Pay App 34'!F65/'Summary Sheet'!$D$19,"")) -> #N/A | BV12: =IF('Pay App 35'!$H$149=0,NA(),IFERROR('Pay App 35'!F65/'Summary Sheet'!$D$19,"")) -> #N/A | BX12: =IF('Pay App 36'!$H$149=0,NA(),IFERROR('Pay App 36'!F65/'Summary Sheet'!$D$19,"")) -> #N/A | BZ12: =IF('Pay App 37'!$H$149=0,NA(),IFERROR('Pay App 37'!F65/'Summary Sheet'!$D$19,"")) -> #N/A | CB12: =IF('Pay App 38'!$H$149=0,NA(),IFERROR('Pay App 38'!F65/'Summary Sheet'!$D$19,"")) -> #N/A | CD12: =IF('Pay App 39'!$H$149=0,NA(),IFERROR('Pay App 39'!F65/'Summary Sheet'!$D$19,"")) -> #N/A | CF12: =IF('Pay App 40'!$H$149=0,NA(),IFERROR('Pay App 40'!F65/'Summary Sheet'!$D$19,"")) -> #N/A | CH12: =IF('Pay App 41'!$H$149=0,NA(),IFERROR('Pay App 41'!F65/'Summary Sheet'!$D$19,"")) -> #N/A | CJ12: =IF('Pay App 42'!$H$149=0,NA(),IFERROR('Pay App 42'!F65/'Summary Sheet'!$D$19,"")) -> #N/A | CL12: =IF('Pay App 43'!$H$149=0,NA(),IFERROR('Pay App 43'!F65/'Summary Sheet'!$D$19,"")) -> #N/A | CN12: =IF('Pay App 44'!$H$149=0,NA(),IFERROR('Pay App 44'!F65/'Summary Sheet'!$D$19,"")) -> #N/A | CP12: =IF('Pay App 45'!$H$149=0,NA(),IFERROR('Pay App 45'!F65/'Summary Sheet'!$D$19,"")) -> #N/A | CR12: =IF('Pay App 46'!$H$149=0,NA(),IFERROR('Pay App 46'!F65/'Summary Sheet'!$D$19,"")) -> #N/A | CT12: =IF('Pay App 47'!$H$149=0,NA(),IFERROR('Pay App 47'!F65/'Summary Sheet'!$D$19,"")) -> #N/A | CV12: =IF('Pay App 48'!$H$149=0,NA(),IFERROR('Pay App 48'!F65/'Summary Sheet'!$D$19,"")) -> #N/A | CX12: =IF('Pay App 49'!$H$149=0,NA(),IFERROR('Pay App 49'!F65/'Summary Sheet'!$D$19,"")) -> #N/A | CZ12: =IF('Pay App 50'!$H$149=0,NA(),IFERROR('Pay App 50'!F65/'Summary Sheet'!$D$19,"")) -> #N/A | DB12: =IF('Pay App 51'!$H$149=0,NA(),IFERROR('Pay App 51'!F65/'Summary Sheet'!$D$19,"")) -> #N/A | DD12: =IF('Pay App 52'!$H$149=0,NA(),IFERROR('Pay App 52'!F65/'Summary Sheet'!$D$19,"")) -> #N/A | DF12: =IF('Pay App 53'!$H$149=0,NA(),IFERROR('Pay App 53'!F65/'Summary Sheet'!$D$19,"")) -> #N/A | DH12: =IF('Pay App 54'!$H$149=0,NA(),IFERROR('Pay App 54'!F65/'Summary Sheet'!$D$19,"")) -> #N/A | DJ12: =IF('Pay App 55'!$H$149=0,NA(),IFERROR('Pay App 55'!F65/'Summary Sheet'!$D$19,"")) -> #N/A | DL12: =IF('Pay App 56'!$H$149=0,NA(),IFERROR('Pay App 56'!F65/'Summary Sheet'!$D$19,"")) -> #N/A | DN12: =IF('Pay App 57'!$H$149=0,NA(),IFERROR('Pay App 57'!F65/'Summary Sheet'!$D$19,"")) -> #N/A | DP12: =IF('Pay App 58'!$H$149=0,NA(),IFERROR('Pay App 58'!F65/'Summary Sheet'!$D$19,"")) -> #N/A | DR12: =IF('Pay App 59'!$H$149=0,NA(),IFERROR('Pay App 59'!F65/'Summary Sheet'!$D$19,"")) -> #N/A | DT12: =IF('Pay App 60'!$H$149=0,NA(),IFERROR('Pay App 60'!F65/'Summary Sheet'!$D$19,"")) -> #N/A
B13: ='Pay App 1'!B66 -> 01 34 00 | C13: ='Pay App 1'!C66 -> Subcontractor Default Insurance | D13: {=IFERROR(1+(LOOKUP(2,1/(E13:DT13<>""),E13:DT13)-E13)/E13,"")} | E13: =IFERROR('GMP Tracker'!D17/'Summary Sheet'!$D$19,"") | F13: =IF('Pay App 1'!$D$149=0,NA(),IFERROR('Pay App 1'!F66/'Summary Sheet'!$D$19,"")) -> #N/A | H13: =IF('Pay App 2'!$H$149=0,NA(),IFERROR('Pay App 2'!F66/'Summary Sheet'!$D$19,"")) -> #N/A | J13: =IF('Pay App 3'!$H$149=0,NA(),IFERROR('Pay App 3'!F66/'Summary Sheet'!$D$19,"")) -> #N/A | L13: =IF('Pay App 4'!$H$149=0,NA(),IFERROR('Pay App 4'!F66/'Summary Sheet'!$D$19,"")) -> #N/A | N13: =IF('Pay App 5'!$H$149=0,NA(),IFERROR('Pay App 5'!F66/'Summary Sheet'!$D$19,"")) -> #N/A | P13: =IF('Pay App 6'!$H$149=0,NA(),IFERROR('Pay App 6'!F66/'Summary Sheet'!$D$19,"")) -> #N/A | R13: =IF('Pay App 7'!$H$149=0,NA(),IFERROR('Pay App 7'!F66/'Summary Sheet'!$D$19,"")) -> #N/A | T13: =IF('Pay App 8'!$H$149=0,NA(),IFERROR('Pay App 8'!F66/'Summary Sheet'!$D$19,"")) -> #N/A | V13: =IF('Pay App 9'!$H$149=0,NA(),IFERROR('Pay App 9'!F66/'Summary Sheet'!$D$19,"")) -> #N/A | X13: =IF('Pay App 10'!$H$149=0,NA(),IFERROR('Pay App 10'!F66/'Summary Sheet'!$D$19,"")) -> #N/A | Z13: =IF('Pay App 11'!$H$149=0,NA(),IFERROR('Pay App 11'!F66/'Summary Sheet'!$D$19,"")) -> #N/A | AB13: =IF('Pay App 12'!$H$149=0,NA(),IFERROR('Pay App 12'!F66/'Summary Sheet'!$D$19,"")) -> #N/A | AD13: =IF('Pay App 13'!$H$149=0,NA(),IFERROR('Pay App 13'!F66/'Summary Sheet'!$D$19,"")) -> #N/A | AF13: =IF('Pay App 14'!$H$149=0,NA(),IFERROR('Pay App 14'!F66/'Summary Sheet'!$D$19,"")) -> #N/A | AH13: =IF('Pay App 15'!$H$149=0,NA(),IFERROR('Pay App 15'!F66/'Summary Sheet'!$D$19,"")) -> #N/A | AJ13: =IF('Pay App 16'!$H$149=0,NA(),IFERROR('Pay App 16'!F66/'Summary Sheet'!$D$19,"")) -> #N/A | AL13: =IF('Pay App 17'!$H$149=0,NA(),IFERROR('Pay App 17'!F66/'Summary Sheet'!$D$19,"")) -> #N/A | AN13: =IF('Pay App 18'!$H$149=0,NA(),IFERROR('Pay App 18'!F66/'Summary Sheet'!$D$19,"")) -> #N/A | AP13: =IF('Pay App 19'!$H$149=0,NA(),IFERROR('Pay App 19'!F66/'Summary Sheet'!$D$19,"")) -> #N/A | AR13: =IF('Pay App 20'!$H$149=0,NA(),IFERROR('Pay App 20'!F66/'Summary Sheet'!$D$19,"")) -> #N/A | AT13: =IF('Pay App 21'!$H$149=0,NA(),IFERROR('Pay App 21'!F66/'Summary Sheet'!$D$19,"")) -> #N/A | AV13: =IF('Pay App 22'!$H$149=0,NA(),IFERROR('Pay App 22'!F66/'Summary Sheet'!$D$19,"")) -> #N/A | AX13: =IF('Pay App 23'!$H$149=0,NA(),IFERROR('Pay App 23'!F66/'Summary Sheet'!$D$19,"")) -> #N/A | AZ13: =IF('Pay App 24'!$H$149=0,NA(),IFERROR('Pay App 24'!F66/'Summary Sheet'!$D$19,"")) -> #N/A | BB13: =IF('Pay App 25'!$H$149=0,NA(),IFERROR('Pay App 25'!F66/'Summary Sheet'!$D$19,"")) -> #N/A | BD13: =IF('Pay App 26'!$H$149=0,NA(),IFERROR('Pay App 26'!F66/'Summary Sheet'!$D$19,"")) -> #N/A | BF13: =IF('Pay App 27'!$H$149=0,NA(),IFERROR('Pay App 27'!F66/'Summary Sheet'!$D$19,"")) -> #N/A | BH13: =IF('Pay App 28'!$H$149=0,NA(),IFERROR('Pay App 28'!F66/'Summary Sheet'!$D$19,"")) -> #N/A | BJ13: =IF('Pay App 29'!$H$149=0,NA(),IFERROR('Pay App 29'!F66/'Summary Sheet'!$D$19,"")) -> #N/A | BL13: =IF('Pay App 30'!$H$149=0,NA(),IFERROR('Pay App 30'!F66/'Summary Sheet'!$D$19,"")) -> #N/A | BN13: =IF('Pay App 31'!$H$149=0,NA(),IFERROR('Pay App 31'!F66/'Summary Sheet'!$D$19,"")) -> #N/A | BP13: =IF('Pay App 32'!$H$149=0,NA(),IFERROR('Pay App 32'!F66/'Summary Sheet'!$D$19,"")) -> #N/A | BR13: =IF('Pay App 33'!$H$149=0,NA(),IFERROR('Pay App 33'!F66/'Summary Sheet'!$D$19,"")) -> #N/A | BT13: =IF('Pay App 34'!$H$149=0,NA(),IFERROR('Pay App 34'!F66/'Summary Sheet'!$D$19,"")) -> #N/A | BV13: =IF('Pay App 35'!$H$149=0,NA(),IFERROR('Pay App 35'!F66/'Summary Sheet'!$D$19,"")) -> #N/A | BX13: =IF('Pay App 36'!$H$149=0,NA(),IFERROR('Pay App 36'!F66/'Summary Sheet'!$D$19,"")) -> #N/A | BZ13: =IF('Pay App 37'!$H$149=0,NA(),IFERROR('Pay App 37'!F66/'Summary Sheet'!$D$19,"")) -> #N/A | CB13: =IF('Pay App 38'!$H$149=0,NA(),IFERROR('Pay App 38'!F66/'Summary Sheet'!$D$19,"")) -> #N/A | CD13: =IF('Pay App 39'!$H$149=0,NA(),IFERROR('Pay App 39'!F66/'Summary Sheet'!$D$19,"")) -> #N/A | CF13: =IF('Pay App 40'!$H$149=0,NA(),IFERROR('Pay App 40'!F66/'Summary Sheet'!$D$19,"")) -> #N/A | CH13: =IF('Pay App 41'!$H$149=0,NA(),IFERROR('Pay App 41'!F66/'Summary Sheet'!$D$19,"")) -> #N/A | CJ13: =IF('Pay App 42'!$H$149=0,NA(),IFERROR('Pay App 42'!F66/'Summary Sheet'!$D$19,"")) -> #N/A | CL13: =IF('Pay App 43'!$H$149=0,NA(),IFERROR('Pay App 43'!F66/'Summary Sheet'!$D$19,"")) -> #N/A | CN13: =IF('Pay App 44'!$H$149=0,NA(),IFERROR('Pay App 44'!F66/'Summary Sheet'!$D$19,"")) -> #N/A | CP13: =IF('Pay App 45'!$H$149=0,NA(),IFERROR('Pay App 45'!F66/'Summary Sheet'!$D$19,"")) -> #N/A | CR13: =IF('Pay App 46'!$H$149=0,NA(),IFERROR('Pay App 46'!F66/'Summary Sheet'!$D$19,"")) -> #N/A | CT13: =IF('Pay App 47'!$H$149=0,NA(),IFERROR('Pay App 47'!F66/'Summary Sheet'!$D$19,"")) -> #N/A | CV13: =IF('Pay App 48'!$H$149=0,NA(),IFERROR('Pay App 48'!F66/'Summary Sheet'!$D$19,"")) -> #N/A | CX13: =IF('Pay App 49'!$H$149=0,NA(),IFERROR('Pay App 49'!F66/'Summary Sheet'!$D$19,"")) -> #N/A | CZ13: =IF('Pay App 50'!$H$149=0,NA(),IFERROR('Pay App 50'!F66/'Summary Sheet'!$D$19,"")) -> #N/A | DB13: =IF('Pay App 51'!$H$149=0,NA(),IFERROR('Pay App 51'!F66/'Summary Sheet'!$D$19,"")) -> #N/A | DD13: =IF('Pay App 52'!$H$149=0,NA(),IFERROR('Pay App 52'!F66/'Summary Sheet'!$D$19,"")) -> #N/A | DF13: =IF('Pay App 53'!$H$149=0,NA(),IFERROR('Pay App 53'!F66/'Summary Sheet'!$D$19,"")) -> #N/A | DH13: =IF('Pay App 54'!$H$149=0,NA(),IFERROR('Pay App 54'!F66/'Summary Sheet'!$D$19,"")) -> #N/A | DJ13: =IF('Pay App 55'!$H$149=0,NA(),IFERROR('Pay App 55'!F66/'Summary Sheet'!$D$19,"")) -> #N/A | DL13: =IF('Pay App 56'!$H$149=0,NA(),IFERROR('Pay App 56'!F66/'Summary Sheet'!$D$19,"")) -> #N/A | DN13: =IF('Pay App 57'!$H$149=0,NA(),IFERROR('Pay App 57'!F66/'Summary Sheet'!$D$19,"")) -> #N/A | DP13: =IF('Pay App 58'!$H$149=0,NA(),IFERROR('Pay App 58'!F66/'Summary Sheet'!$D$19,"")) -> #N/A | DR13: =IF('Pay App 59'!$H$149=0,NA(),IFERROR('Pay App 59'!F66/'Summary Sheet'!$D$19,"")) -> #N/A | DT13: =IF('Pay App 60'!$H$149=0,NA(),IFERROR('Pay App 60'!F66/'Summary Sheet'!$D$19,"")) -> #N/A
